Workbook
Name \0: #REF!
Name \0: #REF!
Name \0: #REF!
Name \0: #REF!
Name \0: #REF!
Name \00: #REF!
Name \00: #REF!
Name \00: #REF!
Name \00: #REF!
Name \00: #REF!
Name \a: #REF!
Name \a: #REF!
Name \a: #REF!
Name \a: #REF!
Name \a: #REF!
Name \AA: #REF!
Name \AA: #REF!
Name \AA: #REF!
Name \AA: #REF!
Name \AA: #REF!
Name \b: #REF!
Name \b: #REF!
Name \b: #REF!
Name \b: #REF!
Name \b: #REF!
Name \bb: #REF!
Name \bb: #REF!
Name \bb: #REF!
Name \bb: #REF!
Name \bb: #REF!
Name \E: #REF!
Name \E: #REF!
Name \E: #REF!
Name \E: #REF!
Name \E: #REF!
Name \EE: #REF!
Name \EE: #REF!
Name \EE: #REF!
Name \EE: #REF!
Name \EE: #REF!
Name \f: #REF!
Name \G: #REF!
Name \G: #REF!
Name \G: #REF!
Name \G: #REF!
Name \G: #REF!
Name \G: #REF!
Name \k: #REF!
Name \k: #REF!
Name \k: #REF!
Name \k: #REF!
Name \k: #REF!
Name \k: #REF!
Name \l: #REF!
Name \l: #REF!
Name \l: #REF!
Name \l: #REF!
Name \l: #REF!
Name \l: #REF!
Name \M: #REF!

Sheet PRESUPUESTO PRIMER PROCESO
B1: Formulario 1 - Propuesta económica - Documento tipo de mínima cuantía de obra pública de infraestructura social
B2: Versión: 1 de 21 de agosto de 2025
C5: FORMULARIO 1
C6: PRESUPUESTO OFICIAL
C7: [La Entidad puede utilizar este formulario de detalle del presupuesto oficial para determinar las condiciones bajo las cuales los Proponentes analizarán y presentarán su propuesta económica de forma detallada, sin perjuicio que la Entidad pueda modificarlo o establecer la presentación de la oferta económica con un formulario distinto al indicado.] [El presente Formulario aplica para los Procesos de Contratación que tengan como forma de pago precios unitarios. Tratándose de otras modalidades de pago, la Entidad debe ajustarlo cuando corresponde a: precio global, llave en mano, administración delegada, reembolso de gastos o cualquier otra forma de pago.]
C9: Adicionalmente, cuando el proceso de contratación es estructurado por precios unitarios, la Entidad debe aplicar las notas 1, 2 y 3 del presente formulario y las casillas de "Descripción", "Porcentaje" de la Administración, Imprevisto, Utilidad y total A.I.U. resaltadas en color amarillo. Tratándose de otras modalidades de precio, la Entidad puede o no configurar los mismos aspectos.
C11: Nº | D11: ÍTEM DE PAGO | E11: ESPECIFICACIONES | G11: ADECUACION Y MANTENIMIENTO DE LA INFRAESTRUCTURA DEPORTIVA DEL ESTADIO SANTIAGO DE LAS ATALAYAS DEL MUNICIPIO DE YOPAL - DEPARTAMENTO DE CASANARE. | H11: UND. | I11: CANTIDAD | J11: VALOR UNITARIO | K11: VALOR TOTAL
E12: GENERAL | F12: PARTICULAR
C13: 1. | D13: ADECUACIONES AUDITORIO
C14: 1 | D14: AUDITORIO
C15: 1.1 | D15: 1 | E15: 7510 | G15: Cielo raso en lamina PVC 10 mm (incluye cornisa) | H15: M2 | I15: 275 | J15: =+'APU 1.1'!O66 -> 171280 | K15: =ROUND(I15*J15,0) -> 47102000
C16: 1.2 | D16: 2 | E16: COTIZACION | G16: Aire Piso Techo Midea On/ Off, 60.000 Btu = 5 Toneladas De Refrigeracion Suministro E Instalacion | H16: UND. | I16: 6 | J16: =+'APU 1.2'!O70 -> 22604687 | K16: =ROUND(I16*J16,0) -> 135628122
C17: 1.3 | D17: 3 | E17: 7.636 | G17: Luminaria tipo panel led 60x60 cm, 110 V. Incluye: cable encauchetado 3x16 AWG, clavija de caucho y elementos de fijación. Suministro e instalacion | H17: UND. | I17: 15 | J17: =+'APU 1.3'!O69 -> 194239 | K17: =ROUND(I17*J17,0) -> 2913585
C18: 1.4 | D18: 4 | E18: 7.635 | G18: Luminaria de emergencia tipo led 110V, 2.4W, autonomia minima 90 minutos. Incluye: cable encauchetado 3x16 AWG, clavija de caucho y elementos de fijación. Suministro e instalacion | H18: UND. | I18: 6 | J18: =+'APU 1,4'!O69 -> 183024 | K18: =ROUND(I18*J18,0) -> 1098144
C19: 1.5 | D19: 5 | E19: 6.689 | G19: Ventana aluminio proyectante con vidrio crudo 5mm. Suministro e instal | H19: M2 | I19: =4*0.5*0.5 -> 1 | J19: =+'APU1,5'!O69 -> 284853 | K19: =ROUND(I19*J19,0) -> 284853
C20: 1.6 | D20: 6 | E20: 6.357 | G20: Vidrio incoloro 4 mm. Suministro e instal. | H20: M2 | I20: =(0.8*0.5*2)+(1*0.9*20) -> 18.8 | J20: =+'APU 1,6'!O69 -> 93125 | K20: =ROUND(I20*J20,0) -> 1750750
C21: SUB TOTAL ADECUACION AUDITORIO | K21: =+SUM(K15:K20) -> 188777454
C22: SISTEMA ELECTRICO
C23: 1.7 | D23: 7 | E23: 848 | G23: Replanteo en baja tensión | H23: km | I23: 0.11 | J23: =+'APU 1,7'!O69 -> 1022943 | K23: =ROUND(I23*J23,0) -> 112524
C24: 1.8 | D24: 8 | E24: 7.613 | G24: Cortacircuito termomagnético tripolar de 15-60A, 120/240V, enchufable. Suministro e instalación. | H24: und | I24: 8 | J24: =+'APU 1,8'!O69 -> 218255 | K24: =ROUND(I24*J24,0) -> 1746040
C25: 1.9 | D25: 9 | E25: 7.585 | G25: Canalización ducto conduit PVC DB tipo pesado 2 x 2", zona blanda. Incluye cinta de prevención y arena lavada de río. | H25: m | I25: 98.6 | J25: =+'APU1.9'!O69 -> 54478 | K25: =ROUND(I25*J25,0) -> 5371531
C26: 1.10 | D26: 10 | E26: 1.921 | G26: Salida para interruptor doble, linea decorativa und 134,845.00 incluye: tubo PVC tipo pesado 1/2", cable de cobre, caja plastica 5800, terminales PVC y readecuación de muro | H26: und | I26: 4 | J26: =+'APU 1.10'!$O$69 -> 180692 | K26: =ROUND(I26*J26,0) -> 722768
C27: 1.11 | D27: 11 | E27: 7.64 | G27: Salida para tomacorriente doble con polo a tierra, NEMA 5 15R, incluye: tubo EMT tipo pesado 1/2", cable de cobre aislado THWN 2xNº 12 + 1x12T AWG, caja metálica 5800. Suministro e instalación. | H27: und | I27: 4 | J27: =+'APU 1.11'!O69 -> 381623 | K27: =ROUND(I27*J27,0) -> 1526492
C28: 1.12 | D28: 12 | E28: 7.639 | G28: Salida para iluminación, en tubería metálica tipo conduit EMT 1/2". Incluye: caja metálica semipesado 5800, accesorios de montaje, cable de cobre 3x12 AWG-THHN, Toma monofásica doble con polo a tierra 15A con tapa. | H28: und | I28: 20 | J28: =+'APU1.12'!O69 -> 336446 | K28: =ROUND(I28*J28,0) -> 6728920
C29: 1.13 | D29: 13 | E29: 7.636 | G29: Luminaria tipo panel led 60x60 cm, 110 V. Incluye: cable encauchetado 3x16 AWG, clavija de caucho y elementos de fijación. Suministro e instalación. | H29: und | I29: 20 | J29: =+'APU1.13'!O69 -> 194239 | K29: =ROUND(I29*J29,0) -> 3884780
C30: 1.14 | D30: 14 | E30: 2.26 | G30: Caja de inspección CS-274. | H30: und | I30: 6 | J30: =+'APU 1.14'!O69 -> 1478168 | K30: =ROUND(I30*J30,0) -> 8869008
C31: 1.15 | D31: 15 | E31: 7.571 | G31: Acometida en conductor de aluminio S8000 4x2 AWG THW 600 V 75° +1x8T cobre desnudo AWG. Suministro e instalacion | H31: m | I31: 160 | J31: =+'APU1.15'!O69 -> 52125 | K31: =ROUND(I31*J31,0) -> 8340000
C32: 1.16 | D32: 16 | E32: 7.657 | G32: Varilla de puesta a tierra Copperweld 5/8"x2.4 m para bajantes del sistema de apantallamiento. Incluye: suelo artificial, soldadura exotérmica, cable de cobre desnudo AWG Nº 2. Suministro e instalacion | H32: und | I32: 2 | J32: =+'APU 1.16'!O69 -> 997655 | K32: =ROUND(I32*J32,0) -> 1995310
C33: SUBTOTAL SISTEMA ELECTRICO | K33: =SUM(K23:K32) -> 39297373
C34: TOTAL AUDITORIO | K34: =+K33+K21 -> 228074827
C35: 2 | D35: ADECUACIONES CAMERINOS (ZONA DE ARBITROS)
C37: 2.1 | D37: 1 | E37: 7.51 | G37: Cielo raso en lamina PVC 10 mm (incluye cornisa) | H37: m2 | I37: 25 | J37: =+'APU 2.1'!O69 -> 171280 | K37: =+I37*J37 -> 4282000
C38: 2.2 | D38: 2 | E38: COTIZACION | G38: Grama sintetica tipo monofilamentada 20 mm, tejido tufting, peso 840gr/m2, trafico pesado, sistema de instalación pegado, tela base Polipropileno con protección UV, estructura C-shape. | H38: m2 | I38: 25 | J38: =+'APU 2.2'!O70 -> 210032 | K38: =+I38*J38 -> 5250800
C39: 2.3 | D39: 3 | E39: COTIZACION | G39: Pegante PL285, presentación en cuñetes 4.5 Galones | H39: und | I39: 2 | J39: =+'APU 2.3'!O70 -> 1406665 | K39: =+I39*J39 -> 2813330
C40: 2.4 | D40: 4 | E40: 6.337 | G40: Pintura vinilo interior sobre pañete 3 manos | H40: m2 | I40: 28 | J40: =+'APU 2,4'!O69 -> 25591 | K40: =+I40*J40 -> 716548
C41: SUBTOTAL CAMERINO ARBITROS | K41: =+K37+K38+K39+K40 -> 13062678
C42: DUCHAS CAMERINO ARBITROS
C43: 2.5 | D43: 5 | G43: Ducha conjunto individual tipo cromada con registro full paso de 1/2" | H43: und | I43: 3 | J43: =+'APU 2.5'!O69 -> 162963 | K43: =+I43*J43 -> 488889
C44: 2.6 | D44: 6 | E44: 7.472 | G44: Division baños en acero inoxidable Cal 18. Suministro e Instal. | H44: m2 | I44: 12.25 | J44: =+'APU2.6'!O69 -> 1456979 | K44: =ROUND(I44*J44,0) -> 17847993
C45: 2.7 | D45: 7 | E45: 5.287 | G45: Division para ducha en acrílico y aluminio | H45: m2 | I45: 14.28 | J45: =+'APU 2.7'!O69 -> 226320 | K45: =ROUND(I45*J45,0) -> 3231850 | O45: =SUM(O35:O44) -> 0
C46: 2.8 | D46: 8 | E46: 1361 | G46: Espejo 4 mm. Suministro e instalación | H46: m2 | I46: 2.8 | J46: =+'APU2.8'!O69 -> 89354 | K46: =ROUND(I46*J46,0) -> 250191
C47: 2.9 | D47: 9 | E47: 5.527 | G47: Pulida y brillada de piso granito (incluye: material y maquinaria a todo costo) | H47: m2 | I47: 18 | J47: =+'APU2.9'!O69 -> 25558 | K47: =ROUND(I47*J47,0) -> 460044
C48: 2.10 | D48: 10 | E48: 5.375 | G48: Tuberia presion PVC RDE 9 1/2". Suministro e instal. | H48: m | I48: 4.21 | J48: =+'2.10'!O69 -> 11280 | K48: =ROUND(I48*J48,0) -> 47489
C49: SUBTOTAL DUCHAS ARBITROS | K49: =ROUND(SUM(K43:K48),0) -> 22326456
C50: ADECUACIONES OFICINA COMISARIO
C51: 2.11 | D51: 11 | E51: 7.74 | G51: Mantenimiento de muros, incluye resane, estuco y pintura (3 manos) | H51: M2 | I51: 33.59 | J51: =+'APU2.11'!O69 -> 72168 | K51: =ROUND(+I51*J51,0) -> 2424123
C52: 2.12 | D52: 12 | E52: 8.367 | G52: Luminaria tipo led hermética IP65, 2x18W, 3200 lm, Incluye: cable encauchetado 3x16 AWG, clavija de caucho y elementos de fijación. Suministro e instalacion | H52: UND | I52: 2 | J52: =+'APU 2.12'!O69 -> 195196 | K52: =+I52*J52 -> 390392
C53: 2.13 | D53: 13 | E53: 7.51 | G53: Cielo raso en lamina PVC 7 mm (incluye cornisa) | H53: m2 | I53: 25 | J53: =+'APU 2,13'!O66 -> 171280 | K53: =+I53*J53 -> 4282000
C54: SUBTOTAL ADECUACION OFICINA COMISARIO | K54: =ROUND(SUM(K51:K53),0) -> 7096515
C55: TOTAL ADECUACIONES CAMERINO | K55: =+K54+K49+K41 -> 42485649
C56: 3 | D56: ADECUACIONES BATERIAS DE BAÑOS
C57: BAÑOS EXTERNOS PISO 1 MUJERES
C58: 3.1 | D58: 1 | E58: 55 | G58: Demolicion pañete A= 0.10 | H58: m | I58: 106 | J58: =+'APU3.1'!O69 -> 7398 | K58: =+I58*J58 -> 784188
C59: 3.2 | D59: 2 | E59: 7.512 | G59: Graniplast esgrafiado bajo placa | H59: m2 | I59: 106 | J59: =+'APU 3.2'!O69 -> 58931 | K59: =+I59*J59 -> 6246686 | O59: =ROUND(O29+O45+O57+O51,0) -> 0
C60: 3.3 | D60: 3 | E60: 5.952 | G60: Estuco y vinilo interior 3 manos, filos y dilataciones | H60: m2 | I60: 200 | J60: =+'APU 3.3'!O69 -> 71412 | K60: =+I60*J60 -> 14282400
C61: BAÑOS EXTERNOS PISO 1 HOMBRES
C62: 3.4 | D62: 4 | E62: 55 | G62: Demolicion pañete A= 0.10 | H62: m | I62: 106 | J62: =+'APU3.4'!O69 -> 7398 | K62: =+I62*J62 -> 784188
C63: 3.5 | D63: 5 | E63: 7.512 | G63: Graniplast esgrafiado bajo placa | H63: m2 | I63: 106 | J63: =+'APU3.5'!O69 -> 58931 | K63: =+I63*J63 -> 6246686
C64: 3.6 | D64: 6 | E64: 5.952 | G64: Estuco y vinilo interior 3 manos, filos y dilataciones | H64: m2 | I64: 200 | J64: =+'APU 3.6'!O69 -> 71412 | K64: =+I64*J64 -> 14282400
C65: ADECUACIONES SANITARIAS
C66: 3.7 | D66: 7 | E66: 7.258 | G66: Fluxometro tipo palanca de flujo ajustable para sanitario u orinal. Instalado | H66: UND | I66: 4 | J66: =+'APU 3.7'!O69 -> 1391101 | K66: =ROUND(+I66*J66,0) -> 5564404
C67: 3.8 | D67: 8 | E67: 5.257 | G67: Red suministro CPVC 1/2" | H67: M | I67: 6 | J67: =+'APU 3.8'!O69 -> 19603 | K67: =ROUND(+I67*J67,0) -> 117618
C68: 3.9 | D68: 9 | E68: 1.243 | G68: Ducha o regadera con brazo cromada. Suministro e Instalacion. | H68: UND | I68: 3 | J68: =+'APU3.9'!O69 -> 99383 | K68: =ROUND(+I68*J68,0) -> 298149
C69: 3.10 | D69: 10 | E69: 5.287 | G69: Division para ducha en acrílico y aluminio | H69: M2 | I69: 10.9994 | J69: =+'APU 3.10'!O69 -> 226320 | K69: =ROUND(+I69*J69,0) -> 2489384
C70: 3.11 | D70: 11 | E70: 6335 | G70: Registro ducha paso de bola en Punto hidraulico para ducha incluye griferia und 225,160.00 registro bola de 1/2 en bronce con accesorio sin ducha. Suministro e Instalacion | H70: UND | I70: 3 | J70: =+'APU 3.11'!O69 -> 301714 | K70: =ROUND(+I70*J70,0) -> 905142
C71: 3.12 | D71: 12 | E71: 7.472 | G71: Division baños en acero inoxidable Cal 18. Suministro e Instal. | H71: M2 | I71: 9.17 | J71: =+'APU3.12'!O69 -> 1456979 | K71: =ROUND(+I71*J71,0) -> 13360497
C72: REVISION PUNTOS ELECTRICOS
C73: 3.13 | D73: 13 | E73: 7.633 | G73: Salida para iluminacion en techo, incluye tuberia PVC conduit 1/2", cable de cobre THWN N° 12, accesorios, cajas de paso | H73: und | I73: 34 | J73: =+'APU3.13'!O69 -> 177415 | K73: =+I73*J73 -> 6032110
C74: 3.14 | D74: 14 | E74: 8.367 | G74: Luminaria tipo led hermética IP65, 2x18W, 3200 lm, Incluye: cable encauchetado 3x16 AWG, clavija de caucho y elementos de fijación. Suministro e instalacion | H74: und | I74: 32 | J74: =+'APU3.14'!O69 -> 195196 | K74: =+I74*J74 -> 6246272
C75: TOTAL ADECUACUACIONES SANITARIAS | K75: =ROUND(SUM(K58:K74),0) -> 77640124
C76: 4 | D76: MANTENIMIENTO CUARTO DE BOMBAS
C77: MANTENIMIENTO MAQUINA DE BOMBEO
C78: 4.1 | D78: 1 | F78: COTIZACION | G78: Mantenimiento equipo de presion con bomba de 10 hp y tanque hidroacumulador Hi-press de 500 lts, que incluye: Cambio valvula pie 2", cambio presostato, mantenimiento, mantenimiento electrobomba 10 hp (Cambio rodamientos, cambio sello mecanico, inspeccion bornera de conexion), cambio accesorios conexion entre bomba y tanque, revision tablero de control (Ajuste de conexiones para evitar puntos calientes), drenaje de tanque hidroacumulador, inspeccion de cargador | H78: und | I78: 1 | J78: =+'APU 4.1'!O70 -> 3570000 | K78: =+I78*J78 -> 3570000
C79: 4.2 | D79: 2 | F79: COTIZACION | G79: Mantenimiento de pozo profundo que incluye: Extraccion equipo de bombeo con camion grua, aplicación de quimico desincrustante, lavado con compresor, revision de elementos, instalacion equipo de bombeo y puesta en funcionamiento: No incluye elementos que requieran cambio | H79: und | I79: 1 | J79: =+'APU 4.2'!O70 -> 7933334 | K79: =+I79*J79 -> 7933334
C80: 4.3 | D80: 3 | F80: COTIZACION | G80: Adecuacion tablero de control | H80: und | I80: 1 | J80: =+'APU 4.3'!O70 -> 79334 | K80: =+I80*J80 -> 79334
C81: 4.4 | D81: 4 | F81: COTIZACION | G81: Selector 3 posiciones | H81: und | I81: 1 | J81: =+'APU 4.4'!O70 -> 25002 | K81: =+I81*J81 -> 25002
C82: 4.5 | D82: 5 | F82: COTIZACION | G82: Luz piloto | H82: und | I82: 1 | J82: =+'APU 4.5'!O70 -> 25002 | K82: =+I82*J82 -> 25002
C83: 4.6 | D83: 6 | F83: COTIZACION | G83: Contactor 40 amp | H83: und | I83: 1 | J83: 21668 | K83: =+I83*J83 -> 21668
C84: 4.7 | D84: 7 | F84: COTIZACION | G84: Relee 28-36 amp | H84: und | I84: 1 | J84: =+'APU 4.7'!O70 -> 58310 | K84: =+I84*J84 -> 58310
C85: 4.8 | D85: 8 | F85: COTIZACION | G85: Breaker 63 amp | H85: und | I85: 1 | J85: =+'APU 4.8'!O70 -> 287584 | K85: =+I85*J85 -> 287584
C86: 4.9 | D86: 9 | F86: COTIZACION | G86: Electrosonda | H86: und | I86: 1 | J86: =+'APU3.4.9'!O70 -> 717967 | K86: =+I86*J86 -> 717967
C87: SUBTOTAL MANTENIMIENTO MAQUINA DE BOMBEO | K87: =SUM(K78:K86) -> 12718201
C88: MANTENIMIENTO POZO PROFUNDO
C89: 4.10 | D89: 1 | F89: COTIZACION | G89: Mantenimiento equipo de presion con bomba de 10 hp y tanque hidroacumulador Hi-press de 500 lts, que incluye: Cambio valvula pie 2", cambio presostato, mantenimiento, mantenimiento electrobomba 10 hp (Cambio rodamientos, cambio sello mecanico, inspeccion bornera de conexion), cambio accesorios conexion entre bomba y tanque, revision tablero de control (Ajuste de conexiones para evitar puntos calientes), drenaje de tanque hidroacumulador, inspeccion de cargador | H89: und | I89: 1 | J89: =+'APU 4.10'!O70 -> 3570000 | K89: =+I89*J89 -> 3570000
C90: SUBTOTAL MANTENIMIENTO MAQUINA DE BOMBEO | K90: =+K89 -> 3570000
C91: TOTAL ADECUACION CUARTO DE BOMBAS | K91: =+K87+K90 -> 16288201
C92: 5 | D92: PINTURA ESTRUCTURAS EN CONCRETO COLUMNAS Y VIGAS AEREAS GRADERIAS
C93: 5.1 | D93: 1 | E93: 6157 | G93: Pintura gris basalto para estructuras de concreto. | H93: m2 | I93: 1560.7 | J93: =+'APU5.1'!O69 -> 27176 | K93: =+I93*J93 -> 42413583
C94: TOTAL PINTURA ESTRUCTURAS | K94: =ROUND(SUM(K93:K93),0) -> 42413583
C95: RESANE Y MANTENIMIENTO PLACA ENTREPISO INGRESO AL ESTADIO
C96: 5.2 | D96: 2 | E96: 6.209 | G96: Demolicion pañete bajo placa incluye andamio, con retiro | H96: m2 | I96: 400 | J96: =+'APU5.2'!O69 -> 45609 | K96: =+I96*J96 -> 18243600
C97: 5.3 | D97: 3 | E97: 6.473 | G97: Pañete bajo placa 1:3 | H97: m2 | I97: 400 | J97: =+'APU5.3'!O69 -> 49581 | K97: =+I97*J97 -> 19832400
C98: 5.4 | D98: 4 | E98: 7.512 | G98: Graniplast esgrafiado bajo placa | H98: m2 | I98: 400 | J98: =+'APU5.4'!O69 -> 58931 | K98: =+I98*J98 -> 23572400
C99: TOTAL PINTURA ESTRUCTURAS | K99: =ROUND(K93+K96+K97+K98,2) -> 1.0406198e+08
C100: SUBTOTAL OBRAS | K100: =+K99+K91+K75+K55+K34 -> 4.6855078e+08
C101: 6. SUMINISTRO EQUIPOS DE AUDIO Y VIDEO
C102: 6.1 | D102: 1 | F102: COTIZACION | G102: Telon retractil de proyeccion (264cm x 147cm) | H102: UND. | I102: 1 | J102: =+'APU 6.1'!O70 -> 5000000 | K102: =ROUND(I102*J102,0) -> 5000000
C103: 6.2 | D103: 2 | F103: COTIZACION | G103: Proyector EPSON EX3260 | H103: UND. | I103: 1 | J103: =ROUNDUP(3500000/0.6,0) -> 5833334 | K103: =ROUND(I103*J103,0) -> 5833334
C104: 6.3 | D104: 3 | F104: COTIZACION | G104: Microfono inalambrico Sistema UHV-1422MHL PRO DJ inalámbrico (Incluye: 1 microfono de mano y 1 de mano o solapa) | H104: UND. | I104: 2 | J104: =+'APU 6.3'!O70 -> 1550000 | K104: =ROUND(I104*J104,0) -> 3100000 | N104: https://superaudio.com.co/producto/uhv-1422mhl-pro-dj/ | O104: https://sonomarcas.com/products/microfono-inalambrico-doble-de-mano-y-solapa-vento-wm232
C105: 6.4 | D105: 4 | F105: COTIZACION | G105: Consola de mezclas o Mixer de 12 canales (Con Conexion Bluetooth, USB y/o entrada auxiliar). | H105: UND. | I105: 1 | J105: =+'6.4'!O70 -> 2750000 | K105: =ROUND(I105*J105,0) -> 2750000 | N105: https://sonomarcas.com/products/consola-de-audio-pasiva-12-canales-con-efectos-vento-mix12fx-ii
...

Sheet LISTA INSUMO
C2: LISTA DE PRECIOS BÁSICOS DE MATERIALES E INSUMOS
C3: =+'PRESUPUESTO PRIMER PROCESO'!G11 -> ADECUACION Y MANTENIMIENTO DE LA INFRAESTRUCTURA DEPORTIVA DEL ESTADIO SANTIAGO DE LAS ATALAYAS DEL MUNICIPIO DE YOPAL - DEPARTAMENTO DE CASANARE.
C6: MATERIALES | H6: OBSERVACIONES
A7: N° | C7: N° | D7: INSUMO | E7: UNIDAD | F7: VR. UNIT
A8: 1 | D8: Durmiente - abarco 4 x 4 | E8: m | F8: 3111
A9: 2 | D9: Puntilla con cabeza 2" | E9: lb | F9: 4992
A10: 10 | D10: Alambre Negro No 18 o 17 | E10: kg | F10: 8386
A11: 11 | D11: Concreto 3000 Psi 210 Kg/cm2 (Basico, 5% desperdicio) | E11: m³ | F11: =#REF! -> #REF! | H11: ANIDADO | I11: A3
A12: 13 | D12: Tabla chapa ordinario 0.10 | E12: m | F12: 6583
A13: 1301 | D13: Tabla chapa ordinario 0.20 | E13: m | F13: 4333
A14: 1401 | D14: Bordillo prefabricado 0.20 x 0.80m x 0.10 m | E14: und | F14: 14964
A15: 15 | D15: Mortero 1:4 (desperdicio 5%) | E15: m³ | F15: =#REF! -> #REF! | H15: ANIDADO | I15: A9
A16: 17 | D16: Durmiente - ordinario 5 x 5 | E16: m | F16: 2078 | N16: =+J16/1.19 -> 0
A17: 18 | D17: Tabla chapa ordinario 0.30 | E17: m | F17: 5785
A18: 19 | D18: Vara de clavo 3M -1 | E18: m | F18: 3500
A19: 20 | D19: Repisa Ordinario 3 m | E19: m | F19: 4388
A20: 25 | D20: Sikaflex-401 Pavement SL cartucho 300 ml | E20: und | F20: 52919
A21: 27 | D21: Acero de Refuerzo Grado 60 | E21: kg | F21: =#REF! -> #REF! | H21: ANIDADO | I21: A8
A22: 2701 | D22: Acero ASTM - A1011 G 50 | E22: kg | F22: 8623
A23: 2702 | D23: Acero de refuerzo 37000 Psi | E23: kg | F23: 6360
A24: 2703 | D24: Acero de refuerzo 60000 Psi | E24: kg | F24: 6237
A25: 28 | D25: Durmiente ordinario 4 x 4 x 3.0 m | E25: m | F25: 2194
A26: 32 | D26: Soldadura electrosoldada 7018 de 1/8" | E26: kg | F26: 19312
A27: 33 | D27: Hoja Segueta | E27: und | F27: 4355
A28: 34 | D28: Malla electrosoldada Q-5 o M-188 (2.35 x 6m) | E28: m² | F28: 22219
A29: 40 | D29: Anticorrosivo gris/blanco/rojo | E29: gal | F29: 59292
A30: 43 | D30: Soldadura electrosoldada 6013 de 1/8" | E30: kg | F30: 16937
A31: 46 | D31: Lamina HR 1/4" | E31: m² | F31: 367428
A32: 47 | D32: Tornillo Ø= 5/8" x 2" G-8 R.O. Con T. A. | E32: und | F32: 5200
A33: 56 | D33: Acero ASTM - A500 C | E33: kg | F33: 8995
... A44: 80 | D44: Sika 1 imp. integral | E44: kg | F44: 16577
A45: 81 | D45: Filos y dilataciones 1:4 | E45: m | H45: ANIDADO
A46: 82 | D46: Estuco plastico | E46: gal | F46: 16993
A47: 83 | D47: Vinilo tipo viniltex interior tipo 1 de alta calidad | E47: gal | F47: 55444
A48: 84 | D48: Baldosa grano de mármol 30*30 / 33*33 blanco | E48: m² | F48: 60031
A49: 85 | D49: Boquilla lista junta normal | E49: kg | F49: 5013
A50: 86 | D50: Pulida y brillada de piso granito (incluye: material y maquinaria a todo costo) | E50: m² | H50: ANIDADO
A51: 87 | D51: Guardaescoba grano de marmol 7.2 x 30 | E51: m | F51: 11454.33
A52: 88 | D52: Boquilla lista junta estrecha | E52: kg | F52: 4791.67
A53: 89 | D53: Pegacor blanco adhesivo cerámico | E53: kg | F53: 1461.67
A54: 90 | D54: Ceramica duropiso o cantera 33.8 x 33.8 o 51 x 51 | E54: m² | F54: 29463
A55: 91 | D55: Sum e ins recubrimiento sintetico Truflex a todo costo, incluye Imprimación, sello de juntas, demarcación y proteccion acrilica | E55: und | F55: 49133
A56: 92 | D56: Piso granulado espesor 6 cm, base SBR 5 cm, terminado 1 cm Full color EPDM | E56: m² | F56: 347804
A57: 93 | D57: Clavo Drywall 1" corto (perno) | E57: und | F57: 75
A58: 94 | D58: Cordon de respaldo Sika road 16mm | E58: m | F58: 3296
A59: 95 | D59: Koraza Vinilo exterior | E59: gal | F59: 64951
A60: 96 | D60: Lamina superboard de 8 mm 1.22*2.44m | E60: und | F60: 58196
A61: 97 | D61: Masilla acrilica para exteriores x 5 gal | E61: und | F61: 94467
A62: 98 | D62: Paral B9 2.44 Cal. 24 | E62: und | F62: 13944
A63: 99 | D63: Perfil Canal base 90 2.44 Cal. 24 | E63: und | F63: 10444
A64: 100 | D64: Granito pulido travertino peruano No 2, para enchape mesón A=0.45 m | E64: m | F64: 83652 | H64: ANIDADO
A65: 101 | D65: Tabla burra ordinario 0.30 | E65: m | F65: 6483
A66: 1011 | D66: Tabla burra ordinario 0.25 | E66: m | F66: 5785
A67: 1012 | D67: Estaca de madera h=0.50-0.60m * A= 4-5 cm | E67: und | F67: 773
A68: 1013 | D68: Cinta de Señalizacion - peligro no pase - | E68: m | F68: 60
A69: 102 | D69: Puerta chapada en aluminio y vidrio 4 mm parte superior incluye chapa | E69: m² | F69: 342283
A70: 103 | D70: Vidrio bronce 4 mm | E70: m² | F70: 38000
A71: 104 | D71: Bisagra acero inoxi 3" tipo mariposa o similar | E71: und | F71: 10702
A72: 105 | D72: Instalacion carpinteria metalica con mortero 1:4 | E72: m² | F72: 26408 | H72: ANIDADO
A73: 106 | D73: Lamina cold rolled cal 18 (2.44 m x 1.22 m) | E73: und | F73: 218460
A74: 107 | D74: Marco puerta en lamina cold rolled cal. 18, de 0.80 x 2.10 m. Ancho marco 14 - 15 cm. Suministro e instal. | E74: und | F74: 232425 | H74: ANIDADO
A75: 108 | D75: Esmalte sobre lamina llena (incluye anticorrosivo) | E75: m² | F75: 18406.2 | H75: ANIDADO
A76: 1081 | D76: Esmalte brillante tipo pintulux de Pintuco o similar | E76: gal | F76: 78829
A77: 109 | D77: Esmalte mate supersintético de 1a calidad tipo Pintuco o similar | E77: gal | F77: 83686
A78: 10901 | D78: Kit Silla Tee 8*6 (200 x 160) (Incl. Hidros. y Abrazaderas) | E78: und | F78: 144944
A79: 110 | D79: Ventana aluminio corrediza con vidrio templado 5 mm | E79: m² | F79: 210000
A80: 111 | D80: Ventana aluminio tipo persiana fija instalada | E80: m² | F80: 233333
A81: 112 | D81: Divisiones sanitarias a piso 1600 - acero inoxidable Cal 18 | E81: m² | F81: 550000
A82: 113 | D82: Baranda en acero inoxidable 1 hilo Ø 2" + 3 hilos de Ø 2" h prom 0.80 m cal 18. Incluye soportes y anclajes a todo costo instalada | E82: m | F82: 630000
A83: 114 | D83: Angulo o perfil 1" x 1" x 1/8" | E83: m | F83: 5484
A84: 115 | D84: Tubo cerramiento galvanizado 2"x 1.5 mm con brazo portapuas (Cerramientos - incluye pie de amigo esquinas e intermedios) | E84: m | H84: ANIDADO
A85: 116 | D85: Cemento blanco | E85: kg | F85: 1329
A86: 117 | D86: Griferia lavamanos mezclador 4"cromada tipo cruceta ref aluvia o similar (incluye acoples, kit desagüe y válvula reguladora plástica) | E86: und | F86: 100947.5
A87: 118 | D87: Lavamanos sobreponer blanco marsella o similar | E87: und | F87: 156150
A88: 119 | D88: Lavamanos de colgar milano blanco de Corona o similar | E88: und | F88: 70100
A89: 120 | D89: Orinal infantil con grifería tipo push | E89: und | F89: 255700
A90: 121 | D90: Espejo cristal 5 mm | E90: m² | F90: 95000
A91: 122 | D91: Sanitario acuacer blanco dos piezas incl griferia + asiento | E91: und | F91: 192500
A92: 123 | D92: Sanitario blanco tipo Quadrato plus de Corona | E92: und | F92: 326200
A93: 124 | D93: barra de seguridad de anclar a la pared, abatible en acero inoxidable, diametro 1 1/4", con porta rollo | E93: und | F93: 545000
A94: 125 | D94: barra de seguridad en acero inoxidable de 36" con escudos tornillos ocultos, diámetro 1 1/4" | E94: und | F94: 177500
A95: 126 | D95: barra de seguridad en "L", en acero inoxidable, con tres puntos de apoyo con escudos tornillos ocultos, diámetro 1 1/4". dimensiones: ancho 0.532 m, alto 0.732 m, prof 0.091 m | E95: und | F95: 325000
A96: 127 | D96: Conjunto griferia mezclador lavaplatos 8" + acoples + kit de desague completo | E96: und | F96: 104900
... A116: 147 | D116: Regadera cascada conjunto | E116: und | F116: 35000
A117: 148 | D117: Conexion y distribucion tanque elevado PVC de 1/2" y 1", accesorios completos | E117: und | H117: ANIDADO
A118: 149 | D118: Tanque plástico 2000 lt | E118: und | F118: 566877
A119: 150 | D119: Excavacion a mano en material comun, con transporte. | E119: m³ | H119: ANIDADO | I119: REVISAR
A120: 151 | D120: Ladrillo tolete comun | E120: und | F120: 657
A121: 152 | D121: Marco para caja de inspeccion sencilla MT y BT 1305 x 805 mm x 2 1/2" | E121: und | F121: =#REF! -> #REF! | H121: ANIDADO 14
A122: 153 | D122: Tapa para caja de inspeccion sencilla MT y BT 1300 x 800 x 110 mm | E122: und | F122: =#REF! -> #REF! | H122: ANIDADO 15
A123: 154 | D123: Geotextil No Tejido 1600 | E123: m² | F123: 3565
A124: 155 | D124: Tuberia de drenaje PVC 160 mm 6" con filtro | E124: m | F124: 54462
A125: 156 | D125: Geotextil No Tejido 2000 | E125: m² | F125: 5591
A126: 157 | D126: Codo sanitario 90° 1/4 C x C PVC 2" | E126: und | F126: 3425
A127: 158 | D127: Tee Sanitaria PVC 2 " | E127: und | F127: 6974
A128: 159 | D128: Tubo PVC sanitario de 2" | E128: m | F128: 12497
A129: 160 | D129: Codo sanitario 45°-1/8 C x C PVC 4" | E129: und | F129: 18013
A130: 161 | D130: Codo sanitario 90° 1/4 C x C PVC 3" | E130: und | F130: 7932
A131: 162 | D131: Sifon Sanitario 3" 135° C x E | E131: und | F131: 13444
A132: 163 | D132: Tubo PVC sanitario de 3" | E132: m | F132: 22584
...

Sheet AIU
B2: PROYECTO | E2: =+'PRESUPUESTO PRIMER PROCESO'!G11 -> ADECUACION Y MANTENIMIENTO DE LA INFRAESTRUCTURA DEPORTIVA DEL ESTADIO SANTIAGO DE LAS ATALAYAS DEL MUNICIPIO DE YOPAL - DEPARTAMENTO DE CASANARE.
B6: ANALISIS DEL A.I.U DE REFERENCIA
B8: DESCRIPCION | F8: % PARCIAL | G8: % SUBTOTAL
B9: 1 | C9: ADMINISTRACION
C11: A. | D11: ADM. CENTRAL | F11: =SUM(F12:F15) -> 0.0134
D12: 1 | E12: Sueldos y prestaciones de la direccion (profesionales, administrativos y tecnicos) | F12: 0.0121
D13: 2 | E13: Gastos de Oficina (arriendos, dotacion, papeleria, copias, servicios publicos, comunicaciones) | F13: 0.0003
D14: 3 | E14: Transporte | F14: 0.001
C16: B. | D16: ADM. DE LA OBRA | F16: =SUM(F17:F23) -> 0.0437 | N16: =+J16/1.19 -> 0
D17: 1 | E17: Sueldos y prestaciones del personal vinculado diretamente a la obra. (Residente, administracion, tecnico, Inspectores, oficinistas, conductores, contador, almacenista, conseerge, otros.) | F17: 0.0285
D18: 2 | E18: Instalaciones para empleados y obreros (oficinas, laboratorios, talleres, servicios medicos, comedores, dormitorios, otros.) | F18: 0.001
D19: 3 | E19: Gastos de Oficina y Campamento (Valla, dotaciones, servicios publicos, comunicaciones, papeleria, copias, otros) | F19: 0.0001
D20: 4 | E20: Equipo completo de Topografia (incluye transito, nivel, y elementos complementarios) y Comision de Topografia (Topografo y 2 Cadeneros) | F20: 0.0111
D21: 5 | E21: Equipo de laboratorios (Incluye laboratorista- inspector) | F21: 0.0015
D22: 6 | E22: Transporte | F22: 0.0015
C24: C. | D24: GASTOS LEGALES , JURIDICOS Y TRIBUTARIOS | F24: =19.79%+1.5% -> 0.2129
E25: TOTAL ADMINISTRACION (A) | G25: =F11+F16+F24 -> 0.27 | I25: 0.2551
B26: 2 | C26: IMPREVISTOS
E28: TOTAL IMPREVISTOS (I) | G28: 0.02 | I28: 0.02
B29: 3 | C29: UTILIDAD
E31: TOTAL UTILIDAD (U) | G31: 0.05 | I31: 0.05
B33: TOTAL A.I.U. | G33: =+G25+G28+G31 -> 0.34

Sheet APU 1.1
B1: Formulario 1 - Propuesta económica - Documento tipo de mínima cuantía de obra pública de infraestructura social
B2: Versión: 1 de 21 de agosto de 2025
C5: [La entidad podrá utilizar este formato para la presentación de los análisis de Precios Unitarios del Contratista en la oportunidad prevista en el numeral 8.2. de la invitación]
E7: INDERCAS
E9: =+'PRESUPUESTO PRIMER PROCESO'!G11 -> ADECUACION Y MANTENIMIENTO DE LA INFRAESTRUCTURA DEPORTIVA DEL ESTADIO SANTIAGO DE LAS ATALAYAS DEL MUNICIPIO DE YOPAL - DEPARTAMENTO DE CASANARE. | L9: VERSIÓN
L11: PÁGINA | M11: 1 | N11: DE | O11: 1
E13: ANALISIS DE PRECIOS UNITARIOS
L15: FECHA | M15: DD | N15: MM | O15: AA
M16: 18 | N16: 8 | O16: 2026
C19: DATOS ESPECÍFICOS
C20: ÍTEM | D20: DESCRIPCIÓN | M20: UNIDAD | O20: CANTIDAD
C21: =+'PRESUPUESTO PRIMER PROCESO'!C15 -> 1.1 | D21: =+'PRESUPUESTO PRIMER PROCESO'!G15 -> Cielo raso en lamina PVC 10 mm (incluye cornisa) | M21: =+'PRESUPUESTO PRIMER PROCESO'!H15 -> M2 | O21: =+'PRESUPUESTO PRIMER PROCESO'!I15 -> 275
C22: I. EQUIPO
C25: DESCRIPCIÓN | H25: MARCA | J25: TIPO | L25: TARIFA/HORA | M25: RENDIMIENTO | O25: Vr. UNITARIO
C26: Herramienta menor 10% M.O. DD | H26: N/A | J26: Eqp | L26: 5136 | M26: 1.1 | O26: =ROUND(L26*M26,0) -> 5650
C29: SUBTOTAL $ | O29: =SUM(O26:O28) -> 5650
C30: II. MATERIALES
C33: DESCRIPCIÓN | K33: UNIDAD | L33: CANTIDAD | M33: PRECIO UNIT. | O33: Vr. UNITARIO
C34: Angulo 25 x 25 mm Cal 26 de 2.44 m | K34: und | L34: 0.42 | M34: 3165 | O34: =ROUND(L34*M34,0) -> 1329
C35: Canal o vigueta 38 x 20 cal. 26 de 2.44 m | K35: und | L35: 0.56 | M35: 4562 | O35: =ROUND(L35*M35,0) -> 2555
C36: Corniza blanca PVC 3.0 m | K36: und | L36: 0.25 | M36: 15828 | O36: =ROUND(L36*M36,0) -> 3957
C37: Lamina PVC 10 mm ancho 25 - 30 cm | K37: m2 | L37: 1 | M37: 52531 | O37: =ROUND(L37*M37,0) -> 52531
C38: Perfil omega Cal 26 2.44 | K38: und | L38: 0.81 | M38: 4306 | O38: =ROUND(L38*M38,0) -> 3488
C39: Perfil angular blanco PVC 3.0 m | K39: und | L39: 0.0375 | M39: 22658 | O39: =ROUND(L39*M39,0) -> 850
C40: Tornillo estructura drywall punta aguda 7 mm x 7/16" | K40: und | L40: 15 | M40: 39 | O40: =ROUND(L40*M40,0) -> 585
C41: Tornillo punta aguda 6 mm x 1" drywall | K41: und | L41: 9 | M41: 38 | O41: =ROUND(L41*M41,0) -> 342
C42: SUBTOTAL $ | O42: =SUM(O34:O41) -> 65637
C43: III. TRANSPORTES
C45: MATERIAL | J45: VOL. o PESO | K45: DISTANCIA | L45: M3 o Ton/Km | M45: TARIFA | O45: Vr. UNITARIO
C46: Transporte de materiales - t | J46: 0.01 | M46: 3858 | O46: =ROUND(J46*M46,0) -> 39
O48: =SUM(O46:O47) -> 39
C51: TRABAJADOR | J51: JORNAL | K51: PRESTACIONES | L51: JORNAL TOTAL | M51: RENDIMIENTO | O51: Vr. UNITARIO
C52: Cuadrilla DD (Carpinteria de madera) | J52: H | K52: 51359 | M52: 1.1 | O52: =ROUND(K52*M52,0) -> 56495
O55: =ROUND(K55*M55,0) -> 0
C56: SUBTOTAL $ | O56: =SUM(O52:O55) -> 56495
C58: TOTAL COSTO DIRECTO $ | O58: =ROUND(O29+O42+O56+O48,0) -> 127821
C59: V. COSTOS INDIRECTOS
C60: Descripción | L60: Porcentaje | M60: Valor Total
C61: ADMINISTRACION | L61: 0.27 | M61: =+O58 -> 127821 | O61: =+ROUND(M61*L61,0) -> 34512
C62: IMPREVISTOS | L62: 0.02 | M62: =+O58 -> 127821 | O62: =+ROUND(M62*L62,0) -> 2556
C63: UTILIDAD | L63: 0.05 | M63: =+O58 -> 127821 | O63: =+ROUND(M63*L63,0) -> 6391
C64: SUBTOTAL $ | O64: =ROUND(SUM(O61:O63),2) -> 43459
C66: Precio Unitario Total Aproximado al peso $ | O66: =ROUND(O58+O64,2) -> 171280
H69: Firma
H70: Nombre: YOHANA GONZALEZ CEPEDA
H71: Profesional Contratado OAP
H72: Matricula No. :15202-278440 BYC
C74: OBSERVACIONES INTERVENTORÍA O SUPERVISIÓN
C78: APROBACIÓN POR INTERVENTORÍA O SUPERVISIÓN
C79: Nota 1: Cuando se trate de Análisis de precios unitarios correspondientes a ítems de la propuesta económica aprobada, el interventor o supervisor aprueba el desglose de los componentes manteniendo el mismo precio unitario de cada ítem, cumpliendo con las especificaciones de construcción vigentes para el proyecto.
C81: Nota 2: Cuando se trate de Análisis de precios unitarios de ítems no previstos, el interventor o supervisor aprueba el desglose y precio unitario de cada ítem no previsto, exigiendo la aplicación de los costos correspondientes a insumos y tarifas de la propuesta económica inicial cuando estén contemplados, cumpliendo con las especificaciones de construcción vigente para el proyecto.
H84: Firma
H85: Nombre:
H86: Representante Legal del Interventor o su apoderado o firma del supervisor
H87: Matricula No. :

Sheet APU 1.2
B1: Formulario 1 - Propuesta económica - Documento tipo de mínima cuantía de obra pública de infraestructura social
B2: Versión: 1 de 21 de agosto de 2025
C5: [La entidad podrá utilizar este formato para la presentación de los análisis de Precios Unitarios del Contratista en la oportunidad prevista en el numeral 8.2. de la invitación]
E7: INDERCAS
E9: =+'PRESUPUESTO PRIMER PROCESO'!G11 -> ADECUACION Y MANTENIMIENTO DE LA INFRAESTRUCTURA DEPORTIVA DEL ESTADIO SANTIAGO DE LAS ATALAYAS DEL MUNICIPIO DE YOPAL - DEPARTAMENTO DE CASANARE. | L9: VERSIÓN
L11: PÁGINA | M11: 1 | N11: DE | O11: 1
E13: ANALISIS DE PRECIOS UNITARIOS
L15: FECHA | M15: DD | N15: MM | O15: AA
M16: 18 | N16: 8 | O16: 2026
C19: DATOS ESPECÍFICOS
C20: ÍTEM | D20: DESCRIPCIÓN | M20: UNIDAD | O20: CANTIDAD
C21: =+'PRESUPUESTO PRIMER PROCESO'!C16 -> 1.2 | D21: =+'PRESUPUESTO PRIMER PROCESO'!G16 -> Aire Piso Techo Midea On/ Off, 60.000 Btu = 5 Toneladas De Refrigeracion Suministro E Instalacion | M21: =+'PRESUPUESTO PRIMER PROCESO'!H16 -> UND. | O21: =+'PRESUPUESTO PRIMER PROCESO'!I16 -> 6
C22: I. EQUIPO
C25: DESCRIPCIÓN | H25: MARCA | J25: TIPO | L25: TARIFA/HORA | M25: RENDIMIENTO | O25: Vr. UNITARIO
C26: Herramienta menor 10% M.O. BB | H26: n/a | L26: 3686 | M26: 13 | O26: =ROUND(L26*M26,0) -> 47918
O27: =ROUND(L27*M27,0) -> 0
C29: SUBTOTAL $ | O29: =SUM(O26:O28) -> 47918
C30: II. MATERIALES
C33: DESCRIPCIÓN | K33: UNIDAD | L33: CANTIDAD | M33: PRECIO UNIT. | O33: Vr. UNITARIO
C34: Tuberia de de cobre 3/4 | K34: und | L34: 96 | M34: 32147.28 | O34: =ROUND(L34*M34,0) -> 3086139
C35: tuberia de cobre 3/8 | K35: und | L35: 96 | M35: 13709.54 | O35: =ROUND(L35*M35,0) -> 1316116
C36: rubatex 3/4 | K36: und | L36: 96 | M36: 6450.93 | O36: =ROUND(L36*M36,0) -> 619289
C37: Cinta Vinilo | K37: und | L37: 96 | M37: 51069.72 | O37: =ROUND(L37*M37,0) -> 4902693
C38: Rubatex 3/8 | K38: und | L38: 96 | M38: 2419.41 | O38: =ROUND(L38*M38,0) -> 232263
C39: Cable 3*14 encauchetado | K39: und | L39: 96 | M39: 8386.02 | O39: =ROUND(L39*M39,0) -> 805058
C40: Soporte condensador | K40: und | L40: 6 | M40: 142457.5 | O40: =ROUND(L40*M40,0) -> 854745
C41: Soporte evaporador | K41: und | L41: 6 | M41: 96764 | O41: =ROUND(L41*M41,0) -> 580584
C42: Riel metálico | K42: und | L42: 2 | M42: 204278 | O42: =ROUND(L42*M42,0) -> 408556
C43: Filtro secador | K43: und | L43: 6 | M43: 102139.5 | O43: =ROUND(L43*M43,0) -> 612837
C44: Aire Piso Techo Midea On/ Off, 60.000 Btu = 5 Toneladas De Refrigeracion | K44: und | L44: 6 | M44: 860121 | O44: =ROUND(L44*M44,0) -> 5160726
C45: SUBTOTAL $ | O45: =SUM(O34:O44) -> 18579006
C46: III. TRANSPORTES
C48: MATERIAL | J48: VOL. o PESO | K48: DISTANCIA | L48: M3 o Ton/Km | M48: TARIFA | O48: Vr. UNITARIO
O51: =SUM(O49:O50) -> 0
C52: IV. MANO DE OBRA
C54: TRABAJADOR | J54: JORNAL | K54: PRESTACIONES | L54: JORNAL TOTAL | M54: RENDIMIENTO | O54: Vr. UNITARIO
C55: Cuadrilla BB (Instalaciones) | J55: H | K55: 36861.1 | M55: 10 | O55: =ROUND(K55*M55,0) -> 368611
C59: SUBTOTAL $ | O59: =SUM(O55:O58) -> 368611
C61: TOTAL COSTO DIRECTO $ | O61: =ROUND(O29+O45+O59+O51,0) -> 18995535
C62: V. COSTOS INDIRECTOS
C63: Descripción | L63: Porcentaje | M63: Valor Total
C64: IVA | L64: 0.19 | M64: =+O61 -> 18995535 | O64: =ROUND(M64*L64,0) -> 3609152
C65: ADMINISTRACION | L65: 0.27
C66: IMPREVISTOS | L66: 0.02
C67: UTILIDAD | L67: 0.05
C68: SUBTOTAL $ | O68: =ROUND(O61+O64,0) -> 22604687
C70: Precio Unitario Total Aproximado al peso $ | O70: =+O68 -> 22604687
H73: Firma
H74: Nombre: YOHANA GONZALEZ CEPEDA
H75: Profesional Contratado OAP
H76: Matricula No. :15202-278440 BYC
C78: OBSERVACIONES INTERVENTORÍA O SUPERVISIÓN
C82: APROBACIÓN POR INTERVENTORÍA O SUPERVISIÓN
C83: Nota 1: Cuando se trate de Análisis de precios unitarios correspondientes a ítems de la propuesta económica aprobada, el interventor o supervisor aprueba el desglose de los componentes manteniendo el mismo precio unitario de cada ítem, cumpliendo con las especificaciones de construcción vigentes para el proyecto.
C85: Nota 2: Cuando se trate de Análisis de precios unitarios de ítems no previstos, el interventor o supervisor aprueba el desglose y precio unitario de cada ítem no previsto, exigiendo la aplicación de los costos correspondientes a insumos y tarifas de la propuesta económica inicial cuando estén contemplados, cumpliendo con las especificaciones de construcción vigente para el proyecto.
H88: Firma
H89: Nombre:
H90: Representante Legal del Interventor o su apoderado o firma del supervisor
H91: Matricula No. :

Sheet APU 1.3
B1: Formulario 1 - Propuesta económica - Documento tipo de mínima cuantía de obra pública de infraestructura social
B2: Versión: 1 de 21 de agosto de 2025
C5: [La entidad podrá utilizar este formato para la presentación de los análisis de Precios Unitarios del Contratista en la oportunidad prevista en el numeral 8.2. de la invitación]
E7: INDERCAS
E9: =+'PRESUPUESTO PRIMER PROCESO'!G11 -> ADECUACION Y MANTENIMIENTO DE LA INFRAESTRUCTURA DEPORTIVA DEL ESTADIO SANTIAGO DE LAS ATALAYAS DEL MUNICIPIO DE YOPAL - DEPARTAMENTO DE CASANARE. | L9: VERSIÓN
L11: PÁGINA | M11: 1 | N11: DE | O11: 1
E13: ANALISIS DE PRECIOS UNITARIOS
L15: FECHA | M15: DD | N15: MM | O15: AA
M16: 18 | N16: 8 | O16: 2026
C19: DATOS ESPECÍFICOS
C20: ÍTEM | D20: DESCRIPCIÓN | M20: UNIDAD | O20: CANTIDAD
C21: =+'PRESUPUESTO PRIMER PROCESO'!C17 -> 1.3 | D21: =+'PRESUPUESTO PRIMER PROCESO'!G17 -> Luminaria tipo panel led 60x60 cm, 110 V. Incluye: cable encauchetado 3x16 AWG, clavija de caucho y elementos de fijación. Suministro e instalacion | M21: =+'PRESUPUESTO PRIMER PROCESO'!H17 -> UND. | O21: =+'PRESUPUESTO PRIMER PROCESO'!I17 -> 15
C22: I. EQUIPO
C25: DESCRIPCIÓN | H25: MARCA | J25: TIPO | L25: TARIFA/HORA | M25: RENDIMIENTO | O25: Vr. UNITARIO
C26: Herramienta menor 10% M.O. FF Elec | H26: n/a | J26: Eqp | L26: 6395 | M26: 0.4 | O26: =ROUND(L26*M26,0) -> 2558
C29: SUBTOTAL $ | O29: =SUM(O26:O28) -> 2558
C30: II. MATERIALES
C33: DESCRIPCIÓN | K33: UNIDAD | L33: CANTIDAD | M33: PRECIO UNIT. | O33: Vr. UNITARIO
C34: Clavija de caucho | K34: und | L34: 1 | M34: 5853 | O34: =ROUND(L34*M34,0) -> 5853
C35: Conector terminal tipo resorte No 12 | K35: und | L35: 3 | M35: 496 | O35: =ROUND(L35*M35,0) -> 1488
C36: Luminaria smart panel led 60x60 cm 40w, 4000 lm 4000K | K36: und | L36: 1 | M36: 101565 | O36: =ROUND(L36*M36,0) -> 101565
C37: Cable de cobre encauchetado 3 x 16 AWG | K37: m | L37: 1.5 | M37: 5257 | O37: =ROUND(L37*M37,0) -> 7886
S43: =+O35+O36+O37+O38+#REF!+O39+O40+O41+O42+O43 -> #REF!
C45: SUBTOTAL $ | O45: =SUM(O34:O44) -> 116792
C46: III. TRANSPORTES
C48: MATERIAL | J48: VOL. o PESO | K48: DISTANCIA | L48: M3 o Ton/Km | M48: TARIFA | O48: Vr. UNITARIO
C49: Transporte de materiales - t | J49: 0.006 | M49: 3858 | O49: =ROUND(M49*J49,0) -> 23
O51: =SUM(O49:O50) -> 23
C52: IV. MANO DE OBRA
C54: TRABAJADOR | J54: JORNAL | K54: PRESTACIONES | L54: JORNAL TOTAL | M54: RENDIMIENTO | O54: Vr. UNITARIO
C55: Cuadrilla FF (Electrica) | J55: h | K55: 63953 | M55: 0.4 | O55: =ROUND(K55*M55,0) -> 25581
C59: SUBTOTAL $ | O59: =SUM(O55:O58) -> 25581
C61: TOTAL COSTO DIRECTO $ | O61: =ROUND(O29+O45+O59+O51,0) -> 144954
C62: V. COSTOS INDIRECTOS
C63: Descripción | L63: Porcentaje | M63: Valor Total
C64: ADMINISTRACION | L64: 0.27 | M64: =+O61 -> 144954 | O64: =+ROUND(M64*L64,0) -> 39138
C65: IMPREVISTOS | L65: 0.02 | M65: =+O61 -> 144954 | O65: =+ROUND(M65*L65,0) -> 2899
C66: UTILIDAD | L66: 0.05 | M66: =+O61 -> 144954 | O66: =+ROUND(M66*L66,0) -> 7248
C67: SUBTOTAL $ | O67: =ROUND(SUM(O64:O66),2) -> 49285
C69: Precio Unitario Total Aproximado al peso $ | O69: =ROUND(O61+O67,2) -> 194239
H72: Firma
H73: Nombre: YOHANA GONZALEZ CEPEDA
H74: Profesional Contratado OAP
H75: Matricula No. :15202-278440 BYC
C77: OBSERVACIONES INTERVENTORÍA O SUPERVISIÓN
C81: APROBACIÓN POR INTERVENTORÍA O SUPERVISIÓN
C82: Nota 1: Cuando se trate de Análisis de precios unitarios correspondientes a ítems de la propuesta económica aprobada, el interventor o supervisor aprueba el desglose de los componentes manteniendo el mismo precio unitario de cada ítem, cumpliendo con las especificaciones de construcción vigentes para el proyecto.
C84: Nota 2: Cuando se trate de Análisis de precios unitarios de ítems no previstos, el interventor o supervisor aprueba el desglose y precio unitario de cada ítem no previsto, exigiendo la aplicación de los costos correspondientes a insumos y tarifas de la propuesta económica inicial cuando estén contemplados, cumpliendo con las especificaciones de construcción vigente para el proyecto.
H87: Firma
H88: Nombre:
H89: Representante Legal del Interventor o su apoderado o firma del supervisor
H90: Matricula No. :

Sheet APU 1,4
B1: Formulario 1 - Propuesta económica - Documento tipo de mínima cuantía de obra pública de infraestructura social
B2: Versión: 1 de 21 de agosto de 2025
C5: [La entidad podrá utilizar este formato para la presentación de los análisis de Precios Unitarios del Contratista en la oportunidad prevista en el numeral 8.2. de la invitación]
E7: INDERCAS
E9: ADECUACION Y MANTENIMIENTO DE LA INFRAESTRUCTURA DEPORTIVA DEL ESTADIO SANTIAGO DE LAS ATALAYAS DEL MUNICIPIO DE YOPAL - DEPARTAMENTO DE CASANARE. | L9: VERSIÓN
L11: PÁGINA | M11: 1 | N11: DE | O11: 1
E13: ANALISIS DE PRECIOS UNITARIOS
L15: FECHA | M15: DD | N15: MM | O15: AA
M16: 18 | N16: 8 | O16: 2026
C19: DATOS ESPECÍFICOS
C20: ÍTEM | D20: DESCRIPCIÓN | M20: UNIDAD | O20: CANTIDAD
C21: =+'PRESUPUESTO PRIMER PROCESO'!C18 -> 1.4 | D21: =+'PRESUPUESTO PRIMER PROCESO'!G18 -> Luminaria de emergencia tipo led 110V, 2.4W, autonomia minima 90 minutos. Incluye: cable encauchetado 3x16 AWG, clavija de caucho y elementos de fijación. Suministro e instalacion | M21: =+'PRESUPUESTO PRIMER PROCESO'!H18 -> UND. | O21: =+'PRESUPUESTO PRIMER PROCESO'!I18 -> 6
C22: I. EQUIPO
C25: DESCRIPCIÓN | H25: MARCA | J25: TIPO | L25: TARIFA/HORA | M25: RENDIMIENTO | O25: Vr. UNITARIO
C26: Herramienta menor 10% M.O. FF Elec | H26: n/a | L26: 6395 | M26: 0.4 | O26: =ROUND(L26*M26,0) -> 2558
C29: SUBTOTAL $ | O29: =SUM(O26:O28) -> 2558
C30: II. MATERIALES
C33: DESCRIPCIÓN | K33: UNIDAD | L33: CANTIDAD | M33: PRECIO UNIT. | O33: Vr. UNITARIO
C34: Cable de cobre encauchetado 3 x 16 AWG | K34: m | L34: 1 | M34: 5257 | O34: =ROUND(M34*L34,0) -> 5257
C35: Clavija de caucho | K35: und | L35: 1 | M35: 5853 | O35: =ROUND(M35*L35,0) -> 5853
C36: Luminaria de emergencia led R1 2x1.6W 90 minutos de autonomía | K36: und | L36: 1 | M36: 97324 | O36: =ROUND(M36*L36,0) -> 97324
S43: =+O35+O36+O37+O38+#REF!+O39+O40+O41+O42+O43 -> #REF!
C45: SUBTOTAL $ | O45: =SUM(O34:O44) -> 108434
C46: III. TRANSPORTES
C48: MATERIAL | J48: VOL. o PESO | K48: DISTANCIA | L48: M3 o Ton/Km | M48: TARIFA | O48: Vr. UNITARIO
C49: Transporte de materiales - t | J49: 0.003 | M49: 3858 | O49: =ROUND(M49*J49,0) -> 12
O51: =SUM(O49:O50) -> 12
C52: IV. MANO DE OBRA
C54: TRABAJADOR | J54: JORNAL | K54: PRESTACIONES | L54: JORNAL TOTAL | M54: RENDIMIENTO | O54: Vr. UNITARIO
C55: Cuadrilla FF (Electrica) | J55: H | K55: 63953 | M55: 0.4 | O55: =ROUND(K55*M55,0) -> 25581
C59: SUBTOTAL $ | O59: =SUM(O55:O58) -> 25581
C61: TOTAL COSTO DIRECTO $ | O61: =ROUND(O29+O45+O59+O51,0) -> 136585
C62: V. COSTOS INDIRECTOS
C63: Descripción | L63: Porcentaje | M63: Valor Total
C64: ADMINISTRACION | L64: 0.27 | M64: =+O61 -> 136585 | O64: =+ROUND(M64*L64,0) -> 36878
C65: IMPREVISTOS | L65: 0.02 | M65: =+O61 -> 136585 | O65: =+ROUND(M65*L65,0) -> 2732
C66: UTILIDAD | L66: 0.05 | M66: =+O61 -> 136585 | O66: =+ROUND(M66*L66,0) -> 6829
C67: SUBTOTAL $ | O67: =ROUND(SUM(O64:O66),2) -> 46439
C69: Precio Unitario Total Aproximado al peso $ | O69: =ROUND(O61+O67,2) -> 183024
H72: Firma
H73: Nombre: YOHANA GONZALEZ CEPEDA
H74: Profesional Contratado OAP
H75: Matricula No. :15202-278440 BYC
C77: OBSERVACIONES INTERVENTORÍA O SUPERVISIÓN
C81: APROBACIÓN POR INTERVENTORÍA O SUPERVISIÓN
C82: Nota 1: Cuando se trate de Análisis de precios unitarios correspondientes a ítems de la propuesta económica aprobada, el interventor o supervisor aprueba el desglose de los componentes manteniendo el mismo precio unitario de cada ítem, cumpliendo con las especificaciones de construcción vigentes para el proyecto.
C84: Nota 2: Cuando se trate de Análisis de precios unitarios de ítems no previstos, el interventor o supervisor aprueba el desglose y precio unitario de cada ítem no previsto, exigiendo la aplicación de los costos correspondientes a insumos y tarifas de la propuesta económica inicial cuando estén contemplados, cumpliendo con las especificaciones de construcción vigente para el proyecto.
H87: Firma
H88: Nombre:
H89: Representante Legal del Interventor o su apoderado o firma del supervisor
H90: Matricula No. :

Sheet APU1,5
B1: Formulario 1 - Propuesta económica - Documento tipo de mínima cuantía de obra pública de infraestructura social
B2: Versión: 1 de 21 de agosto de 2025
E7: INDERCAS
E9: ADECUACION Y MANTENIMIENTO DE LA INFRAESTRUCTURA DEPORTIVA DEL ESTADIO SANTIAGO DE LAS ATALAYAS DEL MUNICIPIO DE YOPAL - DEPARTAMENTO DE CASANARE. | L9: VERSIÓN
L11: PÁGINA | M11: 1 | N11: DE | O11: 1
E13: ANALISIS DE PRECIOS UNITARIOS
L15: FECHA
M16: 18 | N16: 8 | O16: 2026
C19: DATOS ESPECÍFICOS
C20: ÍTEM | D20: DESCRIPCIÓN | M20: UNIDAD | O20: CANTIDAD
C21: =+'PRESUPUESTO PRIMER PROCESO'!C19 -> 1.5 | D21: =+'PRESUPUESTO PRIMER PROCESO'!G19 -> Ventana aluminio proyectante con vidrio crudo 5mm. Suministro e instal | M21: =+'PRESUPUESTO PRIMER PROCESO'!H19 -> M2 | O21: =+'PRESUPUESTO PRIMER PROCESO'!I19 -> 1
C22: I. EQUIPO
C25: DESCRIPCIÓN | H25: MARCA | J25: TIPO | L25: TARIFA/HORA | M25: RENDIMIENTO | O25: Vr. UNITARIO
O26: =ROUND(L26*M26,0) -> 0
C29: SUBTOTAL $ | O29: 0
C30: II. MATERIALES
C33: DESCRIPCIÓN | K33: UNIDAD | L33: CANTIDAD | M33: PRECIO UNIT. | O33: Vr. UNITARIO
C34: Ventana aluminio proyectante con vidrio crudo 5 mm instalada a todo costo | K34: m2 | L34: 1 | M34: 165123 | O34: =ROUND(L34*M34,0) -> 165123
C35: Instalacion carpinteria metalica con mortero 1:4 | K35: m2 | L35: 1 | M35: 47318 | O35: =ROUND(L35*M35,0) -> 47318
O36: =ROUND(L36*M36,0) -> 0
C45: SUBTOTAL $ | O45: =SUM(O34:O44) -> 212441
C46: III. TRANSPORTES
C48: MATERIAL | J48: VOL. o PESO | K48: DISTANCIA | L48: M3 o Ton/Km | M48: TARIFA | O48: Vr. UNITARIO
C49: Transporte de materiales - t | J49: 0.035 | M49: 3858 | O49: =ROUND(M49*J49,0) -> 135
C51: SUBTOTAL $ | O51: =SUM(O49:O50) -> 135
C52: IV. MANO DE OBRA
C54: TRABAJADOR | J54: JORNAL | K54: PRESTACIONES | L54: JORNAL TOTAL | M54: RENDIMIENTO | O54: Vr. UNITARIO
O55: =ROUND(K55*M55,0) -> 0
C59: SUBTOTAL $ | O59: =SUM(O55:O58) -> 0
C61: TOTAL COSTO DIRECTO $ | O61: =ROUND(O29+O45+O59+O51,0) -> 212576
C62: V. COSTOS INDIRECTOS
C63: Descripción | L63: Porcentaje | M63: Valor Total
C64: ADMINISTRACION | L64: 0.27 | M64: =O61 -> 212576 | O64: =ROUND(M64*L64,0) -> 57396
C65: IMPREVISTOS | L65: 0.05 | M65: =O61 -> 212576 | O65: =ROUND(M65*L65,0) -> 10629
C66: UTILIDAD | L66: 0.02 | M66: =O61 -> 212576 | O66: =ROUND(M66*L66,0) -> 4252
C67: SUBTOTAL $ | O67: =ROUND(SUM(O64:O66),2) -> 72277
C69: Precio Unitario Total Aproximado al peso $ | O69: =ROUND(O61+O67,2) -> 284853
H72: Firma
H73: Nombre: YOHANA GONZALEZ CEPEDA
H74: Profesional Contratado OAP
H75: Matricula No. :15202-278440 BYC
C77: OBSERVACIONES INTERVENTORÍA O SUPERVISIÓN
C81: APROBACIÓN POR INTERVENTORÍA O SUPERVISIÓN
C82: Nota 1: Cuando se trate de Análisis de precios unitarios correspondientes a ítems de la propuesta económica aprobada, el interventor o supervisor aprueba el desglose de los componentes manteniendo el mismo precio unitario de cada ítem, cumpliendo con las especificaciones de construcción vigentes para el proyecto.
C84: Nota 2: Cuando se trate de Análisis de precios unitarios de ítems no previstos, el interventor o supervisor aprueba el desglose y precio unitario de cada ítem no previsto, exigiendo la aplicación de los costos correspondientes a insumos y tarifas de la propuesta económica inicial cuando estén contemplados, cumpliendo con las especificaciones de construcción vigente para el proyecto.
H87: Firma
H88: Nombre:
H89: Representante Legal del Interventor o su apoderado o firma del supervisor
H90: Matricula No. :

Sheet APU 1,6
B1: Formulario 1 - Propuesta económica - Documento tipo de mínima cuantía de obra pública de infraestructura social
B2: Versión: 1 de 21 de agosto de 2025
E7: INDERCAS
E9: ADECUACION Y MANTENIMIENTO DE LA INFRAESTRUCTURA DEPORTIVA DEL ESTADIO SANTIAGO DE LAS ATALAYAS DEL MUNICIPIO DE YOPAL - DEPARTAMENTO DE CASANARE. | L9: VERSIÓN
L11: PÁGINA | M11: 1 | N11: DE | O11: 1
E13: ANALISIS DE PRECIOS UNITARIOS
L15: FECHA
M16: 18 | N16: 8 | O16: 2026
C19: DATOS ESPECÍFICOS
C20: ÍTEM | D20: DESCRIPCIÓN | M20: UNIDAD | O20: CANTIDAD
C21: =+'PRESUPUESTO PRIMER PROCESO'!C20 -> 1.6 | D21: =+'PRESUPUESTO PRIMER PROCESO'!G20 -> Vidrio incoloro 4 mm. Suministro e instal. | M21: =+'PRESUPUESTO PRIMER PROCESO'!H20 -> M2 | O21: =+'PRESUPUESTO PRIMER PROCESO'!I20 -> 18.8
C22: I. EQUIPO
C25: DESCRIPCIÓN | H25: MARCA | J25: TIPO | L25: TARIFA/HORA | M25: RENDIMIENTO | O25: Vr. UNITARIO
C26: Herramienta menor 10% M.O. AA | J26: Eqp | L26: 4108 | M26: 0.25 | O26: =ROUND(L26*M26,0) -> 1027
C29: SUBTOTAL $ | O29: =SUM(O26:O28) -> 1027
C30: II. MATERIALES
C33: DESCRIPCIÓN | K33: UNIDAD | L33: CANTIDAD | M33: PRECIO UNIT. | O33: Vr. UNITARIO
C34: Silicona transparente antihongo cartucho 280/300 ml | K34: und | L34: 0.1 | M34: 15351 | O34: =ROUND(M34*L34,0) -> 1535
C35: Vidrio incoloro 4 mm o transparente crudo | K35: m2 | L35: 1.03 | M35: 55000 | O35: =ROUND(M35*L35,0) -> 56650
C45: SUBTOTAL $ | O45: =SUM(O34:O44) -> 58185
C46: III. TRANSPORTES
C48: MATERIAL | J48: VOL. o PESO | K48: DISTANCIA | L48: M3 o Ton/Km | M48: TARIFA | O48: Vr. UNITARIO
C49: Transporte de materiales - t | J49: 0.004 | M49: 3858 | O49: =ROUND(M49*J49,0) -> 15
C51: SUBTOTAL $ | O51: =SUM(O49:O50) -> 15
C52: IV. MANO DE OBRA
C54: TRABAJADOR | J54: JORNAL | K54: PRESTACIONES | L54: JORNAL TOTAL | M54: RENDIMIENTO | O54: Vr. UNITARIO
C55: Cuadrilla AA (Albañileria) | J55: h | K55: 41075 | M55: 0.25 | O55: =ROUND(K55*M55,0) -> 10269
C59: SUBTOTAL $ | O59: =SUM(O55:O58) -> 10269
C61: TOTAL COSTO DIRECTO $ | O61: =ROUND(O29+O45+O59+O51,0) -> 69496
C62: V. COSTOS INDIRECTOS
C63: Descripción | L63: Porcentaje | M63: Valor Total
C64: ADMINISTRACION | L64: 0.27 | M64: =O61 -> 69496 | O64: =ROUND(M64*L64,0) -> 18764
C65: IMPREVISTOS | L65: 0.02 | M65: =O61 -> 69496 | O65: =ROUND(M65*L65,0) -> 1390
C66: UTILIDAD | L66: 0.05 | M66: =O61 -> 69496 | O66: =ROUND(M66*L66,0) -> 3475
C67: SUBTOTAL $ | O67: =ROUND(SUM(O64:O66),2) -> 23629
C69: Precio Unitario Total Aproximado al peso $ | O69: =ROUND(O61+O67,2) -> 93125
H72: Firma
H73: Nombre: YOHANA GONZALEZ CEPEDA
H74: Profesional Contratado OAP
H75: Matricula No. :15202-278440 BYC
C77: OBSERVACIONES INTERVENTORÍA O SUPERVISIÓN
C81: APROBACIÓN POR INTERVENTORÍA O SUPERVISIÓN
C82: Nota 1: Cuando se trate de Análisis de precios unitarios correspondientes a ítems de la propuesta económica aprobada, el interventor o supervisor aprueba el desglose de los componentes manteniendo el mismo precio unitario de cada ítem, cumpliendo con las especificaciones de construcción vigentes para el proyecto.
C84: Nota 2: Cuando se trate de Análisis de precios unitarios de ítems no previstos, el interventor o supervisor aprueba el desglose y precio unitario de cada ítem no previsto, exigiendo la aplicación de los costos correspondientes a insumos y tarifas de la propuesta económica inicial cuando estén contemplados, cumpliendo con las especificaciones de construcción vigente para el proyecto.
H87: Firma
H88: Nombre:
H89: Representante Legal del Interventor o su apoderado o firma del supervisor
H90: Matricula No. :

Sheet APU 1,7
B1: Formulario 1 - Propuesta económica - Documento tipo de mínima cuantía de obra pública de infraestructura social
B2: Versión: 1 de 21 de agosto de 2025
E7: INDERCAS
E9: ADECUACION Y MANTENIMIENTO DE LA INFRAESTRUCTURA DEPORTIVA DEL ESTADIO SANTIAGO DE LAS ATALAYAS DEL MUNICIPIO DE YOPAL - DEPARTAMENTO DE CASANARE. | L9: VERSIÓN
L11: PÁGINA | M11: 1 | N11: DE | O11: 1
E13: ANALISIS DE PRECIOS UNITARIOS
L15: FECHA
M16: 18 | N16: 8 | O16: 2026
C19: DATOS ESPECÍFICOS
C20: ÍTEM | D20: DESCRIPCIÓN | M20: UNIDAD | O20: CANTIDAD
C21: =+'PRESUPUESTO PRIMER PROCESO'!C23 -> 1.7 | D21: =+'PRESUPUESTO PRIMER PROCESO'!G23 -> Replanteo en baja tensión | M21: =+'PRESUPUESTO PRIMER PROCESO'!H23 -> km | O21: =+'PRESUPUESTO PRIMER PROCESO'!I23 -> 0.11
C22: I. EQUIPO
C25: DESCRIPCIÓN | J25: TIPO | L25: TARIFA/HORA | M25: RENDIMIENTO | O25: Vr. UNITARIO
C26: Herramienta menor 10% M.O. II | J26: Eqp | L26: 13511 | M26: 3.4783 | O26: =ROUND(L26*M26,0) -> 46995
C29: SUBTOTAL $ | O29: =SUM(O26:O28) -> 46995
C30: II. MATERIALES
C33: DESCRIPCIÓN | K33: UNIDAD | L33: CANTIDAD | M33: PRECIO UNIT. | O33: Vr. UNITARIO
C34: Cinta de Señalizacion - peligro no pase - | K34: m | L34: 90 | M34: 72 | O34: =ROUND(L34*M34,0) -> 6480
C35: Esmalte brillante tipo pintulux de Pintuco o similar | K35: gal | L35: 0.0218 | M35: 92850 | O35: =ROUND(L35*M35,0) -> 2024
C36: Estaca de madera h=0.50-0.60m * A= 4-5 cm | K36: und | L36: 15 | M36: 1415 | O36: =ROUND(L36*M36,0) -> 21225
C37: Campero 2000 cc-2999 cc | K37: hr | L37: 3.4783 | M37: 49167 | O37: =ROUND(L37*M37,0) -> 171018
C38: Estacion total de alto rendimiento | K38: hr | L38: 3.4783 | M38: 13140 | O38: =ROUND(L38*M38,0) -> 45705
C45: SUBTOTAL $ | O45: =SUM(O34:O44) -> 246452
C46: III. TRANSPORTES
C48: MATERIAL | J48: VOL. o PESO | K48: DISTANCIA | L48: M3 o Ton/Km | M48: TARIFA | O48: Vr. UNITARIO
C51: SUBTOTAL $ | O51: 0
C52: IV. MANO DE OBRA
C54: TRABAJADOR | J54: JORNAL | K54: PRESTACIONES | L54: JORNAL TOTAL | M54: RENDIMIENTO | O54: Vr. UNITARIO
C55: Cuadrilla II (Topografia) | J55: h | K55: 135107 | M55: 3.4783 | O55: =ROUND(K55*M55,0) -> 469943
C59: SUBTOTAL $ | O59: =SUM(O55:O58) -> 469943
C61: TOTAL COSTO DIRECTO $ | O61: =ROUND(O29+O45+O59+O51,0) -> 763390
C62: V. COSTOS INDIRECTOS
C63: Descripción | L63: Porcentaje | M63: Valor Total
C64: ADMINISTRACION | L64: 0.27 | M64: =O61 -> 763390 | O64: =ROUND(M64*L64,0) -> 206115
C65: IMPREVISTOS | L65: 0.02 | M65: =O61 -> 763390 | O65: =ROUND(M65*L65,0) -> 15268
C66: UTILIDAD | L66: 0.05 | M66: =O61 -> 763390 | O66: =ROUND(M66*L66,0) -> 38170
C67: SUBTOTAL $ | O67: =ROUND(SUM(O64:O66),2) -> 259553
C69: Precio Unitario Total Aproximado al peso $ | O69: =ROUND(O61+O67,2) -> 1022943
H72: Firma
H73: Nombre: YOHANA GONZALEZ CEPEDA
H74: Profesional Contratado OAP
H75: Matricula No. :15202-278440 BYC
C77: OBSERVACIONES INTERVENTORÍA O SUPERVISIÓN
C81: APROBACIÓN POR INTERVENTORÍA O SUPERVISIÓN
C83: Nota 1: Cuando se trate de Análisis de precios unitarios correspondientes a ítems de la propuesta económica aprobada, el interventor o supervisor aprueba el desglose de los componentes manteniendo el mismo precio unitario de cada ítem, cumpliendo con las especificaciones de construcción vigentes para el proyecto.
C85: Nota 2: Cuando se trate de Análisis de precios unitarios de ítems no previstos, el interventor o supervisor aprueba el desglose y precio unitario de cada ítem no previsto, exigiendo la aplicación de los costos correspondientes a insumos y tarifas de la propuesta económica inicial cuando estén contemplados, cumpliendo con las especificaciones de construcción vigente para el proyecto.
H87: Firma
H88: Nombre:
H89: Representante Legal del Interventor o su apoderado o firma del supervisor
H90: Matricula No. :

Sheet APU 1,8
B1: Formulario 1 - Propuesta económica - Documento tipo de mínima cuantía de obra pública de infraestructura social
B2: Versión: 1 de 21 de agosto de 2025
E7: INDERCAS
E9: ADECUACION Y MANTENIMIENTO DE LA INFRAESTRUCTURA DEPORTIVA DEL ESTADIO SANTIAGO DE LAS ATALAYAS DEL MUNICIPIO DE YOPAL - DEPARTAMENTO DE CASANARE. | L9: VERSIÓN
L11: PÁGINA | M11: 1 | N11: DE | O11: 1
E13: ANALISIS DE PRECIOS UNITARIOS
L15: FECHA
M16: 18 | N16: 8 | O16: 2026
C19: DATOS ESPECÍFICOS
C20: ÍTEM | D20: DESCRIPCIÓN | M20: UNIDAD | O20: CANTIDAD
C21: =+'PRESUPUESTO PRIMER PROCESO'!C24 -> 1.8 | D21: =+'PRESUPUESTO PRIMER PROCESO'!G24 -> Cortacircuito termomagnético tripolar de 15-60A, 120/240V, enchufable. Suministro e instalación. | M21: =+'PRESUPUESTO PRIMER PROCESO'!H24 -> und | O21: =+'PRESUPUESTO PRIMER PROCESO'!I24 -> 8
C22: I. EQUIPO
C25: DESCRIPCIÓN | J25: TIPO | L25: TARIFA/HORA | M25: RENDIMIENTO | O25: Vr. UNITARIO
C26: Herramienta menor 10% M.O. FF Elec | J26: Eqp | L26: 6395 | M26: 0.2 | O26: =ROUND(L26*M26,0) -> 1279
C29: SUBTOTAL $ | O29: =SUM(O26:O28) -> 1279
C30: II. MATERIALES
C33: DESCRIPCIÓN | K33: UNIDAD | L33: CANTIDAD | M33: PRECIO UNIT. | O33: Vr. UNITARIO
C34: Cortacircuito termomagnetico Tripolar de 15-60A, 120/240 V,enchufable | K34: und | L34: 1 | M34: 148806 | O34: =+M34*L34 -> 148806
C45: SUBTOTAL $ | O45: =SUM(O34:O44) -> 148806
C46: III. TRANSPORTES
C48: MATERIAL | J48: VOL. o PESO | K48: DISTANCIA | L48: M3 o Ton/Km | M48: TARIFA | O48: Vr. UNITARIO
C51: SUBTOTAL $ | O51: 0
C52: IV. MANO DE OBRA
C54: TRABAJADOR | J54: JORNAL | K54: PRESTACIONES | L54: JORNAL TOTAL | M54: RENDIMIENTO | O54: Vr. UNITARIO
C55: Cuadrilla FF (Electrica) | J55: h | K55: 63953 | M55: 0.2 | O55: =ROUND(K55*M55,0) -> 12791
C59: SUBTOTAL $ | O59: =SUM(O55:O58) -> 12791
C61: TOTAL COSTO DIRECTO $ | O61: =ROUND(O29+O45+O59+O51,0) -> 162876
C62: V. COSTOS INDIRECTOS
C63: Descripción | L63: Porcentaje | M63: Valor Total
C64: ADMINISTRACION | L64: 0.27 | M64: =O61 -> 162876 | O64: =ROUND(M64*L64,0) -> 43977
C65: IMPREVISTOS | L65: 0.02 | M65: =O61 -> 162876 | O65: =ROUND(M65*L65,0) -> 3258
C66: UTILIDAD | L66: 0.05 | M66: =O61 -> 162876 | O66: =ROUND(M66*L66,0) -> 8144
C67: SUBTOTAL $ | O67: =ROUND(SUM(O64:O66),2) -> 55379
C69: Precio Unitario Total Aproximado al peso $ | O69: =ROUND(O61+O67,2) -> 218255
H72: Firma
H73: Nombre: YOHANA GONZALEZ CEPEDA
H74: Profesional Contratado OAP
H75: Matricula No. :15202-278440 BYC
C77: OBSERVACIONES INTERVENTORÍA O SUPERVISIÓN
C81: APROBACIÓN POR INTERVENTORÍA O SUPERVISIÓN
C82: Nota 1: Cuando se trate de Análisis de precios unitarios correspondientes a ítems de la propuesta económica aprobada, el interventor o supervisor aprueba el desglose de los componentes manteniendo el mismo precio unitario de cada ítem, cumpliendo con las especificaciones de construcción vigentes para el proyecto.
C84: Nota 2: Cuando se trate de Análisis de precios unitarios de ítems no previstos, el interventor o supervisor aprueba el desglose y precio unitario de cada ítem no previsto, exigiendo la aplicación de los costos correspondientes a insumos y tarifas de la propuesta económica inicial cuando estén contemplados, cumpliendo con las especificaciones de construcción vigente para el proyecto.
H87: Firma
H88: Nombre:
H89: Representante Legal del Interventor o su apoderado o firma del supervisor
H90: Matricula No. :

Sheet APU1.9
B1: Formulario 1 - Propuesta económica - Documento tipo de mínima cuantía de obra pública de infraestructura social
B2: Versión: 1 de 21 de agosto de 2025
E7: INDERCAS
E9: ADECUACION Y MANTENIMIENTO DE LA INFRAESTRUCTURA DEPORTIVA DEL ESTADIO SANTIAGO DE LAS ATALAYAS DEL MUNICIPIO DE YOPAL - DEPARTAMENTO DE CASANARE. | L9: VERSIÓN
L11: PÁGINA | M11: 1 | N11: DE | O11: 1
E13: ANALISIS DE PRECIOS UNITARIOS
L15: FECHA
M16: 18 | N16: 8 | O16: 2026
C19: DATOS ESPECÍFICOS
C20: ÍTEM | D20: DESCRIPCIÓN | M20: UNIDAD | O20: CANTIDAD
C21: =+'PRESUPUESTO PRIMER PROCESO'!C25 -> 1.9 | D21: =+'PRESUPUESTO PRIMER PROCESO'!G25 -> Canalización ducto conduit PVC DB tipo pesado 2 x 2", zona blanda. Incluye cinta de prevención y arena lavada de río. | M21: =+'PRESUPUESTO PRIMER PROCESO'!H25 -> m | O21: =+'PRESUPUESTO PRIMER PROCESO'!I25 -> 98.6
C22: I. EQUIPO
C25: DESCRIPCIÓN | J25: TIPO | L25: TARIFA/HORA | M25: RENDIMIENTO | O25: Vr. UNITARIO
C26: Herramienta menor 10% M.O. FF Elec | J26: Eqp | L26: 6395 | M26: 0.25 | O26: =ROUND(L26*M26,0) -> 1599
C29: SUBTOTAL $ | O29: =SUM(O26:O28) -> 1599
C30: II. MATERIALES
C33: DESCRIPCIÓN | K33: UNIDAD | L33: CANTIDAD | M33: PRECIO UNIT. | O33: Vr. UNITARIO
C34: Adaptador terminal de campana PVC 2" | K34: und | L34: 0.12 | M34: 5194 | O34: =ROUND(M34*L34,0) -> 623
C35: Arena lavada de rio | K35: m3 | L35: 0.074 | M35: 36811 | O35: =ROUND(M35*L35,0) -> 2724
C36: Cinta de prevencion riesgo electrico 25 cm | K36: m | L36: 1 | M36: 586 | O36: =ROUND(M36*L36,0) -> 586
C37: Ducto conduit PVC DB 2" | K37: m | L37: 2 | M37: 9099 | O37: =ROUND(M37*L37,0) -> 18198
C45: SUBTOTAL $ | O45: =SUM(O34:O44) -> 22131
C46: III. TRANSPORTES
C48: MATERIAL | J48: VOL. o PESO | K48: DISTANCIA | L48: M3 o Ton/Km | M48: TARIFA | O48: Vr. UNITARIO
C49: Transporte de materiales (arena, piedra, comun, tierra) - m³ | J49: 0.074 | M49: 12660 | O49: =ROUND(M49*J49,0) -> 937
C51: SUBTOTAL $ | O51: =SUM(O49:O50) -> 937
C52: IV. MANO DE OBRA
C54: TRABAJADOR | J54: JORNAL | K54: PRESTACIONES | L54: JORNAL TOTAL | M54: RENDIMIENTO | O54: Vr. UNITARIO
C55: Cuadrilla FF (Electrica) | J55: h | K55: 63953 | M55: 0.25 | O55: =ROUND(K55*M55,0) -> 15988
C59: SUBTOTAL $ | O59: =SUM(O55:O58) -> 15988
C61: TOTAL COSTO DIRECTO $ | O61: =ROUND(O29+O45+O59+O51,0) -> 40655
C62: V. COSTOS INDIRECTOS
C63: Descripción | L63: Porcentaje | M63: Valor Total
C64: ADMINISTRACION | L64: 0.27 | M64: =O61 -> 40655 | O64: =ROUND(M64*L64,0) -> 10977
C65: IMPREVISTOS | L65: 0.02 | M65: =O61 -> 40655 | O65: =ROUND(M65*L65,0) -> 813
C66: UTILIDAD | L66: 0.05 | M66: =O61 -> 40655 | O66: =ROUND(M66*L66,0) -> 2033
C67: SUBTOTAL $ | O67: =ROUND(SUM(O64:O66),2) -> 13823
C69: Precio Unitario Total Aproximado al peso $ | O69: =ROUND(O61+O67,2) -> 54478
H72: Firma
H73: Nombre: YOHANA GONZALEZ CEPEDA
H74: Profesional Contratado OAP
H75: Matricula No. :15202-278440 BYC
C77: OBSERVACIONES INTERVENTORÍA O SUPERVISIÓN
C81: APROBACIÓN POR INTERVENTORÍA O SUPERVISIÓN
C82: Nota 1: Cuando se trate de Análisis de precios unitarios correspondientes a ítems de la propuesta económica aprobada, el interventor o supervisor aprueba el desglose de los componentes manteniendo el mismo precio unitario de cada ítem, cumpliendo con las especificaciones de construcción vigentes para el proyecto.
C84: Nota 2: Cuando se trate de Análisis de precios unitarios de ítems no previstos, el interventor o supervisor aprueba el desglose y precio unitario de cada ítem no previsto, exigiendo la aplicación de los costos correspondientes a insumos y tarifas de la propuesta económica inicial cuando estén contemplados, cumpliendo con las especificaciones de construcción vigente para el proyecto.
H87: Firma
H88: Nombre:
H89: Representante Legal del Interventor o su apoderado o firma del supervisor
H90: Matricula No. :

Sheet APU 1.10
B1: Formulario 1 - Propuesta económica - Documento tipo de mínima cuantía de obra pública de infraestructura social
B2: Versión: 1 de 21 de agosto de 2025
E7: INDERCAS
E9: ADECUACION Y MANTENIMIENTO DE LA INFRAESTRUCTURA DEPORTIVA DEL ESTADIO SANTIAGO DE LAS ATALAYAS DEL MUNICIPIO DE YOPAL - DEPARTAMENTO DE CASANARE. | L9: VERSIÓN
L11: PÁGINA | M11: 1 | N11: DE | O11: 1
E13: ANALISIS DE PRECIOS UNITARIOS
L15: FECHA
M16: 18 | N16: 8 | O16: 2026
C19: DATOS ESPECÍFICOS
C20: ÍTEM | D20: DESCRIPCIÓN | M20: UNIDAD | O20: CANTIDAD
C21: =+'PRESUPUESTO PRIMER PROCESO'!C26 -> 1.10 | D21: =+'PRESUPUESTO PRIMER PROCESO'!G26 -> Salida para interruptor doble, linea decorativa und 134,845.00 incluye: tubo PVC tipo pesado 1/2", cable de cobre, caja plastica 5800, terminales PVC y readecuación de muro | M21: =+'PRESUPUESTO PRIMER PROCESO'!H26 -> und | O21: =+'PRESUPUESTO PRIMER PROCESO'!I26 -> 4
C22: I. EQUIPO
C25: DESCRIPCIÓN | J25: TIPO | L25: TARIFA/HORA | M25: RENDIMIENTO | O25: Vr. UNITARIO
C26: Herramienta menor 10% M.O. FF Elec | J26: Eqp | L26: 6395 | M26: 1 | O26: =ROUND(L26*M26,0) -> 6395
C29: SUBTOTAL $ | O29: =SUM(O26:O28) -> 6395
C30: II. MATERIALES
C33: DESCRIPCIÓN | K33: UNIDAD | L33: CANTIDAD | M33: PRECIO UNIT. | O33: Vr. UNITARIO
C34: Accesorios tubería-cableado conduit PVC | K34: und | L34: 1 | M34: 200 | O34: =ROUND(L34*M34,0) -> 200
C35: Adaptador terminal conduit 1/2" | K35: und | L35: 2 | M35: 554 | O35: =ROUND(L35*M35,0) -> 1108
C36: Cable de cobre 12 - AWG THHN/THWN-2 600 V 90°C | K36: m | L36: 13 | M36: 2881 | O36: =ROUND(L36*M36,0) -> 37453
C37: Caja plastica REF 5800 (rectangular) | K37: und | L37: 1 | M37: 2525 | O37: =ROUND(L37*M37,0) -> 2525
C38: Interruptor doble linea decorativa | K38: und | L38: 1 | M38: 9400 | O38: =ROUND(L38*M38,0) -> 9400
C39: Limpiador liquido PVC 1/4 gl o 760 gr | K39: und | L39: 0.0083 | M39: 72440 | O39: =ROUND(L39*M39,0) -> 601
C40: Soldadura liquida PVC 1/4 gl | K40: und | L40: 0.0083 | M40: 150290 | O40: =ROUND(L40*M40,0) -> 1247
C41: Tubo conduit PVC 1/2" | K41: m | L41: 4 | M41: 2986 | O41: =ROUND(L41*M41,0) -> 11944
C45: SUBTOTAL $ | O45: =SUM(O34:O44) -> 64478
C46: III. TRANSPORTES
C48: MATERIAL | J48: VOL. o PESO | K48: DISTANCIA | L48: M3 o Ton/Km | M48: TARIFA | O48: Vr. UNITARIO
C49: Transporte de materiales - t | J49: 0.005 | M49: 3858 | O49: =ROUND(J49*M49,0) -> 19
C51: SUBTOTAL $ | O51: =SUM(O49:O50) -> 19
C52: IV. MANO DE OBRA
C54: TRABAJADOR | J54: JORNAL | K54: PRESTACIONES | L54: JORNAL TOTAL | M54: RENDIMIENTO | O54: Vr. UNITARIO
C55: Cuadrilla FF (Electrica) | J55: h | K55: 63953 | M55: 1 | O55: =ROUND(K55*M55,0) -> 63953
C59: SUBTOTAL $ | O59: =SUM(O55:O58) -> 63953
C61: TOTAL COSTO DIRECTO $ | O61: =ROUND(O29+O45+O59+O51,0) -> 134845
C62: V. COSTOS INDIRECTOS
C63: Descripción | L63: Porcentaje | M63: Valor Total
C64: ADMINISTRACION | L64: 0.27 | M64: =O61 -> 134845 | O64: =ROUND(M64*L64,0) -> 36408
C65: IMPREVISTOS | L65: 0.02 | M65: =O61 -> 134845 | O65: =ROUND(M65*L65,0) -> 2697
C66: UTILIDAD | L66: 0.05 | M66: =O61 -> 134845 | O66: =ROUND(M66*L66,0) -> 6742
C67: SUBTOTAL $ | O67: =ROUND(SUM(O64:O66),2) -> 45847
C69: Precio Unitario Total Aproximado al peso $ | O69: =ROUND(O61+O67,2) -> 180692
H72: Firma
H73: Nombre: YOHANA GONZALEZ CEPEDA
H74: Profesional Contratado OAP
H75: Matricula No. :15202-278440 BYC
C77: OBSERVACIONES INTERVENTORÍA O SUPERVISIÓN
C81: APROBACIÓN POR INTERVENTORÍA O SUPERVISIÓN
C82: Nota 1: Cuando se trate de Análisis de precios unitarios correspondientes a ítems de la propuesta económica aprobada, el interventor o supervisor aprueba el desglose de los componentes manteniendo el mismo precio unitario de cada ítem, cumpliendo con las especificaciones de construcción vigentes para el proyecto.
C84: Nota 2: Cuando se trate de Análisis de precios unitarios de ítems no previstos, el interventor o supervisor aprueba el desglose y precio unitario de cada ítem no previsto, exigiendo la aplicación de los costos correspondientes a insumos y tarifas de la propuesta económica inicial cuando estén contemplados, cumpliendo con las especificaciones de construcción vigente para el proyecto.
H87: Firma
H88: Nombre:
H89: Representante Legal del Interventor o su apoderado o firma del supervisor
H90: Matricula No. :

Sheet APU 1.11
B1: Formulario 1 - Propuesta económica - Documento tipo de mínima cuantía de obra pública de infraestructura social
B2: Versión: 1 de 21 de agosto de 2025
E7: INDERCAS
E9: ADECUACION Y MANTENIMIENTO DE LA INFRAESTRUCTURA DEPORTIVA DEL ESTADIO SANTIAGO DE LAS ATALAYAS DEL MUNICIPIO DE YOPAL - DEPARTAMENTO DE CASANARE. | L9: VERSIÓN
L11: PÁGINA | M11: 1 | N11: DE | O11: 1
E13: ANALISIS DE PRECIOS UNITARIOS
L15: FECHA
M16: 18 | N16: 8 | O16: 2026
C19: DATOS ESPECÍFICOS
C20: ÍTEM | D20: DESCRIPCIÓN | M20: UNIDAD | O20: CANTIDAD
C21: =+'PRESUPUESTO PRIMER PROCESO'!C27 -> 1.11 | D21: =+'PRESUPUESTO PRIMER PROCESO'!G27 -> Salida para tomacorriente doble con polo a tierra, NEMA 5 15R, incluye: tubo EMT tipo pesado 1/2", cable de cobre aislado THWN 2xNº 12 + 1x12T AWG, caja metálica 5800. Suministro e instalación. | M21: =+'PRESUPUESTO PRIMER PROCESO'!H27 -> und | O21: =+'PRESUPUESTO PRIMER PROCESO'!I27 -> 4
C22: I. EQUIPO
C25: DESCRIPCIÓN | J25: TIPO | L25: TARIFA/HORA | M25: RENDIMIENTO | O25: Vr. UNITARIO
C26: Herramienta menor 10% M.O. FF Elec | J26: Eqp | L26: 6395 | M26: 2.25 | O26: =ROUND(L26*M26,0) -> 14389
C29: SUBTOTAL $ | O29: =SUM(O26:O28) -> 14389
C30: II. MATERIALES
C33: DESCRIPCIÓN | K33: UNIDAD | L33: CANTIDAD | M33: PRECIO UNIT. | O33: Vr. UNITARIO
C34: Cable de cobre 12 - AWG LHFR-LS 600 V 75°C - Libre de halogenos | K34: m | L34: 15 | M34: 3059 | O34: =ROUND(L34*M34,0) -> 45885
C35: Caja galvanizada semipesada tipo industrial 5800 | K35: und | L35: 1 | M35: 10009 | O35: =ROUND(L35*M35,0) -> 10009
C36: Chazo para tornillo de 1/8" x 1 1/4" | K36: und | L36: 6 | M36: 200 | O36: =ROUND(L36*M36,0) -> 1200
C37: Conector de autodesforre calibre 10/12 AWG | K37: und | L37: 3 | M37: 1413 | O37: =ROUND(L37*M37,0) -> 4239
C38: Conector terminal EMT 1/2" | K38: und | L38: 1 | M38: 830 | O38: =ROUND(L38*M38,0) -> 830
C39: Grapa doble ala tipo pesado EMT 1/2" | K39: und | L39: 3 | M39: 223 | O39: =ROUND(L39*M39,0) -> 669
C40: Marquillas de identificacion | K40: und | L40: 1 | M40: 1200 | O40: =ROUND(L40*M40,0) -> 1200
C41: Tomacorriente doble, polo a tierra, 15 A, 125 V, grado comercial | K41: und | L41: 1 | M41: 22288 | O41: =ROUND(L41*M41,0) -> 22288
C42: Tornillo goloso de 1/8" x 1 1/4" | K42: und | L42: 6 | M42: 300 | O42: =ROUND(L42*M42,0) -> 1800
C43: Tubo galvanizado 1/2" x 3 m EMT | K43: und | L43: 1.67 | M43: 22136 | O43: =ROUND(L43*M43,0) -> 36967
C44: Union tipo EMT 1/2" | K44: und | L44: 2 | M44: 557 | O44: =ROUND(L44*M44,0) -> 1114
C45: SUBTOTAL $ | O45: =SUM(O34:O44) -> 126201
C46: III. TRANSPORTES
C48: MATERIAL | J48: VOL. o PESO | K48: DISTANCIA | L48: M3 o Ton/Km | M48: TARIFA | O48: Vr. UNITARIO
C49: Transporte de materiales - t | J49: 0.08 | M49: 3858 | O49: =ROUND(J49*M49,0) -> 309
C51: SUBTOTAL $ | O51: =SUM(O49:O50) -> 309
C52: IV. MANO DE OBRA
C54: TRABAJADOR | J54: JORNAL | K54: PRESTACIONES | L54: JORNAL TOTAL | M54: RENDIMIENTO | O54: Vr. UNITARIO
C55: Cuadrilla FF (Electrica) | J55: h | K55: 63953 | M55: 2.25 | O55: =ROUND(K55*M55,0) -> 143894
C59: SUBTOTAL $ | O59: =SUM(O55:O58) -> 143894
C61: TOTAL COSTO DIRECTO $ | O61: =ROUND(O29+O45+O59+O51,0) -> 284793
C62: V. COSTOS INDIRECTOS
C63: Descripción | L63: Porcentaje | M63: Valor Total
C64: ADMINISTRACION | L64: 0.27 | M64: =O61 -> 284793 | O64: =ROUND(M64*L64,0) -> 76894
C65: IMPREVISTOS | L65: 0.02 | M65: =O61 -> 284793 | O65: =ROUND(M65*L65,0) -> 5696
C66: UTILIDAD | L66: 0.05 | M66: =O61 -> 284793 | O66: =ROUND(M66*L66,0) -> 14240
C67: SUBTOTAL $ | O67: =ROUND(SUM(O64:O66),2) -> 96830
C69: Precio Unitario Total Aproximado al peso $ | O69: =ROUND(O61+O67,2) -> 381623
H72: Firma
H73: Nombre: YOHANA GONZALEZ CEPEDA
H74: Profesional Contratado OAP
H75: Matricula No. :15202-278440 BYC
C77: OBSERVACIONES INTERVENTORÍA O SUPERVISIÓN
C82: APROBACIÓN POR INTERVENTORÍA O SUPERVISIÓN
C83: Nota 1: Cuando se trate de Análisis de precios unitarios correspondientes a ítems de la propuesta económica aprobada, el interventor o supervisor aprueba el desglose de los componentes manteniendo el mismo precio unitario de cada ítem, cumpliendo con las especificaciones de construcción vigentes para el proyecto.
C85: Nota 2: Cuando se trate de Análisis de precios unitarios de ítems no previstos, el interventor o supervisor aprueba el desglose y precio unitario de cada ítem no previsto, exigiendo la aplicación de los costos correspondientes a insumos y tarifas de la propuesta económica inicial cuando estén contemplados, cumpliendo con las especificaciones de construcción vigente para el proyecto.
H87: Firma
H88: Nombre:
H89: Representante Legal del Interventor o su apoderado o firma del supervisor
H90: Matricula No. :

Sheet APU1.12
B1: Formulario 1 - Propuesta económica - Documento tipo de mínima cuantía de obra pública de infraestructura social
B2: Versión: 1 de 21 de agosto de 2025
E7: INDERCAS
E9: ADECUACION Y MANTENIMIENTO DE LA INFRAESTRUCTURA DEPORTIVA DEL ESTADIO SANTIAGO DE LAS ATALAYAS DEL MUNICIPIO DE YOPAL - DEPARTAMENTO DE CASANARE. | L9: VERSIÓN
L11: PÁGINA | M11: 1 | N11: DE | O11: 1
E13: ANALISIS DE PRECIOS UNITARIOS
L15: FECHA
M16: 18 | N16: 8 | O16: 2026
C19: DATOS ESPECÍFICOS
C20: ÍTEM | D20: DESCRIPCIÓN | M20: UNIDAD | O20: CANTIDAD
C21: =+'PRESUPUESTO PRIMER PROCESO'!C28 -> 1.12 | D21: =+'PRESUPUESTO PRIMER PROCESO'!G28 -> Salida para iluminación, en tubería metálica tipo conduit EMT 1/2". Incluye: caja metálica semipesado 5800, accesorios de montaje, cable de cobre 3x12 AWG-THHN, Toma monofásica doble con polo a tierra 15A con tapa. | M21: =+'PRESUPUESTO PRIMER PROCESO'!H28 -> und | O21: =+'PRESUPUESTO PRIMER PROCESO'!I28 -> 20
C22: I. EQUIPO
C25: DESCRIPCIÓN | J25: TIPO | L25: TARIFA/HORA | M25: RENDIMIENTO | O25: Vr. UNITARIO
C26: Herramienta menor 10% M.O. FF Elec | J26: Eqp | L26: 6395 | M26: 2.1 | O26: =ROUND(L26*M26,0) -> 13430
C29: SUBTOTAL $ | O29: =SUM(O26:O28) -> 13430
C30: II. MATERIALES
C33: DESCRIPCIÓN | K33: UNIDAD | L33: CANTIDAD | M33: PRECIO UNIT. | O33: Vr. UNITARIO
C34: Cable de cobre 12 - AWG LHFR-LS 600 V 75°C - Libre de halogenos | K34: m | L34: 13.5 | M34: 3059 | O34: =ROUND(L34*M34,0) -> 41297
C35: Caja galvanizada semipesada tipo industrial 5800 | K35: und | L35: 1 | M35: 10009 | O35: =ROUND(L35*M35,0) -> 10009
C36: Chazo para tornillo de 1/8" x 1 1/4" | K36: und | L36: 6 | M36: 200 | O36: =ROUND(L36*M36,0) -> 1200
C37: onector terminal EMT 1/2" | K37: und | L37: 2 | M37: 830 | O37: =ROUND(L37*M37,0) -> 1660
C38: Conector terminal tipo resorte No 12 | K38: und | L38: 3 | M38: 496 | O38: =ROUND(L38*M38,0) -> 1488
C39: Grapa chanel zincada 1/2" calibre 14 | K39: und | L39: 3 | M39: 908 | O39: =ROUND(L39*M39,0) -> 2724
C40: Marquillas de identificacion | K40: und | L40: 1 | M40: 1200 | O40: =ROUND(L40*M40,0) -> 1200
C41: Tomacorriente doble con polo a tierra leviton o similar con tapa | K41: und | L41: 1 | M41: 7823 | O41: =ROUND(L41*M41,0) -> 7823
C42: Tornillo goloso de 1/8" x 1 1/4" | K42: und | L42: 6 | M42: 300 | O42: =ROUND(L42*M42,0) -> 1800
C43: Tubo galvanizado 1/2" x 3 m EMT | K43: und | L43: 1.5 | M43: 22136 | O43: =ROUND(L43*M43,0) -> 33204
C44: Union tipo EMT 1/2" | K44: und | L44: 1 | M44: 557 | O44: =ROUND(L44*M44,0) -> 557
C45: SUBTOTAL $ | O45: =SUM(O34:O44) -> 102962
C46: III. TRANSPORTES
C48: MATERIAL | J48: VOL. o PESO | K48: DISTANCIA | L48: M3 o Ton/Km | M48: TARIFA | O48: Vr. UNITARIO
C49: Transporte de materiales - t | J49: 0.1 | M49: 3858 | O49: =ROUND(J49*M49,0) -> 386
C51: SUBTOTAL $ | O51: =SUM(O49:O50) -> 386
C52: IV. MANO DE OBRA
C54: TRABAJADOR | J54: JORNAL | K54: PRESTACIONES | L54: JORNAL TOTAL | M54: RENDIMIENTO | O54: Vr. UNITARIO
C55: Cuadrilla FF (Electrica) | J55: h | K55: 63953 | M55: 2.1 | O55: =ROUND(K55*M55,0) -> 134301
C59: SUBTOTAL $ | O59: =SUM(O55:O58) -> 134301
C61: TOTAL COSTO DIRECTO $ | O61: =ROUND(O29+O45+O59+O51,0) -> 251079
C62: V. COSTOS INDIRECTOS
C63: Descripción | L63: Porcentaje | M63: Valor Total
C64: ADMINISTRACION | L64: 0.27 | M64: =O61 -> 251079 | O64: =ROUND(M64*L64,0) -> 67791
C65: IMPREVISTOS | L65: 0.02 | M65: =O61 -> 251079 | O65: =ROUND(M65*L65,0) -> 5022
C66: UTILIDAD | L66: 0.05 | M66: =O61 -> 251079 | O66: =ROUND(M66*L66,0) -> 12554
C67: SUBTOTAL $ | O67: =ROUND(SUM(O64:O66),2) -> 85367
C69: Precio Unitario Total Aproximado al peso $ | O69: =ROUND(O61+O67,2) -> 336446
H72: Firma
H73: Nombre: YOHANA GONZALEZ CEPEDA
H74: Profesional Contratado OAP
H75: Matricula No. :15202-278440 BYC
C81: APROBACIÓN POR INTERVENTORÍA O SUPERVISIÓN
C82: Nota 1: Cuando se trate de Análisis de precios unitarios correspondientes a ítems de la propuesta económica aprobada, el interventor o supervisor aprueba el desglose de los componentes manteniendo el mismo precio unitario de cada ítem, cumpliendo con las especificaciones de construcción vigentes para el proyecto.
C84: Nota 2: Cuando se trate de Análisis de precios unitarios de ítems no previstos, el interventor o supervisor aprueba el desglose y precio unitario de cada ítem no previsto, exigiendo la aplicación de los costos correspondientes a insumos y tarifas de la propuesta económica inicial cuando estén contemplados, cumpliendo con las especificaciones de construcción vigente para el proyecto.
H87: Firma
H88: Nombre:
H89: Representante Legal del Interventor o su apoderado o firma del supervisor
H90: Matricula No. :

Sheet APU1.13
B1: Formulario 1 - Propuesta económica - Documento tipo de mínima cuantía de obra pública de infraestructura social
B2: Versión: 1 de 21 de agosto de 2025
E7: INDERCAS
E9: ADECUACION Y MANTENIMIENTO DE LA INFRAESTRUCTURA DEPORTIVA DEL ESTADIO SANTIAGO DE LAS ATALAYAS DEL MUNICIPIO DE YOPAL - DEPARTAMENTO DE CASANARE. | L9: VERSIÓN
L11: PÁGINA | M11: 1 | N11: DE | O11: 1
E13: ANALISIS DE PRECIOS UNITARIOS
L15: FECHA
M16: 18 | N16: 8 | O16: 2026
C19: DATOS ESPECÍFICOS
C20: ÍTEM | D20: DESCRIPCIÓN | M20: UNIDAD | O20: CANTIDAD
C21: =+'PRESUPUESTO PRIMER PROCESO'!C29 -> 1.13 | D21: =+'PRESUPUESTO PRIMER PROCESO'!G29 -> Luminaria tipo panel led 60x60 cm, 110 V. Incluye: cable encauchetado 3x16 AWG, clavija de caucho y elementos de fijación. Suministro e instalación. | M21: =+'PRESUPUESTO PRIMER PROCESO'!H29 -> und | O21: =+'PRESUPUESTO PRIMER PROCESO'!I29 -> 20
C22: I. EQUIPO
C25: DESCRIPCIÓN | J25: TIPO | L25: TARIFA/HORA | M25: RENDIMIENTO | O25: Vr. UNITARIO
C26: Herramienta menor 10% M.O. FF Elec | J26: Eqp | L26: 6395 | M26: 0.4 | O26: =ROUND(L26*M26,0) -> 2558
C29: SUBTOTAL $ | O29: =SUM(O26:O28) -> 2558
C30: II. MATERIALES
C33: DESCRIPCIÓN | K33: UNIDAD | L33: CANTIDAD | M33: PRECIO UNIT. | O33: Vr. UNITARIO
C34: Cable de cobre encauchetado 3 x 16 AWG | K34: m | L34: 1.5 | M34: 5257 | O34: =ROUND(L34*M34,0) -> 7886
C35: Clavija de caucho | K35: und | L35: 1 | M35: 5853 | O35: =ROUND(L35*M35,0) -> 5853
C36: Conector terminal tipo resorte No 12 | K36: und | L36: 3 | M36: 496 | O36: =ROUND(L36*M36,0) -> 1488
C37: Luminaria smart panel led 60x60 cm 40w, 4000 lm 4000K | K37: und | L37: 1 | M37: 101565 | O37: =ROUND(L37*M37,0) -> 101565
C45: SUBTOTAL $ | O45: =SUM(O34:O44) -> 116792
C46: III. TRANSPORTES
C48: MATERIAL | J48: VOL. o PESO | K48: DISTANCIA | L48: M3 o Ton/Km | M48: TARIFA | O48: Vr. UNITARIO
C49: Transporte de materiales - t | J49: 0.006 | M49: 3858 | O49: =ROUND(J49*M49,0) -> 23
C51: SUBTOTAL $ | O51: =SUM(O49:O50) -> 23
C52: IV. MANO DE OBRA
C54: TRABAJADOR | J54: JORNAL | K54: PRESTACIONES | L54: JORNAL TOTAL | M54: RENDIMIENTO | O54: Vr. UNITARIO
C55: Cuadrilla FF (Electrica) | J55: h | K55: 63953 | M55: 0.4 | O55: =ROUND(K55*M55,0) -> 25581
C59: SUBTOTAL $ | O59: =SUM(O55:O58) -> 25581
C61: TOTAL COSTO DIRECTO $ | O61: =ROUND(O29+O45+O59+O51,0) -> 144954
C62: V. COSTOS INDIRECTOS
C63: Descripción | L63: Porcentaje | M63: Valor Total
C64: ADMINISTRACION | L64: 0.27 | M64: =O61 -> 144954 | O64: =ROUND(M64*L64,0) -> 39138
C65: IMPREVISTOS | L65: 0.02 | M65: =O61 -> 144954 | O65: =ROUND(M65*L65,0) -> 2899
C66: UTILIDAD | L66: 0.05 | M66: =O61 -> 144954 | O66: =ROUND(M66*L66,0) -> 7248
C67: SUBTOTAL $ | O67: =ROUND(SUM(O64:O66),2) -> 49285
C69: Precio Unitario Total Aproximado al peso $ | O69: =ROUND(O61+O67,2) -> 194239
H72: Firma
H73: Nombre: YOHANA GONZALEZ CEPEDA
H74: Profesional Contratado OAP
H75: Matricula No. :15202-278440 BYC
C77: OBSERVACIONES INTERVENTORÍA O SUPERVISIÓN
C81: APROBACIÓN POR INTERVENTORÍA O SUPERVISIÓN
C82: Nota 1: Cuando se trate de Análisis de precios unitarios correspondientes a ítems de la propuesta económica aprobada, el interventor o supervisor aprueba el desglose de los componentes manteniendo el mismo precio unitario de cada ítem, cumpliendo con las especificaciones de construcción vigentes para el proyecto.
C84: Nota 2: Cuando se trate de Análisis de precios unitarios de ítems no previstos, el interventor o supervisor aprueba el desglose y precio unitario de cada ítem no previsto, exigiendo la aplicación de los costos correspondientes a insumos y tarifas de la propuesta económica inicial cuando estén contemplados, cumpliendo con las especificaciones de construcción vigente para el proyecto.
H87: Firma
H88: Nombre:
H89: Representante Legal del Interventor o su apoderado o firma del supervisor
H90: Matricula No. :

Sheet APU 1.14
B1: Formulario 1 - Propuesta económica - Documento tipo de mínima cuantía de obra pública de infraestructura social
B2: Versión: 1 de 21 de agosto de 2025
E7: INDERCAS
E9: ADECUACION Y MANTENIMIENTO DE LA INFRAESTRUCTURA DEPORTIVA DEL ESTADIO SANTIAGO DE LAS ATALAYAS DEL MUNICIPIO DE YOPAL - DEPARTAMENTO DE CASANARE. | L9: VERSIÓN
L11: PÁGINA | M11: 1 | N11: DE | O11: 1
E13: ANALISIS DE PRECIOS UNITARIOS
L15: FECHA
M16: 18 | N16: 8 | O16: 2026
C19: DATOS ESPECÍFICOS
C20: ÍTEM | D20: DESCRIPCIÓN | M20: UNIDAD | O20: CANTIDAD
C21: =+'PRESUPUESTO PRIMER PROCESO'!C30 -> 1.14 | D21: =+'PRESUPUESTO PRIMER PROCESO'!G30 -> Caja de inspección CS-274. | M21: =+'PRESUPUESTO PRIMER PROCESO'!H30 -> und | O21: =+'PRESUPUESTO PRIMER PROCESO'!I30 -> 6
C22: I. EQUIPO
C25: DESCRIPCIÓN | J25: TIPO | L25: TARIFA/HORA | M25: RENDIMIENTO | O25: Vr. UNITARIO
C26: Herramienta menor 10% M.O. AA | J26: Eqp | L26: 4108 | M26: 4 | O26: =ROUND(L26*M26,0) -> 16432
C29: SUBTOTAL $ | O29: =SUM(O26:O28) -> 16432
C30: II. MATERIALES
C33: DESCRIPCIÓN | K33: UNIDAD | L33: CANTIDAD | M33: PRECIO UNIT. | O33: Vr. UNITARIO
C34: Ladrillo tolete comun | K34: und | L34: 180 | M34: 945 | O34: =ROUND(L34*M34,0) -> 170100
C35: Tabla chapa ordinaria 0.20 m | K35: m | L35: 2 | M35: 8132 | O35: =ROUND(L35*M35,0) -> 16264
C36: Triturado de 1/2" - 3/4" | K36: m3 | L36: 0.081 | M36: 80066 | O36: =ROUND(L36*M36,0) -> 6485
C37: Tapa para acometidas de BT y AP 715 x 715 x 60 mm | K37: und | L37: 1 | M37: 405945 | O37: =ROUND(L37*M37,0) -> 405945
C38: Concreto 3000 Psi 210 Kg/cm2 (Basico, 5% desperdicio) | K38: m³ | L38: 0.068 | M38: 579091 | O38: =ROUND(L38*M38,0) -> 39378
C39: Concreto 1500 Psi 105 kg/cm2 (Basico, 5% desperdicio) | K39: m³ | L39: 0.041 | M39: 497053 | O39: =ROUND(L39*M39,0) -> 20379
C40: Marco para acometidas de BT y AP 720 x 720 mm x 2 1/2" | K40: und | L40: 1 | M40: 218973 | O40: =ROUND(L40*M40,0) -> 218973
C41: Mortero 1:5 (desperdicio 5 %) | K41: m³ | L41: 0.12 | M41: 344984 | O41: =ROUND(L41*M41,0) -> 41398
C45: SUBTOTAL $ | O45: =SUM(O34:O44) -> 918922
C46: III. TRANSPORTES
C48: MATERIAL | J48: VOL. o PESO | K48: DISTANCIA | L48: M3 o Ton/Km | M48: TARIFA | O48: Vr. UNITARIO
C49: Transporte de materiales - t | J49: 0.63 | M49: 3858 | O49: =ROUND(J49*M49,0) -> 2431
C50: Transporte de material (triturado) - m³ | J50: 0.081 | M50: 12660 | O50: =ROUND(J50*M50,0) -> 1025
C51: SUBTOTAL $ | O51: =SUM(O49:O50) -> 3456
C52: IV. MANO DE OBRA
C54: TRABAJADOR | J54: JORNAL | K54: PRESTACIONES | L54: JORNAL TOTAL | M54: RENDIMIENTO | O54: Vr. UNITARIO
C55: Cuadrilla AA (Albañileria) | J55: h | K55: 41075 | M55: 4 | O55: =ROUND(K55*M55,0) -> 164300
C59: SUBTOTAL $ | O59: =SUM(O55:O58) -> 164300
C61: TOTAL COSTO DIRECTO $ | O61: =ROUND(O29+O45+O59+O51,0) -> 1103110
C62: V. COSTOS INDIRECTOS
C63: Descripción | L63: Porcentaje | M63: Valor Total
C64: ADMINISTRACION | L64: 0.27 | M64: =O61 -> 1103110 | O64: =ROUND(M64*L64,0) -> 297840
C65: IMPREVISTOS | L65: 0.02 | M65: =O61 -> 1103110 | O65: =ROUND(M65*L65,0) -> 22062
C66: UTILIDAD | L66: 0.05 | M66: =O61 -> 1103110 | O66: =ROUND(M66*L66,0) -> 55156
C67: SUBTOTAL $ | O67: =ROUND(SUM(O64:O66),2) -> 375058
C69: Precio Unitario Total Aproximado al peso $ | O69: =ROUND(O61+O67,2) -> 1478168
H72: Firma
H73: Nombre: YOHANA GONZALEZ CEPEDA
H74: Profesional Contratado OAP
H75: Matricula No. :15202-278440 BYC
C77: OBSERVACIONES INTERVENTORÍA O SUPERVISIÓN
C81: APROBACIÓN POR INTERVENTORÍA O SUPERVISIÓN
C82: Nota 1: Cuando se trate de Análisis de precios unitarios correspondientes a ítems de la propuesta económica aprobada, el interventor o supervisor aprueba el desglose de los componentes manteniendo el mismo precio unitario de cada ítem, cumpliendo con las especificaciones de construcción vigentes para el proyecto.
C84: Nota 2: Cuando se trate de Análisis de precios unitarios de ítems no previstos, el interventor o supervisor aprueba el desglose y precio unitario de cada ítem no previsto, exigiendo la aplicación de los costos correspondientes a insumos y tarifas de la propuesta económica inicial cuando estén contemplados, cumpliendo con las especificaciones de construcción vigente para el proyecto.
H87: Firma
H88: Nombre:
H89: Representante Legal del Interventor o su apoderado o firma del supervisor
H90: Matricula No. :

Sheet APU1.15
B1: Formulario 1 - Propuesta económica - Documento tipo de mínima cuantía de obra pública de infraestructura social
B2: Versión: 1 de 21 de agosto de 2025
E7: INDERCAS
E9: ADECUACION Y MANTENIMIENTO DE LA INFRAESTRUCTURA DEPORTIVA DEL ESTADIO SANTIAGO DE LAS ATALAYAS DEL MUNICIPIO DE YOPAL - DEPARTAMENTO DE CASANARE. | L9: VERSIÓN
L11: PÁGINA | M11: 1 | N11: DE | O11: 1
E13: ANALISIS DE PRECIOS UNITARIOS
L15: FECHA
M16: 18 | N16: 8 | O16: 2026
C19: DATOS ESPECÍFICOS
C20: ÍTEM | D20: DESCRIPCIÓN | M20: UNIDAD | O20: CANTIDAD
C21: =+'PRESUPUESTO PRIMER PROCESO'!C31 -> 1.15 | D21: =+'PRESUPUESTO PRIMER PROCESO'!G31 -> Acometida en conductor de aluminio S8000 4x2 AWG THW 600 V 75° +1x8T cobre desnudo AWG. Suministro e instalacion | M21: =+'PRESUPUESTO PRIMER PROCESO'!H31 -> m | O21: =+'PRESUPUESTO PRIMER PROCESO'!I31 -> 160
C22: I. EQUIPO
C25: DESCRIPCIÓN | J25: TIPO | L25: TARIFA/HORA | M25: RENDIMIENTO | O25: Vr. UNITARIO
C26: Herramienta menor 10% M.O. FF Elec | J26: Eqp | L26: 6395 | M26: 0.16 | O26: =ROUND(L26*M26,0) -> 1023
C29: SUBTOTAL $ | O29: =SUM(O26:O28) -> 1023
C30: II. MATERIALES
C33: DESCRIPCIÓN | K33: UNIDAD | L33: CANTIDAD | M33: PRECIO UNIT. | O33: Vr. UNITARIO
C34: Cable 2 AWG Aluminio AA8000 THHW TC 600V 90C | K34: m | L34: 4.12 | M34: 5176 | O34: =ROUND(M34*L34,0) -> 21325
C35: Cable de cobre desnudo AWG Nº 8 | K35: m | L35: 1.03 | M35: 6135 | O35: =ROUND(M35*L35,0) -> 6319
C45: SUBTOTAL $ | O45: =SUM(O34:O44) -> 27644
C46: III. TRANSPORTES
C48: MATERIAL | J48: VOL. o PESO | K48: DISTANCIA | L48: M3 o Ton/Km | M48: TARIFA | O48: Vr. UNITARIO
C51: SUBTOTAL $ | O51: 0
C52: IV. MANO DE OBRA
C54: TRABAJADOR | J54: JORNAL | K54: PRESTACIONES | L54: JORNAL TOTAL | M54: RENDIMIENTO | O54: Vr. UNITARIO
C55: Cuadrilla FF (Electrica) | J55: h | K55: 63953 | M55: 0.16 | O55: =ROUND(K55*M55,0) -> 10232
C59: SUBTOTAL $ | O59: =SUM(O55:O58) -> 10232
C61: TOTAL COSTO DIRECTO $ | O61: =ROUND(O29+O45+O59+O51,0) -> 38899
C62: V. COSTOS INDIRECTOS
C63: Descripción | L63: Porcentaje | M63: Valor Total
C64: ADMINISTRACION | L64: 0.27 | M64: =O61 -> 38899 | O64: =ROUND(M64*L64,0) -> 10503
C65: IMPREVISTOS | L65: 0.02 | M65: =O61 -> 38899 | O65: =ROUND(M65*L65,0) -> 778
C66: UTILIDAD | L66: 0.05 | M66: =O61 -> 38899 | O66: =ROUND(M66*L66,0) -> 1945
C67: SUBTOTAL $ | O67: =ROUND(SUM(O64:O66),2) -> 13226
C69: Precio Unitario Total Aproximado al peso $ | O69: =ROUND(O61+O67,2) -> 52125
H72: Firma
H73: Nombre: YOHANA GONZALEZ CEPEDA
H74: Profesional Contratado OAP
H75: Matricula No. :15202-278440 BYC
C77: OBSERVACIONES INTERVENTORÍA O SUPERVISIÓN
C81: APROBACIÓN POR INTERVENTORÍA O SUPERVISIÓN
C82: Nota 1: Cuando se trate de Análisis de precios unitarios correspondientes a ítems de la propuesta económica aprobada, el interventor o supervisor aprueba el desglose de los componentes manteniendo el mismo precio unitario de cada ítem, cumpliendo con las especificaciones de construcción vigentes para el proyecto.
C84: Nota 2: Cuando se trate de Análisis de precios unitarios de ítems no previstos, el interventor o supervisor aprueba el desglose y precio unitario de cada ítem no previsto, exigiendo la aplicación de los costos correspondientes a insumos y tarifas de la propuesta económica inicial cuando estén contemplados, cumpliendo con las especificaciones de construcción vigente para el proyecto.
H87: Firma
H88: Nombre:
H89: Representante Legal del Interventor o su apoderado o firma del supervisor
H90: Matricula No. :

Sheet APU 1.16
B1: Formulario 1 - Propuesta económica - Documento tipo de mínima cuantía de obra pública de infraestructura social
B2: Versión: 1 de 21 de agosto de 2025
E7: INDERCAS
E9: ADECUACION Y MANTENIMIENTO DE LA INFRAESTRUCTURA DEPORTIVA DEL ESTADIO SANTIAGO DE LAS ATALAYAS DEL MUNICIPIO DE YOPAL - DEPARTAMENTO DE CASANARE. | L9: VERSIÓN
L11: PÁGINA | M11: 1 | N11: DE | O11: 1
E13: ANALISIS DE PRECIOS UNITARIOS
L15: FECHA
M16: 18 | N16: 8 | O16: 2026
C19: DATOS ESPECÍFICOS
C20: ÍTEM | D20: DESCRIPCIÓN | M20: UNIDAD | O20: CANTIDAD
C21: =+'PRESUPUESTO PRIMER PROCESO'!C32 -> 1.16 | D21: =+'PRESUPUESTO PRIMER PROCESO'!G32 -> Varilla de puesta a tierra Copperweld 5/8"x2.4 m para bajantes del sistema de apantallamiento. Incluye: suelo artificial, soldadura exotérmica, cable de cobre desnudo AWG Nº 2. Suministro e instalacion | M21: =+'PRESUPUESTO PRIMER PROCESO'!H32 -> und | O21: =+'PRESUPUESTO PRIMER PROCESO'!I32 -> 2
C22: I. EQUIPO
C25: DESCRIPCIÓN | J25: TIPO | L25: TARIFA/HORA | M25: RENDIMIENTO | O25: Vr. UNITARIO
C26: Herramienta menor 10% M.O. FF-1 Elc. Esp | J26: Eqp | L26: 12503 | M26: 2 | O26: =ROUND(L26*M26,0) -> 25006
C29: SUBTOTAL $ | O29: =SUM(O26:O28) -> 25006
C30: II. MATERIALES
C33: DESCRIPCIÓN | K33: UNIDAD | L33: CANTIDAD | M33: PRECIO UNIT. | O33: Vr. UNITARIO
C34: Bulto de suelo artificial x 25 kg | K34: und | L34: 1 | M34: 151235 | O34: =ROUND(M34*L34,0) -> 151235
C35: Cable de cobre desnudo AWG Nº 2 | K35: m | L35: 3 | M35: 23224 | O35: =ROUND(M35*L35,0) -> 69672
C36: Soldadura exotermica 115 gr | K36: und | L36: 1 | M36: 17786 | O36: =ROUND(M36*L36,0) -> 17786
C37: Varilla de cobre de 5/8" x 2,4 m al 99% | K37: und | L37: 1 | M37: 230650 | O37: =ROUND(M37*L37,0) -> 230650
C45: SUBTOTAL $ | O45: =SUM(O34:O44) -> 469343
C46: III. TRANSPORTES
C48: MATERIAL | J48: VOL. o PESO | K48: DISTANCIA | L48: M3 o Ton/Km | M48: TARIFA | O48: Vr. UNITARIO
C49: Transporte de materiales - t | J49: 0.028 | M49: 3858 | O49: =ROUND(M49*J49,0) -> 108
C51: SUBTOTAL $ | O51: =SUM(O49:O50) -> 108
C52: IV. MANO DE OBRA
C54: TRABAJADOR | J54: JORNAL | K54: PRESTACIONES | L54: JORNAL TOTAL | M54: RENDIMIENTO | O54: Vr. UNITARIO
C55: Cuadrilla FF-1 (Electrica Especializada) | J55: h | K55: 125031 | M55: 2 | O55: =ROUND(K55*M55,0) -> 250062
C59: SUBTOTAL $ | O59: =SUM(O55:O58) -> 250062
C61: TOTAL COSTO DIRECTO $ | O61: =ROUND(O29+O45+O59+O51,0) -> 744519
C62: V. COSTOS INDIRECTOS
C63: Descripción | L63: Porcentaje | M63: Valor Total
C64: ADMINISTRACION | L64: 0.27 | M64: =O61 -> 744519 | O64: =ROUND(M64*L64,0) -> 201020
C65: IMPREVISTOS | L65: 0.02 | M65: =O61 -> 744519 | O65: =ROUND(M65*L65,0) -> 14890
C66: UTILIDAD | L66: 0.05 | M66: =O61 -> 744519 | O66: =ROUND(M66*L66,0) -> 37226
C67: SUBTOTAL $ | O67: =ROUND(SUM(O64:O66),2) -> 253136
C69: Precio Unitario Total Aproximado al peso $ | O69: =ROUND(O61+O67,2) -> 997655
H72: Firma
H73: Nombre: YOHANA GONZALEZ CEPEDA
H74: Profesional Contratado OAP
H75: Matricula No. :15202-278440 BYC
C77: OBSERVACIONES INTERVENTORÍA O SUPERVISIÓN
C81: APROBACIÓN POR INTERVENTORÍA O SUPERVISIÓN
C82: Nota 1: Cuando se trate de Análisis de precios unitarios correspondientes a ítems de la propuesta económica aprobada, el interventor o supervisor aprueba el desglose de los componentes manteniendo el mismo precio unitario de cada ítem, cumpliendo con las especificaciones de construcción vigentes para el proyecto.
C84: Nota 2: Cuando se trate de Análisis de precios unitarios de ítems no previstos, el interventor o supervisor aprueba el desglose y precio unitario de cada ítem no previsto, exigiendo la aplicación de los costos correspondientes a insumos y tarifas de la propuesta económica inicial cuando estén contemplados, cumpliendo con las especificaciones de construcción vigente para el proyecto.
H87: Firma
H88: Nombre:
H89: Representante Legal del Interventor o su apoderado o firma del supervisor
H90: Matricula No. :

Sheet APU 2.1
B1: Formulario 1 - Propuesta económica - Documento tipo de mínima cuantía de obra pública de infraestructura social
B2: Versión: 1 de 21 de agosto de 2025
E7: INDERCAS
E9: ADECUACION Y MANTENIMIENTO DE LA INFRAESTRUCTURA DEPORTIVA DEL ESTADIO SANTIAGO DE LAS ATALAYAS DEL MUNICIPIO DE YOPAL - DEPARTAMENTO DE CASANARE. | L9: VERSIÓN
L11: PÁGINA | M11: 1 | N11: DE | O11: 1
E13: ANALISIS DE PRECIOS UNITARIOS
L15: FECHA
M16: 18 | N16: 8 | O16: 2026
C19: DATOS ESPECÍFICOS
C20: ÍTEM | D20: DESCRIPCIÓN | M20: UNIDAD | O20: CANTIDAD
C21: =+'PRESUPUESTO PRIMER PROCESO'!C37 -> 2.1 | D21: =+'PRESUPUESTO PRIMER PROCESO'!G37 -> Cielo raso en lamina PVC 10 mm (incluye cornisa) | M21: =+'PRESUPUESTO PRIMER PROCESO'!H37 -> m2 | O21: =+'PRESUPUESTO PRIMER PROCESO'!I37 -> 25
C22: I. EQUIPO
C25: DESCRIPCIÓN | J25: TIPO | L25: TARIFA/HORA | M25: RENDIMIENTO | O25: Vr. UNITARIO
C26: Herramienta menor 10% M.O. DD | J26: Eqp | L26: 5136 | M26: 1.1 | O26: =ROUND(L26*M26,0) -> 5650
C29: SUBTOTAL $ | O29: =SUM(O26:O28) -> 5650
C30: II. MATERIALES
C33: DESCRIPCIÓN | K33: UNIDAD | L33: CANTIDAD | M33: PRECIO UNIT. | O33: Vr. UNITARIO
C34: Angulo 25 x 25 mm Cal 26 de 2.44 m | K34: und | L34: 0.42 | M34: 3165 | O34: =ROUND(L34*M34,0) -> 1329
C35: Canal o vigueta 38 x 20 cal. 26 de 2.44 m | K35: und | L35: 0.56 | M35: 4562 | O35: =ROUND(L35*M35,0) -> 2555
C36: Corniza blanca PVC 3.0 m | K36: und | L36: 0.25 | M36: 15828 | O36: =ROUND(L36*M36,0) -> 3957
C37: Lamina PVC 10 mm ancho 25 - 30 cm | K37: m² | L37: 1 | M37: 52531 | O37: =ROUND(L37*M37,0) -> 52531
C38: Perfil angular blanco PVC 3.0 m | K38: und | L38: 0.0375 | M38: 22658 | O38: =ROUND(L38*M38,0) -> 850
C39: Perfil omega Cal 26 2.44 | K39: und | L39: 0.81 | M39: 4306 | O39: =ROUND(L39*M39,0) -> 3488
C40: Tornillo estructura drywall punta aguda 7 mm x 7/16" | K40: und | L40: 15 | M40: 39 | O40: =ROUND(L40*M40,0) -> 585
C41: Tornillo punta aguda 6 mm x 1" drywall | K41: und | L41: 9 | M41: 38 | O41: =ROUND(L41*M41,0) -> 342
C45: SUBTOTAL $ | O45: =SUM(O34:O44) -> 65637
C46: III. TRANSPORTES
C48: MATERIAL | J48: VOL. o PESO | K48: DISTANCIA | L48: M3 o Ton/Km | M48: TARIFA | O48: Vr. UNITARIO
C49: Transporte de materiales - t | J49: 0.01 | M49: 3858 | O49: =ROUND(J49*M49,0) -> 39
C51: SUBTOTAL $ | O51: =SUM(O49:O50) -> 39
C52: IV. MANO DE OBRA
C54: TRABAJADOR | J54: JORNAL | K54: PRESTACIONES | L54: JORNAL TOTAL | M54: RENDIMIENTO | O54: Vr. UNITARIO
C55: Cuadrilla DD (Carpinteria de madera) | J55: h | K55: 51359 | M55: 1.1 | O55: =ROUND(K55*M55,0) -> 56495
C59: SUBTOTAL $ | O59: =SUM(O55:O58) -> 56495
C61: TOTAL COSTO DIRECTO $ | O61: =ROUND(O29+O45+O59+O51,0) -> 127821
C62: V. COSTOS INDIRECTOS
C63: Descripción | L63: Porcentaje | M63: Valor Total
C64: ADMINISTRACION | L64: 0.27 | M64: =O61 -> 127821 | O64: =ROUND(M64*L64,0) -> 34512
C65: IMPREVISTOS | L65: 0.02 | M65: =O61 -> 127821 | O65: =ROUND(M65*L65,0) -> 2556
C66: UTILIDAD | L66: 0.05 | M66: =O61 -> 127821 | O66: =ROUND(M66*L66,0) -> 6391
C67: SUBTOTAL $ | O67: =ROUND(SUM(O64:O66),2) -> 43459
C69: Precio Unitario Total Aproximado al peso $ | O69: =ROUND(O61+O67,2) -> 171280
H72: Firma
H73: Nombre: YOHANA GONZALEZ CEPEDA
H74: Profesional Contratado OAP
H75: Matricula No. :15202-278440 BYC
C77: OBSERVACIONES INTERVENTORÍA O SUPERVISIÓN
C81: APROBACIÓN POR INTERVENTORÍA O SUPERVISIÓN
C82: Nota 1: Cuando se trate de Análisis de precios unitarios correspondientes a ítems de la propuesta económica aprobada, el interventor o supervisor aprueba el desglose de los componentes manteniendo el mismo precio unitario de cada ítem, cumpliendo con las especificaciones de construcción vigentes para el proyecto.
C84: Nota 2: Cuando se trate de Análisis de precios unitarios de ítems no previstos, el interventor o supervisor aprueba el desglose y precio unitario de cada ítem no previsto, exigiendo la aplicación de los costos correspondientes a insumos y tarifas de la propuesta económica inicial cuando estén contemplados, cumpliendo con las especificaciones de construcción vigente para el proyecto.
H87: Firma
H88: Nombre:
H89: Representante Legal del Interventor o su apoderado o firma del supervisor
H90: Matricula No. :

Sheet APU 2.2
B1: Formulario 1 - Propuesta económica - Documento tipo de mínima cuantía de obra pública de infraestructura social
B2: Versión: 1 de 21 de agosto de 2025
E7: INDERCAS
E9: ADECUACION Y MANTENIMIENTO DE LA INFRAESTRUCTURA DEPORTIVA DEL ESTADIO SANTIAGO DE LAS ATALAYAS DEL MUNICIPIO DE YOPAL - DEPARTAMENTO DE CASANARE. | L9: VERSIÓN
L11: PÁGINA | M11: 1 | N11: DE | O11: 1
E13: ANALISIS DE PRECIOS UNITARIOS
L15: FECHA
M16: 18 | N16: 8 | O16: 2026
C19: DATOS ESPECÍFICOS
C20: ÍTEM | D20: DESCRIPCIÓN | M20: UNIDAD | O20: CANTIDAD
C21: =+'PRESUPUESTO PRIMER PROCESO'!C38 -> 2.2 | D21: =+'PRESUPUESTO PRIMER PROCESO'!G38 -> Grama sintetica tipo monofilamentada 20 mm, tejido tufting, peso 840gr/m2, trafico pesado, sistema de instalación pegado, tela base Polipropileno con protección UV, estructura C-shape. | M21: =+'PRESUPUESTO PRIMER PROCESO'!H38 -> m2 | O21: =+'PRESUPUESTO PRIMER PROCESO'!I38 -> 25
C22: I. EQUIPO
C25: DESCRIPCIÓN | J25: TIPO | L25: TARIFA/HORA | M25: RENDIMIENTO | O25: Vr. UNITARIO
J26: Eqp | O26: =ROUND(L26*M26,0) -> 0
C29: SUBTOTAL $ | O29: =SUM(O26:O28) -> 0
C30: II. MATERIALES
C33: DESCRIPCIÓN | K33: UNIDAD | L33: CANTIDAD | M33: PRECIO UNIT. | O33: Vr. UNITARIO
C34: =+D21 -> Grama sintetica tipo monofilamentada 20 mm, tejido tufting, peso 840gr/m2, trafico pesado, sistema de instalación pegado, tela base Polipropileno con protección UV, estructura C-shape. | K34: m2 | L34: 1 | M34: =176497 -> 176497 | O34: =ROUND(L34*M34,0) -> 176497
M35: ,
C45: SUBTOTAL $ | O45: =SUM(O34:O44) -> 176497
C46: III. TRANSPORTES
C48: MATERIAL | J48: VOL. o PESO | K48: DISTANCIA | L48: M3 o Ton/Km | M48: TARIFA | O48: Vr. UNITARIO
C49: Transporte de materiales - t | O49: =ROUND(J49*M49,0) -> 0
C51: SUBTOTAL $ | O51: =SUM(O49:O50) -> 0
C52: IV. MANO DE OBRA
C54: TRABAJADOR | J54: JORNAL | K54: PRESTACIONES | L54: JORNAL TOTAL | M54: RENDIMIENTO | O54: Vr. UNITARIO
C55: Cuadrilla DD (Carpinteria de madera) | J55: h | O55: =ROUND(K55*M55,0) -> 0
C59: SUBTOTAL $ | O59: =SUM(O55:O58) -> 0
C61: TOTAL COSTO DIRECTO $ | O61: =ROUND(O29+O45+O59+O51,0) -> 176497
C62: V. COSTOS INDIRECTOS
C63: Descripción | L63: Porcentaje | M63: Valor Total
C64: IVA | L64: 0.19 | M64: =+O61 -> 176497 | O64: =ROUND(M64*L64,0) -> 33534
C65: ADMINISTRACION | L65: 0.27 | O65: =ROUND(M65*L65,0) -> 0
C66: IMPREVISTOS | L66: 0.02 | O66: =ROUND(M66*L66,0) -> 0
C67: UTILIDAD | L67: 0.05 | O67: =ROUND(M67*L67,0) -> 0
C68: SUBTOTAL $ | O68: =+O64 -> 33534
C70: Precio Unitario Total Aproximado al peso $ | O70: =ROUND(O61+O68,0)+1 -> 210032
H73: Firma
H74: Nombre: YOHANA GONZALEZ CEPEDA
H75: Profesional Contratado OAP
H76: Matricula No. :15202-278440 BYC
C78: OBSERVACIONES INTERVENTORÍA O SUPERVISIÓN
C82: APROBACIÓN POR INTERVENTORÍA O SUPERVISIÓN
C83: Nota 1: Cuando se trate de Análisis de precios unitarios correspondientes a ítems de la propuesta económica aprobada, el interventor o supervisor aprueba el desglose de los componentes manteniendo el mismo precio unitario de cada ítem, cumpliendo con las especificaciones de construcción vigentes para el proyecto.
C85: Nota 2: Cuando se trate de Análisis de precios unitarios de ítems no previstos, el interventor o supervisor aprueba el desglose y precio unitario de cada ítem no previsto, exigiendo la aplicación de los costos correspondientes a insumos y tarifas de la propuesta económica inicial cuando estén contemplados, cumpliendo con las especificaciones de construcción vigente para el proyecto.
H88: Firma
H89: Nombre:
H90: Representante Legal del Interventor o su apoderado o firma del supervisor
H91: Matricula No. :

Sheet APU 2.3
B1: Formulario 1 - Propuesta económica - Documento tipo de mínima cuantía de obra pública de infraestructura social
B2: Versión: 1 de 21 de agosto de 2025
E7: INDERCAS
E9: ADECUACION Y MANTENIMIENTO DE LA INFRAESTRUCTURA DEPORTIVA DEL ESTADIO SANTIAGO DE LAS ATALAYAS DEL MUNICIPIO DE YOPAL - DEPARTAMENTO DE CASANARE. | L9: VERSIÓN
L11: PÁGINA | M11: 1 | N11: DE | O11: 1
E13: ANALISIS DE PRECIOS UNITARIOS
L15: FECHA
M16: 18 | N16: 8 | O16: 2026
C19: DATOS ESPECÍFICOS
C20: ÍTEM | D20: DESCRIPCIÓN | M20: UNIDAD | O20: CANTIDAD
C21: =+'PRESUPUESTO PRIMER PROCESO'!C39 -> 2.3 | D21: =+'PRESUPUESTO PRIMER PROCESO'!G39 -> Pegante PL285, presentación en cuñetes 4.5 Galones | M21: =+'PRESUPUESTO PRIMER PROCESO'!H39 -> und | O21: =+'PRESUPUESTO PRIMER PROCESO'!I39 -> 2
C22: I. EQUIPO
C25: DESCRIPCIÓN | J25: TIPO | L25: TARIFA/HORA | M25: RENDIMIENTO | O25: Vr. UNITARIO
J26: Eqp | O26: =ROUND(L26*M26,0) -> 0
C29: SUBTOTAL $ | O29: =SUM(O26:O28) -> 0
C30: II. MATERIALES
C33: DESCRIPCIÓN | K33: UNIDAD | L33: CANTIDAD | M33: PRECIO UNIT. | O33: Vr. UNITARIO
C34: =+D21 -> Pegante PL285, presentación en cuñetes 4.5 Galones | K34: m2 | L34: 1 | M34: 1144730 | O34: =ROUND(L34*M34,0) -> 1144730
C45: SUBTOTAL $ | O45: =SUM(O34:O44) -> 1144730
C46: III. TRANSPORTES
C48: MATERIAL | J48: VOL. o PESO | K48: DISTANCIA | L48: M3 o Ton/Km | M48: TARIFA | O48: Vr. UNITARIO
C49: Transporte de materiales - t | O49: =ROUND(J49*M49,0) -> 0
C51: SUBTOTAL $ | O51: =SUM(O49:O50) -> 0
C52: IV. MANO DE OBRA
C54: TRABAJADOR | J54: JORNAL | K54: PRESTACIONES | L54: JORNAL TOTAL | M54: RENDIMIENTO | O54: Vr. UNITARIO
C55: Cuadrilla AA (Albañileria) | J55: h | K55: 41075 | M55: 0.9091 | O55: =ROUND(K55*M55,0) -> 37341
C59: SUBTOTAL $ | O59: =SUM(O55:O58) -> 37341
C61: TOTAL COSTO DIRECTO $ | O61: =ROUND(O29+O45+O59+O51,0) -> 1182071
C62: V. COSTOS INDIRECTOS
C63: Descripción | L63: Porcentaje | M63: Valor Total
C64: IVA | L64: 0.19 | M64: =+O61 -> 1182071 | O64: =ROUND(M64*L64,0) -> 224593
C65: ADMINISTRACION | L65: 0.27 | O65: =ROUND(M65*L65,0) -> 0
C66: IMPREVISTOS | L66: 0.02 | O66: =ROUND(M66*L66,0) -> 0
C67: UTILIDAD | L67: 0.05 | O67: =ROUND(M67*L67,0) -> 0
C68: SUBTOTAL $ | O68: =+O64 -> 224593
C70: Precio Unitario Total Aproximado al peso $ | O70: =ROUND(O61+O68,0)+1 -> 1406665
H73: Firma
H74: Nombre: YOHANA GONZALEZ CEPEDA
H75: Profesional Contratado OAP
H76: Matricula No. :15202-278440 BYC
C78: OBSERVACIONES INTERVENTORÍA O SUPERVISIÓN
C82: APROBACIÓN POR INTERVENTORÍA O SUPERVISIÓN
C83: Nota 1: Cuando se trate de Análisis de precios unitarios correspondientes a ítems de la propuesta económica aprobada, el interventor o supervisor aprueba el desglose de los componentes manteniendo el mismo precio unitario de cada ítem, cumpliendo con las especificaciones de construcción vigentes para el proyecto.
C85: Nota 2: Cuando se trate de Análisis de precios unitarios de ítems no previstos, el interventor o supervisor aprueba el desglose y precio unitario de cada ítem no previsto, exigiendo la aplicación de los costos correspondientes a insumos y tarifas de la propuesta económica inicial cuando estén contemplados, cumpliendo con las especificaciones de construcción vigente para el proyecto.
H88: Firma
H89: Nombre:
H90: Representante Legal del Interventor o su apoderado o firma del supervisor
H91: Matricula No. :

Sheet APU 2,4
B1: Formulario 1 - Propuesta económica - Documento tipo de mínima cuantía de obra pública de infraestructura social
B2: Versión: 1 de 21 de agosto de 2025
E7: INDERCAS
E9: ADECUACION Y MANTENIMIENTO DE LA INFRAESTRUCTURA DEPORTIVA DEL ESTADIO SANTIAGO DE LAS ATALAYAS DEL MUNICIPIO DE YOPAL - DEPARTAMENTO DE CASANARE. | L9: VERSIÓN
L11: PÁGINA | M11: 1 | N11: DE | O11: 1
E13: ANALISIS DE PRECIOS UNITARIOS
L15: FECHA
M16: 18 | N16: 8 | O16: 2026
C19: DATOS ESPECÍFICOS
C20: ÍTEM | D20: DESCRIPCIÓN | M20: UNIDAD | O20: CANTIDAD
C21: =+'PRESUPUESTO PRIMER PROCESO'!C40 -> 2.4 | D21: =+'PRESUPUESTO PRIMER PROCESO'!G40 -> Pintura vinilo interior sobre pañete 3 manos | M21: =+'PRESUPUESTO PRIMER PROCESO'!H40 -> m2 | O21: =+'PRESUPUESTO PRIMER PROCESO'!I40 -> 28
C22: I. EQUIPO
C25: DESCRIPCIÓN | J25: TIPO | L25: TARIFA/HORA | M25: RENDIMIENTO | O25: Vr. UNITARIO
C26: Herramienta menor 10% M.O. CC-1 | J26: Eqp | L26: 5689 | M26: 0.2222 | O26: =ROUND(L26*M26,0) -> 1264
C29: SUBTOTAL $ | O29: =SUM(O26:O28) -> 1264
C30: II. MATERIALES
C33: DESCRIPCIÓN | K33: UNIDAD | L33: CANTIDAD | M33: PRECIO UNIT. | O33: Vr. UNITARIO
C34: Tablon de madera de 3 x 0.25 x 0.05 (alquiler) | K34: sm | L34: 0.009 | M34: 7118 | O34: =ROUND(M34*L34,0) -> 64
C35: Vinilo interiores calidad tipo 1 tipo viniltex de Pintuco o similar | K35: gal | L35: 0.06 | M35: 84036 | O35: =ROUND(M35*L35,0) -> 5042
C36: Andamio tubular estandar con tijeras | K36: mes | L36: 0.0022 | M36: 39700 | O36: =ROUND(M36*L36,0) -> 87
C45: SUBTOTAL $ | O45: =SUM(O34:O44) -> 5193
C46: III. TRANSPORTES
C48: MATERIAL | J48: VOL. o PESO | K48: DISTANCIA | L48: M3 o Ton/Km | M48: TARIFA | O48: Vr. UNITARIO
C49: Transporte de materiales - t | J49: 0.0002 | M49: 3858 | O49: =ROUND(M49*J49,0) -> 1
C51: SUBTOTAL $ | O51: =SUM(O49:O50) -> 1
C52: IV. MANO DE OBRA
C54: TRABAJADOR | J54: JORNAL | K54: PRESTACIONES | L54: JORNAL TOTAL | M54: RENDIMIENTO | O54: Vr. UNITARIO
C55: Cuadrilla CC-1 (Pintura) | J55: h | K55: 56885 | M55: 0.2222 | O55: =ROUND(K55*M55,0) -> 12640
C59: SUBTOTAL $ | O59: =SUM(O55:O58) -> 12640
C61: TOTAL COSTO DIRECTO $ | O61: =ROUND(O29+O45+O59+O51,0) -> 19098
C62: V. COSTOS INDIRECTOS
C63: Descripción | L63: Porcentaje | M63: Valor Total
C64: ADMINISTRACION | L64: 0.27 | M64: =O61 -> 19098 | O64: =ROUND(M64*L64,0) -> 5156
C65: IMPREVISTOS | L65: 0.02 | M65: =O61 -> 19098 | O65: =ROUND(M65*L65,0) -> 382
C66: UTILIDAD | L66: 0.05 | M66: =O61 -> 19098 | O66: =ROUND(M66*L66,0) -> 955
C67: SUBTOTAL $ | O67: =ROUND(SUM(O64:O66),2) -> 6493
C69: Precio Unitario Total Aproximado al peso $ | O69: =ROUND(O61+O67,2) -> 25591
H72: Firma
H73: Nombre: YOHANA GONZALEZ CEPEDA
H74: Profesional Contratado OAP
H75: Matricula No. :15202-278440 BYC
C77: OBSERVACIONES INTERVENTORÍA O SUPERVISIÓN
C81: APROBACIÓN POR INTERVENTORÍA O SUPERVISIÓN
C82: Nota 1: Cuando se trate de Análisis de precios unitarios correspondientes a ítems de la propuesta económica aprobada, el interventor o supervisor aprueba el desglose de los componentes manteniendo el mismo precio unitario de cada ítem, cumpliendo con las especificaciones de construcción vigentes para el proyecto.
C84: Nota 2: Cuando se trate de Análisis de precios unitarios de ítems no previstos, el interventor o supervisor aprueba el desglose y precio unitario de cada ítem no previsto, exigiendo la aplicación de los costos correspondientes a insumos y tarifas de la propuesta económica inicial cuando estén contemplados, cumpliendo con las especificaciones de construcción vigente para el proyecto.
H87: Firma
H88: Nombre:
H89: Representante Legal del Interventor o su apoderado o firma del supervisor
H90: Matricula No. :

Sheet APU 2.5
B1: Formulario 1 - Propuesta económica - Documento tipo de mínima cuantía de obra pública de infraestructura social
B2: Versión: 1 de 21 de agosto de 2025
E7: INDERCAS
E9: ADECUACION Y MANTENIMIENTO DE LA INFRAESTRUCTURA DEPORTIVA DEL ESTADIO SANTIAGO DE LAS ATALAYAS DEL MUNICIPIO DE YOPAL - DEPARTAMENTO DE CASANARE. | L9: VERSIÓN
L11: PÁGINA | M11: 1 | N11: DE | O11: 1
E13: ANALISIS DE PRECIOS UNITARIOS
L15: FECHA
M16: 18 | N16: 8 | O16: 2026
C19: DATOS ESPECÍFICOS
C20: ÍTEM | D20: DESCRIPCIÓN | M20: UNIDAD | O20: CANTIDAD
C21: =+'PRESUPUESTO PRIMER PROCESO'!C43 -> 2.5 | D21: =+'PRESUPUESTO PRIMER PROCESO'!G43 -> Ducha conjunto individual tipo cromada con registro full paso de 1/2" | M21: =+'PRESUPUESTO PRIMER PROCESO'!H43 -> und | O21: =+'PRESUPUESTO PRIMER PROCESO'!I43 -> 3
C22: I. EQUIPO
C25: DESCRIPCIÓN | J25: TIPO | L25: TARIFA/HORA | M25: RENDIMIENTO | O25: Vr. UNITARIO
C26: Herramienta menor 10% M.O. BB | J26: Eqp | L26: 48421 | M26: 0.33 | O26: =ROUND(L26*M26,0) -> 15979
C29: SUBTOTAL $ | O29: =SUM(O26:O28) -> 15979
C30: II. MATERIALES
C33: DESCRIPCIÓN | K33: UNIDAD | L33: CANTIDAD | M33: PRECIO UNIT. | O33: Vr. UNITARIO
C34: =+D21 -> Ducha conjunto individual tipo cromada con registro full paso de 1/2" | K34: und | L34: 1 | M34: 89496 | O34: =ROUND(M34*L34,0) -> 89496
C45: SUBTOTAL $ | O45: =SUM(O34:O44) -> 89496
C46: III. TRANSPORTES
C48: MATERIAL | J48: VOL. o PESO | K48: DISTANCIA | L48: M3 o Ton/Km | M48: TARIFA | O48: Vr. UNITARIO
O49: =ROUND(M49*J49,0) -> 0
C51: SUBTOTAL $ | O51: =SUM(O49:O50) -> 0
C52: IV. MANO DE OBRA
C54: TRABAJADOR | J54: JORNAL | K54: PRESTACIONES | L54: JORNAL TOTAL | M54: RENDIMIENTO | O54: Vr. UNITARIO
C55: Cuadrilla BB (Instalaciones) | J55: h | K55: 48421 | M55: 0.3333 | O55: =ROUND(K55*M55,0) -> 16139
C59: SUBTOTAL $ | O59: =SUM(O55:O58) -> 16139
C61: TOTAL COSTO DIRECTO $ | O61: =ROUND(O29+O45+O59+O51,0) -> 121614
C62: V. COSTOS INDIRECTOS
C63: Descripción | L63: Porcentaje | M63: Valor Total
C64: ADMINISTRACION | L64: 0.27 | M64: =O61 -> 121614 | O64: =ROUND(M64*L64,0) -> 32836
C65: IMPREVISTOS | L65: 0.02 | M65: =O61 -> 121614 | O65: =ROUND(M65*L65,0) -> 2432
C66: UTILIDAD | L66: 0.05 | M66: =O61 -> 121614 | O66: =ROUND(M66*L66,0) -> 6081
C67: SUBTOTAL $ | O67: =ROUND(SUM(O64:O66),2) -> 41349
C69: Precio Unitario Total Aproximado al peso $ | O69: =ROUND(O61+O67,2) -> 162963
H72: Firma
H73: Nombre: YOHANA GONZALEZ CEPEDA
H74: Profesional Contratado OAP
H75: Matricula No. :15202-278440 BYC
C77: OBSERVACIONES INTERVENTORÍA O SUPERVISIÓN
C81: APROBACIÓN POR INTERVENTORÍA O SUPERVISIÓN
C82: Nota 1: Cuando se trate de Análisis de precios unitarios correspondientes a ítems de la propuesta económica aprobada, el interventor o supervisor aprueba el desglose de los componentes manteniendo el mismo precio unitario de cada ítem, cumpliendo con las especificaciones de construcción vigentes para el proyecto.
C84: Nota 2: Cuando se trate de Análisis de precios unitarios de ítems no previstos, el interventor o supervisor aprueba el desglose y precio unitario de cada ítem no previsto, exigiendo la aplicación de los costos correspondientes a insumos y tarifas de la propuesta económica inicial cuando estén contemplados, cumpliendo con las especificaciones de construcción vigente para el proyecto.
H87: Firma
H88: Nombre:
H89: Representante Legal del Interventor o su apoderado o firma del supervisor
H90: Matricula No. :

Sheet APU2.6
B1: Formulario 1 - Propuesta económica - Documento tipo de mínima cuantía de obra pública de infraestructura social
B2: Versión: 1 de 21 de agosto de 2025
E7: INDERCAS
E9: ADECUACION Y MANTENIMIENTO DE LA INFRAESTRUCTURA DEPORTIVA DEL ESTADIO SANTIAGO DE LAS ATALAYAS DEL MUNICIPIO DE YOPAL - DEPARTAMENTO DE CASANARE. | L9: VERSIÓN
L11: PÁGINA | M11: 1 | N11: DE | O11: 1
E13: ANALISIS DE PRECIOS UNITARIOS
L15: FECHA
M16: 18 | N16: 8 | O16: 2026
C19: DATOS ESPECÍFICOS
C20: ÍTEM | D20: DESCRIPCIÓN | M20: UNIDAD | O20: CANTIDAD
C21: =+'PRESUPUESTO PRIMER PROCESO'!C44 -> 2.6 | D21: =+'PRESUPUESTO PRIMER PROCESO'!G44 -> Division baños en acero inoxidable Cal 18. Suministro e Instal. | M21: =+'PRESUPUESTO PRIMER PROCESO'!H44 -> m2 | O21: =+'PRESUPUESTO PRIMER PROCESO'!I44 -> 12.25
C22: I. EQUIPO
C25: DESCRIPCIÓN | J25: TIPO | L25: TARIFA/HORA | M25: RENDIMIENTO | O25: Vr. UNITARIO
C26: Herramienta menor 10% M.O. HH | J26: Eqp | L26: 7816 | M26: 1.8 | O26: =ROUND(L26*M26,0) -> 14069
C29: SUBTOTAL $ | O29: =SUM(O26:O28) -> 14069
C30: II. MATERIALES
C33: DESCRIPCIÓN | K33: UNIDAD | L33: CANTIDAD | M33: PRECIO UNIT. | O33: Vr. UNITARIO
C34: Divisiones sanitarias a piso 1600 - acero inoxidable Cal 18 | K34: m2 | L34: 1 | M34: 930000 | O34: =ROUND(M34*L34,0) -> 930000
C45: SUBTOTAL $ | O45: =SUM(O34:O44) -> 930000
C46: III. TRANSPORTES
C48: MATERIAL | J48: VOL. o PESO | K48: DISTANCIA | L48: M3 o Ton/Km | M48: TARIFA | O48: Vr. UNITARIO
C49: Transporte de materiales - t | J49: 0.66 | M49: 3858 | O49: =ROUND(M49*J49,0) -> 2546
C51: SUBTOTAL $ | O51: =SUM(O49:O50) -> 2546
C52: IV. MANO DE OBRA
C54: TRABAJADOR | J54: JORNAL | K54: PRESTACIONES | L54: JORNAL TOTAL | M54: RENDIMIENTO | O54: Vr. UNITARIO
C55: Cuadrilla HH (Metalicas) | J55: h | K55: 78157 | M55: 1.8 | O55: =ROUND(K55*M55,0) -> 140683
C59: SUBTOTAL $ | O59: =SUM(O55:O58) -> 140683
C61: TOTAL COSTO DIRECTO $ | O61: =ROUND(O29+O45+O59+O51,0) -> 1087298
C62: V. COSTOS INDIRECTOS
C63: Descripción | L63: Porcentaje | M63: Valor Total
C64: ADMINISTRACION | L64: 0.27 | M64: =O61 -> 1087298 | O64: =ROUND(M64*L64,0) -> 293570
C65: IMPREVISTOS | L65: 0.02 | M65: =O61 -> 1087298 | O65: =ROUND(M65*L65,0) -> 21746
C66: UTILIDAD | L66: 0.05 | M66: =O61 -> 1087298 | O66: =ROUND(M66*L66,0) -> 54365
C67: SUBTOTAL $ | O67: =ROUND(SUM(O64:O66),2) -> 369681
C69: Precio Unitario Total Aproximado al peso $ | O69: =ROUND(O61+O67,2) -> 1456979
H72: Firma
H73: Nombre: YOHANA GONZALEZ CEPEDA
H74: Profesional Contratado OAP
H75: Matricula No. :15202-278440 BYC
C77: OBSERVACIONES INTERVENTORÍA O SUPERVISIÓN
C81: APROBACIÓN POR INTERVENTORÍA O SUPERVISIÓN
C82: Nota 1: Cuando se trate de Análisis de precios unitarios correspondientes a ítems de la propuesta económica aprobada, el interventor o supervisor aprueba el desglose de los componentes manteniendo el mismo precio unitario de cada ítem, cumpliendo con las especificaciones de construcción vigentes para el proyecto.
C84: Nota 2: Cuando se trate de Análisis de precios unitarios de ítems no previstos, el interventor o supervisor aprueba el desglose y precio unitario de cada ítem no previsto, exigiendo la aplicación de los costos correspondientes a insumos y tarifas de la propuesta económica inicial cuando estén contemplados, cumpliendo con las especificaciones de construcción vigente para el proyecto.
H87: Firma
H88: Nombre:
H89: Representante Legal del Interventor o su apoderado o firma del supervisor
H90: Matricula No. :

Sheet APU 2.7
B1: Formulario 1 - Propuesta económica - Documento tipo de mínima cuantía de obra pública de infraestructura social
B2: Versión: 1 de 21 de agosto de 2025
E7: INDERCAS
E9: ADECUACION Y MANTENIMIENTO DE LA INFRAESTRUCTURA DEPORTIVA DEL ESTADIO SANTIAGO DE LAS ATALAYAS DEL MUNICIPIO DE YOPAL - DEPARTAMENTO DE CASANARE. | L9: VERSIÓN
L11: PÁGINA | M11: 1 | N11: DE | O11: 1
E13: ANALISIS DE PRECIOS UNITARIOS
L15: FECHA
M16: 18 | N16: 8 | O16: 2026
C19: DATOS ESPECÍFICOS
C20: ÍTEM | D20: DESCRIPCIÓN | M20: UNIDAD | O20: CANTIDAD
C21: =+'PRESUPUESTO PRIMER PROCESO'!C45 -> 2.7 | D21: =+'PRESUPUESTO PRIMER PROCESO'!G45 -> Division para ducha en acrílico y aluminio | M21: =+'PRESUPUESTO PRIMER PROCESO'!H45 -> m2 | O21: =+'PRESUPUESTO PRIMER PROCESO'!I45 -> 14.28
C22: I. EQUIPO
C25: DESCRIPCIÓN | J25: TIPO | L25: TARIFA/HORA | M25: RENDIMIENTO | O25: Vr. UNITARIO
C26: Herramienta menor 10% M.O. BB | J26: Eqp | L26: 4842 | M26: 1 | O26: =ROUND(L26*M26,0) -> 4842
C29: SUBTOTAL $ | O29: =SUM(O26:O28) -> 4842
C30: II. MATERIALES
C33: DESCRIPCIÓN | K33: UNIDAD | L33: CANTIDAD | M33: PRECIO UNIT. | O33: Vr. UNITARIO
C34: División para ducha en acrílico y aluminio | K34: m2 | L34: 1 | M34: 135000 | O34: =ROUND(M34*L34,0) -> 135000
C45: SUBTOTAL $ | O45: =SUM(O34:O44) -> 135000
C46: III. TRANSPORTES
C48: MATERIAL | J48: VOL. o PESO | K48: DISTANCIA | L48: M3 o Ton/Km | M48: TARIFA | O48: Vr. UNITARIO
C51: SUBTOTAL $ | O51: =SUM(O49:O50) -> 0
C52: IV. MANO DE OBRA
C54: TRABAJADOR | J54: JORNAL | K54: PRESTACIONES | L54: JORNAL TOTAL | M54: RENDIMIENTO | O54: Vr. UNITARIO
C55: Cuadrilla BB (Instalaciones) | J55: h | K55: 48421 | M55: 0.6 | O55: =ROUND(K55*M55,0) -> 29053
C59: SUBTOTAL $ | O59: =SUM(O55:O58) -> 29053
C61: TOTAL COSTO DIRECTO $ | O61: =ROUND(O29+O45+O59+O51,0) -> 168895
C62: V. COSTOS INDIRECTOS
C63: Descripción | L63: Porcentaje | M63: Valor Total
C64: ADMINISTRACION | L64: 0.27 | M64: =O61 -> 168895 | O64: =ROUND(M64*L64,0) -> 45602
C65: IMPREVISTOS | L65: 0.02 | M65: =O61 -> 168895 | O65: =ROUND(M65*L65,0) -> 3378
C66: UTILIDAD | L66: 0.05 | M66: =O61 -> 168895 | O66: =ROUND(M66*L66,0) -> 8445
C67: SUBTOTAL $ | O67: =ROUND(SUM(O64:O66),2) -> 57425
C69: Precio Unitario Total Aproximado al peso $ | O69: =ROUND(O61+O67,2) -> 226320
H72: Firma
H73: Nombre: YOHANA GONZALEZ CEPEDA
H74: Profesional Contratado OAP
H75: Matricula No. :15202-278440 BYC
C77: OBSERVACIONES INTERVENTORÍA O SUPERVISIÓN
C82: APROBACIÓN POR INTERVENTORÍA O SUPERVISIÓN
C83: Nota 1: Cuando se trate de Análisis de precios unitarios correspondientes a ítems de la propuesta económica aprobada, el interventor o supervisor aprueba el desglose de los componentes manteniendo el mismo precio unitario de cada ítem, cumpliendo con las especificaciones de construcción vigentes para el proyecto.
C85: Nota 2: Cuando se trate de Análisis de precios unitarios de ítems no previstos, el interventor o supervisor aprueba el desglose y precio unitario de cada ítem no previsto, exigiendo la aplicación de los costos correspondientes a insumos y tarifas de la propuesta económica inicial cuando estén contemplados, cumpliendo con las especificaciones de construcción vigente para el proyecto.
H87: Firma
H88: Nombre:
H89: Representante Legal del Interventor o su apoderado o firma del supervisor
H90: Matricula No. :

Sheet APU2.8
B1: Formulario 1 - Propuesta económica - Documento tipo de mínima cuantía de obra pública de infraestructura social
B2: Versión: 1 de 21 de agosto de 2025
E7: INDERCAS
E9: ADECUACION Y MANTENIMIENTO DE LA INFRAESTRUCTURA DEPORTIVA DEL ESTADIO SANTIAGO DE LAS ATALAYAS DEL MUNICIPIO DE YOPAL - DEPARTAMENTO DE CASANARE. | L9: VERSIÓN
L11: PÁGINA | M11: 1 | N11: DE | O11: 1
E13: ANALISIS DE PRECIOS UNITARIOS
L15: FECHA
M16: 18 | N16: 8 | O16: 2026
C19: DATOS ESPECÍFICOS
C20: ÍTEM | D20: DESCRIPCIÓN | M20: UNIDAD | O20: CANTIDAD
C21: =+'PRESUPUESTO PRIMER PROCESO'!C46 -> 2.8 | D21: =+'PRESUPUESTO PRIMER PROCESO'!G46 -> Espejo 4 mm. Suministro e instalación | M21: =+'PRESUPUESTO PRIMER PROCESO'!H46 -> m2 | O21: =+'PRESUPUESTO PRIMER PROCESO'!I46 -> 2.8
C22: I. EQUIPO
C25: DESCRIPCIÓN | J25: TIPO | L25: TARIFA/HORA | M25: RENDIMIENTO | O25: Vr. UNITARIO
J26: Eqp | O26: =ROUND(L26*M26,0) -> 0
C29: SUBTOTAL $ | O29: =SUM(O26:O28) -> 0
C30: II. MATERIALES
C33: DESCRIPCIÓN | K33: UNIDAD | L33: CANTIDAD | M33: PRECIO UNIT. | O33: Vr. UNITARIO
C34: Espejo cristal 3 mm instalado | K34: m2 | L34: 1 | M34: 66667 | O34: =ROUND(M34*L34,0) -> 66667
C45: SUBTOTAL $ | O45: =SUM(O34:O44) -> 66667
C46: III. TRANSPORTES
C48: MATERIAL | J48: VOL. o PESO | K48: DISTANCIA | L48: M3 o Ton/Km | M48: TARIFA | O48: Vr. UNITARIO
C49: Transporte de materiales - t | J49: 0.004 | M49: 3858 | O49: =ROUND(M49*J49,0) -> 15
C51: SUBTOTAL $ | O51: =SUM(O49:O50) -> 15
C52: IV. MANO DE OBRA
C54: TRABAJADOR | J54: JORNAL | K54: PRESTACIONES | L54: JORNAL TOTAL | M54: RENDIMIENTO | O54: Vr. UNITARIO
J55: h | O55: =ROUND(K55*M55,0) -> 0
C59: SUBTOTAL $ | O59: =SUM(O55:O58) -> 0
C61: TOTAL COSTO DIRECTO $ | O61: =ROUND(O29+O45+O59+O51,0) -> 66682
C62: V. COSTOS INDIRECTOS
C63: Descripción | L63: Porcentaje | M63: Valor Total
C64: ADMINISTRACION | L64: 0.27 | M64: =O61 -> 66682 | O64: =ROUND(M64*L64,0) -> 18004
C65: IMPREVISTOS | L65: 0.02 | M65: =O61 -> 66682 | O65: =ROUND(M65*L65,0) -> 1334
C66: UTILIDAD | L66: 0.05 | M66: =O61 -> 66682 | O66: =ROUND(M66*L66,0) -> 3334
C67: SUBTOTAL $ | O67: =ROUND(SUM(O64:O66),2) -> 22672
C69: Precio Unitario Total Aproximado al peso $ | O69: =ROUND(O61+O67,2) -> 89354
H72: Firma
H73: Nombre: YOHANA GONZALEZ CEPEDA
H74: Profesional Contratado OAP
H75: Matricula No. :15202-278440 BYC
C81: APROBACIÓN POR INTERVENTORÍA O SUPERVISIÓN
C82: Nota 1: Cuando se trate de Análisis de precios unitarios correspondientes a ítems de la propuesta económica aprobada, el interventor o supervisor aprueba el desglose de los componentes manteniendo el mismo precio unitario de cada ítem, cumpliendo con las especificaciones de construcción vigentes para el proyecto.
C84: Nota 2: Cuando se trate de Análisis de precios unitarios de ítems no previstos, el interventor o supervisor aprueba el desglose y precio unitario de cada ítem no previsto, exigiendo la aplicación de los costos correspondientes a insumos y tarifas de la propuesta económica inicial cuando estén contemplados, cumpliendo con las especificaciones de construcción vigente para el proyecto.
H87: Firma
H88: Nombre:
H89: Representante Legal del Interventor o su apoderado o firma del supervisor
H90: Matricula No. :

Sheet APU2.9
B1: Formulario 1 - Propuesta económica - Documento tipo de mínima cuantía de obra pública de infraestructura social
B2: Versión: 1 de 21 de agosto de 2025
E7: INDERCAS
E9: ADECUACION Y MANTENIMIENTO DE LA INFRAESTRUCTURA DEPORTIVA DEL ESTADIO SANTIAGO DE LAS ATALAYAS DEL MUNICIPIO DE YOPAL - DEPARTAMENTO DE CASANARE. | L9: VERSIÓN
L11: PÁGINA | M11: 1 | N11: DE | O11: 1
E13: ANALISIS DE PRECIOS UNITARIOS
L15: FECHA
M16: 18 | N16: 8 | O16: 2026
C19: DATOS ESPECÍFICOS
C20: ÍTEM | D20: DESCRIPCIÓN | M20: UNIDAD | O20: CANTIDAD
C21: =+'PRESUPUESTO PRIMER PROCESO'!C47 -> 2.9 | D21: =+'PRESUPUESTO PRIMER PROCESO'!G47 -> Pulida y brillada de piso granito (incluye: material y maquinaria a todo costo) | M21: =+'PRESUPUESTO PRIMER PROCESO'!H47 -> m2 | O21: =+'PRESUPUESTO PRIMER PROCESO'!I47 -> 18
C22: I. EQUIPO
C25: DESCRIPCIÓN | J25: TIPO | L25: TARIFA/HORA | M25: RENDIMIENTO | O25: Vr. UNITARIO
C26: Herramienta menor 10% M.O. AA | J26: Eqp | L26: 4108 | M26: 0.4 | O26: =ROUND(L26*M26,0) -> 1643
C29: SUBTOTAL $ | O29: =SUM(O26:O28) -> 1643
C30: II. MATERIALES
C33: DESCRIPCIÓN | K33: UNIDAD | L33: CANTIDAD | M33: PRECIO UNIT. | O33: Vr. UNITARIO
C34: Agua para obra | K34: l | L34: 10 | M34: 100 | O34: =ROUND(M34*L34,0) -> 1000
C45: SUBTOTAL $ | O45: =SUM(O34:O44) -> 1000
C46: III. TRANSPORTES
C48: MATERIAL | J48: VOL. o PESO | K48: DISTANCIA | L48: M3 o Ton/Km | M48: TARIFA | O48: Vr. UNITARIO
C51: SUBTOTAL $ | O51: =SUM(O49:O50) -> 0
C52: IV. MANO DE OBRA
C54: TRABAJADOR | J54: JORNAL | K54: PRESTACIONES | L54: JORNAL TOTAL | M54: RENDIMIENTO | O54: Vr. UNITARIO
C55: Cuadrilla AA (Albañileria) | J55: h | K55: 41075 | M55: 0.4 | O55: =ROUND(K55*M55,0) -> 16430
C59: SUBTOTAL $ | O59: =SUM(O55:O58) -> 16430
C61: TOTAL COSTO DIRECTO $ | O61: =ROUND(O29+O45+O59+O51,0) -> 19073
C62: V. COSTOS INDIRECTOS
C63: Descripción | L63: Porcentaje | M63: Valor Total
C64: ADMINISTRACION | L64: 0.27 | M64: =O61 -> 19073 | O64: =ROUND(M64*L64,0) -> 5150
C65: IMPREVISTOS | L65: 0.02 | M65: =O61 -> 19073 | O65: =ROUND(M65*L65,0) -> 381
C66: UTILIDAD | L66: 0.05 | M66: =O61 -> 19073 | O66: =ROUND(M66*L66,0) -> 954
C67: SUBTOTAL $ | O67: =ROUND(SUM(O64:O66),2) -> 6485
C69: Precio Unitario Total Aproximado al peso $ | O69: =ROUND(O61+O67,2) -> 25558
H72: Firma
H73: Nombre: YOHANA GONZALEZ CEPEDA
H74: Profesional Contratado OAP
H75: Matricula No. :15202-278440 BYC
C77: OBSERVACIONES INTERVENTORÍA O SUPERVISIÓN
C81: APROBACIÓN POR INTERVENTORÍA O SUPERVISIÓN
C82: Nota 1: Cuando se trate de Análisis de precios unitarios correspondientes a ítems de la propuesta económica aprobada, el interventor o supervisor aprueba el desglose de los componentes manteniendo el mismo precio unitario de cada ítem, cumpliendo con las especificaciones de construcción vigentes para el proyecto.
C84: Nota 2: Cuando se trate de Análisis de precios unitarios de ítems no previstos, el interventor o supervisor aprueba el desglose y precio unitario de cada ítem no previsto, exigiendo la aplicación de los costos correspondientes a insumos y tarifas de la propuesta económica inicial cuando estén contemplados, cumpliendo con las especificaciones de construcción vigente para el proyecto.
H87: Firma
H88: Nombre:
H89: Representante Legal del Interventor o su apoderado o firma del supervisor
H90: Matricula No. :

Sheet 2.10
B1: Formulario 1 - Propuesta económica - Documento tipo de mínima cuantía de obra pública de infraestructura social
B2: Versión: 1 de 21 de agosto de 2025
E7: INDERCAS
E9: ADECUACION Y MANTENIMIENTO DE LA INFRAESTRUCTURA DEPORTIVA DEL ESTADIO SANTIAGO DE LAS ATALAYAS DEL MUNICIPIO DE YOPAL - DEPARTAMENTO DE CASANARE. | L9: VERSIÓN
L11: PÁGINA | M11: 1 | N11: DE | O11: 1
E13: ANALISIS DE PRECIOS UNITARIOS
L15: FECHA
M16: 18 | N16: 8 | O16: 2026
C19: DATOS ESPECÍFICOS
C20: ÍTEM | D20: DESCRIPCIÓN | M20: UNIDAD | O20: CANTIDAD
C21: =+'PRESUPUESTO PRIMER PROCESO'!C48 -> 2.10 | D21: =+'PRESUPUESTO PRIMER PROCESO'!G48 -> Tuberia presion PVC RDE 9 1/2". Suministro e instal. | M21: =+'PRESUPUESTO PRIMER PROCESO'!H48 -> m | O21: =+'PRESUPUESTO PRIMER PROCESO'!I48 -> 4.21
C22: I. EQUIPO
C25: DESCRIPCIÓN | J25: TIPO | L25: TARIFA/HORA | M25: RENDIMIENTO | O25: Vr. UNITARIO
J26: Eqp | O26: =ROUND(L26*M26,0) -> 0
C29: SUBTOTAL $ | O29: =SUM(O26:O28) -> 0
C30: II. MATERIALES
C33: DESCRIPCIÓN | K33: UNIDAD | L33: CANTIDAD | M33: PRECIO UNIT. | O33: Vr. UNITARIO
C34: Limpiador liquido PVC 1/4 gl o 760 gr | K34: und | L34: 0.0004 | M34: 72440 | O34: =ROUND(M34*L34,0) -> 29
C35: Soldadura liquida PVC 1/4 gl | K35: und | L35: 0.0003 | M35: 150290 | O35: =ROUND(M35*L35,0) -> 45
C36: Tubo presion RDE 9 PVC 1/2 " | K36: m | L36: 1 | M36: 5716 | O36: =ROUND(M36*L36,0) -> 5716
C37: Union presion PVC 1/2" | K37: und | L37: 0.1667 | M37: 575 | O37: =ROUND(M37*L37,0) -> 96
C45: SUBTOTAL $ | O45: =SUM(O34:O44) -> 5886
C46: III. TRANSPORTES
C48: MATERIAL | J48: VOL. o PESO | K48: DISTANCIA | L48: M3 o Ton/Km | M48: TARIFA | O48: Vr. UNITARIO
C51: SUBTOTAL $ | O51: =SUM(O49:O50) -> 0
C52: IV. MANO DE OBRA
C54: TRABAJADOR | J54: JORNAL | K54: PRESTACIONES | L54: JORNAL TOTAL | M54: RENDIMIENTO | O54: Vr. UNITARIO
C55: Cuadrilla BB (Instalaciones) | J55: h | K55: 48421 | M55: 0.0523 | O55: =ROUND(K55*M55,0) -> 2532
C59: SUBTOTAL $ | O59: =SUM(O55:O58) -> 2532
C61: TOTAL COSTO DIRECTO $ | O61: =ROUND(O29+O45+O59+O51,0) -> 8418
C62: V. COSTOS INDIRECTOS
C63: Descripción | L63: Porcentaje | M63: Valor Total
C64: ADMINISTRACION | L64: 0.27 | M64: =O61 -> 8418 | O64: =ROUND(M64*L64,0) -> 2273
C65: IMPREVISTOS | L65: 0.02 | M65: =O61 -> 8418 | O65: =ROUND(M65*L65,0) -> 168
C66: UTILIDAD | L66: 0.05 | M66: =O61 -> 8418 | O66: =ROUND(M66*L66,0) -> 421
C67: SUBTOTAL $ | O67: =ROUND(SUM(O64:O66),2) -> 2862
C69: Precio Unitario Total Aproximado al peso $ | O69: =ROUND(O61+O67,2) -> 11280
H72: Firma
H73: Nombre: YOHANA GONZALEZ CEPEDA
H74: Profesional Contratado OAP
H75: Matricula No. :15202-278440 BYC
C77: OBSERVACIONES INTERVENTORÍA O SUPERVISIÓN
C81: APROBACIÓN POR INTERVENTORÍA O SUPERVISIÓN
C82: Nota 1: Cuando se trate de Análisis de precios unitarios correspondientes a ítems de la propuesta económica aprobada, el interventor o supervisor aprueba el desglose de los componentes manteniendo el mismo precio unitario de cada ítem, cumpliendo con las especificaciones de construcción vigentes para el proyecto.
C84: Nota 2: Cuando se trate de Análisis de precios unitarios de ítems no previstos, el interventor o supervisor aprueba el desglose y precio unitario de cada ítem no previsto, exigiendo la aplicación de los costos correspondientes a insumos y tarifas de la propuesta económica inicial cuando estén contemplados, cumpliendo con las especificaciones de construcción vigente para el proyecto.
H87: Firma
H88: Nombre:
H89: Representante Legal del Interventor o su apoderado o firma del supervisor
H90: Matricula No. :

Sheet APU2.11
B1: Formulario 1 - Propuesta económica - Documento tipo de mínima cuantía de obra pública de infraestructura social
B2: Versión: 1 de 21 de agosto de 2025
E7: INDERCAS
E9: ADECUACION Y MANTENIMIENTO DE LA INFRAESTRUCTURA DEPORTIVA DEL ESTADIO SANTIAGO DE LAS ATALAYAS DEL MUNICIPIO DE YOPAL - DEPARTAMENTO DE CASANARE. | L9: VERSIÓN
L11: PÁGINA | M11: 1 | N11: DE | O11: 1
E13: ANALISIS DE PRECIOS UNITARIOS
L15: FECHA
M16: 18 | N16: 8 | O16: 2026
C19: DATOS ESPECÍFICOS
C20: ÍTEM | D20: DESCRIPCIÓN | M20: UNIDAD | O20: CANTIDAD
C21: =+'PRESUPUESTO PRIMER PROCESO'!C51 -> 2.11 | D21: =+'PRESUPUESTO PRIMER PROCESO'!G51 -> Mantenimiento de muros, incluye resane, estuco y pintura (3 manos) | M21: =+'PRESUPUESTO PRIMER PROCESO'!H51 -> M2 | O21: =+'PRESUPUESTO PRIMER PROCESO'!I51 -> 33.59
C22: I. EQUIPO
C25: DESCRIPCIÓN | J25: TIPO | L25: TARIFA/HORA | M25: RENDIMIENTO | O25: Vr. UNITARIO
C26: Herramienta menor 10% M.O. CC est.rem | J26: Eqp | L26: 6822 | M26: 0.5 | O26: =ROUND(L26*M26,0) -> 3411
C29: SUBTOTAL $ | O29: =SUM(O26:O28) -> 3411
C30: II. MATERIALES
C33: DESCRIPCIÓN | K33: UNIDAD | L33: CANTIDAD | M33: PRECIO UNIT. | O33: Vr. UNITARIO
C34: Estuco acrílico para interiores y exteriores | K34: gal | L34: 0.2 | M34: 29642 | O34: =ROUND(M34*L34,0) -> 5928
C35: Lija pliego No 120 de 9" x 11" (230 x 280 mm) | K35: und | L35: 0.25 | M35: 3130 | O35: =ROUND(M35*L35,0) -> 783
C36: Vinilo interiores calidad tipo 1 tipo viniltex de Pintuco o similar | K36: gal | L36: 0.1111 | M36: 84036 | O36: =ROUND(M36*L36,0) -> 9336
C37: Andamio tubular stand. (inc. tijeras) | K37: hr | L37: 1 | M37: 248 | O37: =ROUND(M37*L37,0) -> 248
C38: Mortero 1:4 (desperdicio 5%) | K38: m3 | L38: 0.0001 | M38: 394174 | O38: =ROUND(M38*L38,0) -> 39
C45: SUBTOTAL $ | O45: =SUM(O34:O44) -> 16334
C46: III. TRANSPORTES
C48: MATERIAL | J48: VOL. o PESO | K48: DISTANCIA | L48: M3 o Ton/Km | M48: TARIFA | O48: Vr. UNITARIO
C51: SUBTOTAL $ | O51: 0
C52: IV. MANO DE OBRA
C54: TRABAJADOR | J54: JORNAL | K54: PRESTACIONES | L54: JORNAL TOTAL | M54: RENDIMIENTO | O54: Vr. UNITARIO
C55: Vinilo interiores calidad tipo 1 tipo viniltex de Pintuco o similar | J55: h | K55: 68224 | M55: 0.5 | O55: =ROUND(K55*M55,0) -> 34112
C59: SUBTOTAL $ | O59: =SUM(O55:O58) -> 34112
C61: TOTAL COSTO DIRECTO $ | O61: =ROUND(O29+O45+O59+O51,0) -> 53857
C62: V. COSTOS INDIRECTOS
C63: Descripción | L63: Porcentaje | M63: Valor Total
C64: ADMINISTRACION | L64: 0.27 | M64: =O61 -> 53857 | O64: =ROUND(M64*L64,0) -> 14541
C65: IMPREVISTOS | L65: 0.02 | M65: =O61 -> 53857 | O65: =ROUND(M65*L65,0) -> 1077
C66: UTILIDAD | L66: 0.05 | M66: =O61 -> 53857 | O66: =ROUND(M66*L66,0) -> 2693
C67: SUBTOTAL $ | O67: =ROUND(SUM(O64:O66),2) -> 18311
C69: Precio Unitario Total Aproximado al peso $ | O69: =ROUND(O61+O67,2) -> 72168
H72: Firma
H73: Nombre: YOHANA GONZALEZ CEPEDA
H74: Profesional Contratado OAP
H75: Matricula No. :15202-278440 BYC
C77: OBSERVACIONES INTERVENTORÍA O SUPERVISIÓN
C81: APROBACIÓN POR INTERVENTORÍA O SUPERVISIÓN
C82: Nota 1: Cuando se trate de Análisis de precios unitarios correspondientes a ítems de la propuesta económica aprobada, el interventor o supervisor aprueba el desglose de los componentes manteniendo el mismo precio unitario de cada ítem, cumpliendo con las especificaciones de construcción vigentes para el proyecto.
C84: Nota 2: Cuando se trate de Análisis de precios unitarios de ítems no previstos, el interventor o supervisor aprueba el desglose y precio unitario de cada ítem no previsto, exigiendo la aplicación de los costos correspondientes a insumos y tarifas de la propuesta económica inicial cuando estén contemplados, cumpliendo con las especificaciones de construcción vigente para el proyecto.
H87: Firma
H88: Nombre:
H89: Representante Legal del Interventor o su apoderado o firma del supervisor
H90: Matricula No. :

Sheet APU 2.12
B1: Formulario 1 - Propuesta económica - Documento tipo de mínima cuantía de obra pública de infraestructura social
B2: Versión: 1 de 21 de agosto de 2025
E7: INDERCAS
E9: ADECUACION Y MANTENIMIENTO DE LA INFRAESTRUCTURA DEPORTIVA DEL ESTADIO SANTIAGO DE LAS ATALAYAS DEL MUNICIPIO DE YOPAL - DEPARTAMENTO DE CASANARE. | L9: VERSIÓN
L11: PÁGINA | M11: 1 | N11: DE | O11: 1
E13: ANALISIS DE PRECIOS UNITARIOS
L15: FECHA
M16: 18 | N16: 8 | O16: 2026
C19: DATOS ESPECÍFICOS
C20: ÍTEM | D20: DESCRIPCIÓN | M20: UNIDAD | O20: CANTIDAD
C21: =+'PRESUPUESTO PRIMER PROCESO'!C52 -> 2.12 | D21: =+'PRESUPUESTO PRIMER PROCESO'!G52 -> Luminaria tipo led hermética IP65, 2x18W, 3200 lm, Incluye: cable encauchetado 3x16 AWG, clavija de caucho y elementos de fijación. Suministro e instalacion | M21: =+'PRESUPUESTO PRIMER PROCESO'!H52 -> UND | O21: =+'PRESUPUESTO PRIMER PROCESO'!I52 -> 2
C22: I. EQUIPO
C25: DESCRIPCIÓN | J25: TIPO | L25: TARIFA/HORA | M25: RENDIMIENTO | O25: Vr. UNITARIO
C26: Herramienta menor 10% M.O. FF Elec | J26: Eqp | L26: 6395 | M26: 0.5 | O26: =ROUND(M26*L26,0) -> 3198
C29: SUBTOTAL $ | O29: =SUM(O26:O28) -> 3198
C30: II. MATERIALES
C33: DESCRIPCIÓN | K33: UNIDAD | L33: CANTIDAD | M33: PRECIO UNIT. | O33: Vr. UNITARIO
C34: Cable de cobre encauchetado 3 x 16 AWG | K34: m | L34: 1.5 | M34: 5257 | O34: =ROUND(M34*L34,0) -> 7886
C35: Clavija de caucho | K35: und | L35: 1 | M35: 5853 | O35: =ROUND(M35*L35,0) -> 5853
C36: Conector terminal tipo resorte No 12 | K36: und | L36: 3 | M36: 496 | O36: =ROUND(M36*L36,0) -> 1488
C37: Kits guayas para colgar lampara Led | K37: und | L37: 1 | M37: 15500 | O37: =ROUND(M37*L37,0) -> 15500
C38: Luminaria led hermética 2x18W, 3200 lm. | K38: und | L38: 1 | M38: 79748 | O38: =ROUND(M38*L38,0) -> 79748
C45: SUBTOTAL $ | O45: =SUM(O34:O44) -> 110475
C46: III. TRANSPORTES
C48: MATERIAL | J48: VOL. o PESO | K48: DISTANCIA | L48: M3 o Ton/Km | M48: TARIFA | O48: Vr. UNITARIO
C49: Kits guayas para colgar lampara Led | J49: 0.005 | M49: 3858 | O49: =ROUND(M49*J49,0) -> 19
C51: SUBTOTAL $ | O51: =SUM(O49:O50) -> 19
C52: IV. MANO DE OBRA
C54: TRABAJADOR | J54: JORNAL | K54: PRESTACIONES | L54: JORNAL TOTAL | M54: RENDIMIENTO | O54: Vr. UNITARIO
C55: Cuadrilla FF (Electrica) | J55: h | K55: 63953 | M55: 0.5 | O55: =ROUND(K55*M55,0) -> 31977
C59: SUBTOTAL $ | O59: =SUM(O55:O58) -> 31977
C61: TOTAL COSTO DIRECTO $ | O61: =ROUND(O29+O45+O59+O51,0) -> 145669
C62: V. COSTOS INDIRECTOS
C63: Descripción | L63: Porcentaje | M63: Valor Total
C64: ADMINISTRACION | L64: 0.27 | M64: =O61 -> 145669 | O64: =ROUND(M64*L64,0) -> 39331
C65: IMPREVISTOS | L65: 0.02 | M65: =O61 -> 145669 | O65: =ROUND(M65*L65,0) -> 2913
C66: UTILIDAD | L66: 0.05 | M66: =O61 -> 145669 | O66: =ROUND(M66*L66,0) -> 7283
C67: SUBTOTAL $ | O67: =ROUND(SUM(O64:O66),2) -> 49527
C69: Precio Unitario Total Aproximado al peso $ | O69: =ROUND(O61+O67,2) -> 195196
H72: Firma
H73: Nombre: YOHANA GONZALEZ CEPEDA
H74: Profesional Contratado OAP
H75: Matricula No. :15202-278440 BYC
C77: OBSERVACIONES INTERVENTORÍA O SUPERVISIÓN
C81: APROBACIÓN POR INTERVENTORÍA O SUPERVISIÓN
C82: Nota 1: Cuando se trate de Análisis de precios unitarios correspondientes a ítems de la propuesta económica aprobada, el interventor o supervisor aprueba el desglose de los componentes manteniendo el mismo precio unitario de cada ítem, cumpliendo con las especificaciones de construcción vigentes para el proyecto.
C84: Nota 2: Cuando se trate de Análisis de precios unitarios de ítems no previstos, el interventor o supervisor aprueba el desglose y precio unitario de cada ítem no previsto, exigiendo la aplicación de los costos correspondientes a insumos y tarifas de la propuesta económica inicial cuando estén contemplados, cumpliendo con las especificaciones de construcción vigente para el proyecto.
H87: Firma
H88: Nombre:
H89: Representante Legal del Interventor o su apoderado o firma del supervisor
H90: Matricula No. :

Sheet APU 2,13
B1: Formulario 1 - Propuesta económica - Documento tipo de mínima cuantía de obra pública de infraestructura social
B2: Versión: 1 de 21 de agosto de 2025
C5: [La entidad podrá utilizar este formato para la presentación de los análisis de Precios Unitarios del Contratista en la oportunidad prevista en el numeral 8.2. de la invitación]
E7: INDERCAS
E9: =+'PRESUPUESTO PRIMER PROCESO'!G11 -> ADECUACION Y MANTENIMIENTO DE LA INFRAESTRUCTURA DEPORTIVA DEL ESTADIO SANTIAGO DE LAS ATALAYAS DEL MUNICIPIO DE YOPAL - DEPARTAMENTO DE CASANARE. | L9: VERSIÓN
L11: PÁGINA | M11: 1 | N11: DE | O11: 1
E13: ANALISIS DE PRECIOS UNITARIOS
L15: FECHA | M15: DD | N15: MM | O15: AA
M16: 18 | N16: 8 | O16: 2026
C19: DATOS ESPECÍFICOS
C20: ÍTEM | D20: DESCRIPCIÓN | M20: UNIDAD | O20: CANTIDAD
C21: =+'PRESUPUESTO PRIMER PROCESO'!C53 -> 2.13 | D21: =+'PRESUPUESTO PRIMER PROCESO'!G53 -> Cielo raso en lamina PVC 7 mm (incluye cornisa) | M21: =+'PRESUPUESTO PRIMER PROCESO'!H53 -> m2 | O21: =+'PRESUPUESTO PRIMER PROCESO'!I53 -> 25
C22: I. EQUIPO
C25: DESCRIPCIÓN | H25: MARCA | J25: TIPO | L25: TARIFA/HORA | M25: RENDIMIENTO | O25: Vr. UNITARIO
C26: Herramienta menor 10% M.O. DD | H26: N/A | J26: Eqp | L26: 5136 | M26: 1.1 | O26: =ROUND(L26*M26,0) -> 5650
C29: SUBTOTAL $ | O29: =SUM(O26:O28) -> 5650
C30: II. MATERIALES
C33: DESCRIPCIÓN | K33: UNIDAD | L33: CANTIDAD | M33: PRECIO UNIT. | O33: Vr. UNITARIO
C34: Angulo 25 x 25 mm Cal 26 de 2.44 m | K34: und | L34: 0.42 | M34: 3165 | O34: =ROUND(L34*M34,0) -> 1329
C35: Canal o vigueta 38 x 20 cal. 26 de 2.44 m | K35: und | L35: 0.56 | M35: 4562 | O35: =ROUND(L35*M35,0) -> 2555
C36: Corniza blanca PVC 3.0 m | K36: und | L36: 0.25 | M36: 15828 | O36: =ROUND(L36*M36,0) -> 3957
C37: Lamina PVC 10 mm ancho 25 - 30 cm | K37: m2 | L37: 1 | M37: 52531 | O37: =ROUND(L37*M37,0) -> 52531
C38: Perfil omega Cal 26 2.44 | K38: und | L38: 0.81 | M38: 4306 | O38: =ROUND(L38*M38,0) -> 3488
C39: Perfil angular blanco PVC 3.0 m | K39: und | L39: 0.0375 | M39: 22658 | O39: =ROUND(L39*M39,0) -> 850
C40: Tornillo estructura drywall punta aguda 7 mm x 7/16" | K40: und | L40: 15 | M40: 39 | O40: =ROUND(L40*M40,0) -> 585
C41: Tornillo punta aguda 6 mm x 1" drywall | K41: und | L41: 9 | M41: 38 | O41: =ROUND(L41*M41,0) -> 342
C42: SUBTOTAL $ | O42: =SUM(O34:O41) -> 65637
C43: III. TRANSPORTES
C45: MATERIAL | J45: VOL. o PESO | K45: DISTANCIA | L45: M3 o Ton/Km | M45: TARIFA | O45: Vr. UNITARIO
C46: Transporte de materiales - t | J46: 0.01 | M46: 3858 | O46: =ROUND(J46*M46,0) -> 39
O48: =SUM(O46:O47) -> 39
C51: TRABAJADOR | J51: JORNAL | K51: PRESTACIONES | L51: JORNAL TOTAL | M51: RENDIMIENTO | O51: Vr. UNITARIO
C52: Cuadrilla DD (Carpinteria de madera) | J52: H | K52: 51359 | M52: 1.1 | O52: =ROUND(K52*M52,0) -> 56495
O55: =ROUND(K55*M55,0) -> 0
C56: SUBTOTAL $ | O56: =SUM(O52:O55) -> 56495
C58: TOTAL COSTO DIRECTO $ | O58: =ROUND(O29+O42+O56+O48,0) -> 127821
C59: V. COSTOS INDIRECTOS
C60: Descripción | L60: Porcentaje | M60: Valor Total
C61: ADMINISTRACION | L61: 0.27 | M61: =+O58 -> 127821 | O61: =+ROUND(M61*L61,0) -> 34512
C62: IMPREVISTOS | L62: 0.02 | M62: =+O58 -> 127821 | O62: =+ROUND(M62*L62,0) -> 2556
C63: UTILIDAD | L63: 0.05 | M63: =+O58 -> 127821 | O63: =+ROUND(M63*L63,0) -> 6391
C64: SUBTOTAL $ | O64: =ROUND(SUM(O61:O63),2) -> 43459
C66: Precio Unitario Total Aproximado al peso $ | O66: =ROUND(O58+O64,2) -> 171280
H69: Firma
H70: Nombre: YOHANA GONZALEZ CEPEDA
H71: Profesional Contratado OAP
H72: Matricula No. :15202-278440 BYC
C74: OBSERVACIONES INTERVENTORÍA O SUPERVISIÓN
C78: APROBACIÓN POR INTERVENTORÍA O SUPERVISIÓN
C79: Nota 1: Cuando se trate de Análisis de precios unitarios correspondientes a ítems de la propuesta económica aprobada, el interventor o supervisor aprueba el desglose de los componentes manteniendo el mismo precio unitario de cada ítem, cumpliendo con las especificaciones de construcción vigentes para el proyecto.
C81: Nota 2: Cuando se trate de Análisis de precios unitarios de ítems no previstos, el interventor o supervisor aprueba el desglose y precio unitario de cada ítem no previsto, exigiendo la aplicación de los costos correspondientes a insumos y tarifas de la propuesta económica inicial cuando estén contemplados, cumpliendo con las especificaciones de construcción vigente para el proyecto.
H84: Firma
H85: Nombre:
H86: Representante Legal del Interventor o su apoderado o firma del supervisor
H87: Matricula No. :

Sheet APU3.1
B1: Formulario 1 - Propuesta económica - Documento tipo de mínima cuantía de obra pública de infraestructura social
B2: Versión: 1 de 21 de agosto de 2025
E7: INDERCAS
E9: ADECUACION Y MANTENIMIENTO DE LA INFRAESTRUCTURA DEPORTIVA DEL ESTADIO SANTIAGO DE LAS ATALAYAS DEL MUNICIPIO DE YOPAL - DEPARTAMENTO DE CASANARE. | L9: VERSIÓN
L11: PÁGINA | M11: 1 | N11: DE | O11: 1
E13: ANALISIS DE PRECIOS UNITARIOS
L15: FECHA
M16: 18 | N16: 8 | O16: 2026
C19: DATOS ESPECÍFICOS
C20: ÍTEM | D20: DESCRIPCIÓN | M20: UNIDAD | O20: CANTIDAD
C21: =+'PRESUPUESTO PRIMER PROCESO'!C58 -> 3.1 | D21: =+'PRESUPUESTO PRIMER PROCESO'!G58 -> Demolicion pañete A= 0.10 | M21: =+'PRESUPUESTO PRIMER PROCESO'!H58 -> m | O21: =+'PRESUPUESTO PRIMER PROCESO'!I58 -> 106
C22: I. EQUIPO
C25: DESCRIPCIÓN | J25: TIPO | L25: TARIFA/HORA | M25: RENDIMIENTO | O25: Vr. UNITARIO
C26: Herramienta menor 10% M.O. AA | J26: Eqp | L26: 4108 | M26: 0.12 | O26: =ROUND(L26*M26,0) -> 493
C27: Volqueta (6 m³) | J27: Eqp | L27: 99170 | M27: 0.001 | O27: =ROUND(L27*M27,0) -> 99
C29: SUBTOTAL $ | O29: =SUM(O26:O28) -> 592
C30: II. MATERIALES
C33: DESCRIPCIÓN | K33: UNIDAD | L33: CANTIDAD | M33: PRECIO UNIT. | O33: Vr. UNITARIO
C45: SUBTOTAL $ | O45: =SUM(O34:O44) -> 0
C46: III. TRANSPORTES
C48: MATERIAL | J48: VOL. o PESO | K48: DISTANCIA | L48: M3 o Ton/Km | M48: TARIFA | O48: Vr. UNITARIO
J49: 0.0002
C51: SUBTOTAL $ | O51: =SUM(O49:O50) -> 0
C52: IV. MANO DE OBRA
C54: TRABAJADOR | J54: JORNAL | K54: PRESTACIONES | L54: JORNAL TOTAL | M54: RENDIMIENTO | O54: Vr. UNITARIO
C55: Cuadrilla AA (Albañileria) | J55: h | K55: 41075 | M55: 0.12 | O55: =ROUND(K55*M55,0) -> 4929
C59: SUBTOTAL $ | O59: =SUM(O55:O58) -> 4929
C61: TOTAL COSTO DIRECTO $ | O61: =ROUND(O29+O45+O59+O51,0) -> 5521
C62: V. COSTOS INDIRECTOS
C63: Descripción | L63: Porcentaje | M63: Valor Total
C64: ADMINISTRACION | L64: 0.27 | M64: =O61 -> 5521 | O64: =ROUND(M64*L64,0) -> 1491
C65: IMPREVISTOS | L65: 0.02 | M65: =O61 -> 5521 | O65: =ROUND(M65*L65,0) -> 110
C66: UTILIDAD | L66: 0.05 | M66: =O61 -> 5521 | O66: =ROUND(M66*L66,0) -> 276
C67: SUBTOTAL $ | O67: =ROUND(SUM(O64:O66),2) -> 1877
C69: Precio Unitario Total Aproximado al peso $ | O69: =ROUND(O61+O67,2) -> 7398
H72: Firma
H73: Nombre: YOHANA GONZALEZ CEPEDA
H74: Profesional Contratado OAP
H75: Matricula No. :15202-278440 BYC
C77: OBSERVACIONES INTERVENTORÍA O SUPERVISIÓN
C81: APROBACIÓN POR INTERVENTORÍA O SUPERVISIÓN
C82: Nota 1: Cuando se trate de Análisis de precios unitarios correspondientes a ítems de la propuesta económica aprobada, el interventor o supervisor aprueba el desglose de los componentes manteniendo el mismo precio unitario de cada ítem, cumpliendo con las especificaciones de construcción vigentes para el proyecto.
C84: Nota 2: Cuando se trate de Análisis de precios unitarios de ítems no previstos, el interventor o supervisor aprueba el desglose y precio unitario de cada ítem no previsto, exigiendo la aplicación de los costos correspondientes a insumos y tarifas de la propuesta económica inicial cuando estén contemplados, cumpliendo con las especificaciones de construcción vigente para el proyecto.
H87: Firma
H88: Nombre:
H89: Representante Legal del Interventor o su apoderado o firma del supervisor
H90: Matricula No. :

Sheet APU 3.2
B1: Formulario 1 - Propuesta económica - Documento tipo de mínima cuantía de obra pública de infraestructura social
B2: Versión: 1 de 21 de agosto de 2025
E7: INDERCAS
E9: ADECUACION Y MANTENIMIENTO DE LA INFRAESTRUCTURA DEPORTIVA DEL ESTADIO SANTIAGO DE LAS ATALAYAS DEL MUNICIPIO DE YOPAL - DEPARTAMENTO DE CASANARE. | L9: VERSIÓN
L11: PÁGINA | M11: 1 | N11: DE | O11: 1
E13: ANALISIS DE PRECIOS UNITARIOS
L15: FECHA
M16: 18 | N16: 8 | O16: 2026
C19: DATOS ESPECÍFICOS
C20: ÍTEM | D20: DESCRIPCIÓN | M20: UNIDAD | O20: CANTIDAD
C21: =+'PRESUPUESTO PRIMER PROCESO'!C59 -> 3.2 | D21: =+'PRESUPUESTO PRIMER PROCESO'!G59 -> Graniplast esgrafiado bajo placa | M21: =+'PRESUPUESTO PRIMER PROCESO'!H59 -> m2 | O21: =+'PRESUPUESTO PRIMER PROCESO'!I59 -> 106
C22: I. EQUIPO
C25: DESCRIPCIÓN | J25: TIPO | L25: TARIFA/HORA | M25: RENDIMIENTO | O25: Vr. UNITARIO
C26: Herramienta menor 10% M.O. CC-1 | J26: Eqp | L26: 5689 | M26: 0.4 | O26: =ROUND(L26*M26,0) -> 2276
C29: SUBTOTAL $ | O29: =SUM(O26:O28) -> 2276
C30: II. MATERIALES
C33: DESCRIPCIÓN | K33: UNIDAD | L33: CANTIDAD | M33: PRECIO UNIT. | O33: Vr. UNITARIO
C34: Agua para obra | K34: l | L34: 0.8 | M34: 100 | O34: =ROUND(L34*M34,0) -> 80
C35: Graniplast esgrafiado | K35: kg | L35: 3.3 | M35: 5470 | O35: =ROUND(L35*M35,0) -> 18051
C36: Lija pliego No 180 de 9" x 11" (230 x 280 mm) | K36: und | L36: 0.2 | M36: 2597 | O36: =ROUND(L36*M36,0) -> 519
C37: Andamio tubular stand. (inc. tijeras) | K37: hr | L37: 1.2 | M37: 248 | O37: =ROUND(L37*M37,0) -> 298
C45: SUBTOTAL $ | O45: =SUM(O34:O44) -> 18948
C46: III. TRANSPORTES
C48: MATERIAL | J48: VOL. o PESO | K48: DISTANCIA | L48: M3 o Ton/Km | M48: TARIFA | O48: Vr. UNITARIO
C51: SUBTOTAL $ | O51: =SUM(O49:O50) -> 0
C52: IV. MANO DE OBRA
C54: TRABAJADOR | J54: JORNAL | K54: PRESTACIONES | L54: JORNAL TOTAL | M54: RENDIMIENTO | O54: Vr. UNITARIO
C55: Cuadrilla CC-1 (Pintura) | J55: h | K55: 56885 | M55: 0.4 | O55: =ROUND(K55*M55,0) -> 22754
C59: SUBTOTAL $ | O59: =SUM(O55:O58) -> 22754
C61: TOTAL COSTO DIRECTO $ | O61: =ROUND(O29+O45+O59+O51,0) -> 43978
C62: V. COSTOS INDIRECTOS
C63: Descripción | L63: Porcentaje | M63: Valor Total
C64: ADMINISTRACION | L64: 0.27 | M64: =O61 -> 43978 | O64: =ROUND(M64*L64,0) -> 11874
C65: IMPREVISTOS | L65: 0.02 | M65: =O61 -> 43978 | O65: =ROUND(M65*L65,0) -> 880
C66: UTILIDAD | L66: 0.05 | M66: =O61 -> 43978 | O66: =ROUND(M66*L66,0) -> 2199
C67: SUBTOTAL $ | O67: =ROUND(SUM(O64:O66),2) -> 14953
C69: Precio Unitario Total Aproximado al peso $ | O69: =ROUND(O61+O67,2) -> 58931
H72: Firma
H73: Nombre: YOHANA GONZALEZ CEPEDA
H74: Profesional Contratado OAP
H75: Matricula No. :15202-278440 BYC
C77: OBSERVACIONES INTERVENTORÍA O SUPERVISIÓN
C82: APROBACIÓN POR INTERVENTORÍA O SUPERVISIÓN
C83: Nota 1: Cuando se trate de Análisis de precios unitarios correspondientes a ítems de la propuesta económica aprobada, el interventor o supervisor aprueba el desglose de los componentes manteniendo el mismo precio unitario de cada ítem, cumpliendo con las especificaciones de construcción vigentes para el proyecto.
C85: Nota 2: Cuando se trate de Análisis de precios unitarios de ítems no previstos, el interventor o supervisor aprueba el desglose y precio unitario de cada ítem no previsto, exigiendo la aplicación de los costos correspondientes a insumos y tarifas de la propuesta económica inicial cuando estén contemplados, cumpliendo con las especificaciones de construcción vigente para el proyecto.
H87: Firma
H88: Nombre:
H89: Representante Legal del Interventor o su apoderado o firma del supervisor
H90: Matricula No. :

Sheet APU 3.3
B1: Formulario 1 - Propuesta económica - Documento tipo de mínima cuantía de obra pública de infraestructura social
B2: Versión: 1 de 21 de agosto de 2025
E7: INDERCAS
E9: ADECUACION Y MANTENIMIENTO DE LA INFRAESTRUCTURA DEPORTIVA DEL ESTADIO SANTIAGO DE LAS ATALAYAS DEL MUNICIPIO DE YOPAL - DEPARTAMENTO DE CASANARE. | L9: VERSIÓN
L11: PÁGINA | M11: 1 | N11: DE | O11: 1
E13: ANALISIS DE PRECIOS UNITARIOS
L15: FECHA
M16: 18 | N16: 8 | O16: 2026
C19: DATOS ESPECÍFICOS
C20: ÍTEM | D20: DESCRIPCIÓN | M20: UNIDAD | O20: CANTIDAD
C21: =+'PRESUPUESTO PRIMER PROCESO'!C60 -> 3.3 | D21: =+'PRESUPUESTO PRIMER PROCESO'!G60 -> Estuco y vinilo interior 3 manos, filos y dilataciones | M21: =+'PRESUPUESTO PRIMER PROCESO'!H60 -> m2 | O21: =+'PRESUPUESTO PRIMER PROCESO'!I60 -> 200
C22: I. EQUIPO
C25: DESCRIPCIÓN | J25: TIPO | L25: TARIFA/HORA | M25: RENDIMIENTO | O25: Vr. UNITARIO
C26: Herramienta menor 10% M.O. CC est.rem | J26: Eqp | L26: 6822 | M26: 0.514 | O26: =ROUND(L26*M26,0) -> 3507
C29: SUBTOTAL $ | O29: =SUM(O26:O28) -> 3507
C30: II. MATERIALES
C33: DESCRIPCIÓN | K33: UNIDAD | L33: CANTIDAD | M33: PRECIO UNIT. | O33: Vr. UNITARIO
C34: Estuco acrílico para interiores y exteriores | K34: gal | L34: 0.3 | M34: 29642 | O34: =ROUND(L34*M34,0) -> 8893
C35: Lija pliego No 120 de 9" x 11" (230 x 280 mm) | K35: und | L35: 0.25 | M35: 3130 | O35: =ROUND(L35*M35,0) -> 783
C36: Vinilo interiores calidad tipo 1 tipo viniltex de Pintuco o similar | K36: gal | L36: 0.06 | M36: 84036 | O36: =ROUND(L36*M36,0) -> 5042
C45: SUBTOTAL $ | O45: =SUM(O34:O44) -> 14718
C46: III. TRANSPORTES
C48: MATERIAL | J48: VOL. o PESO | K48: DISTANCIA | L48: M3 o Ton/Km | M48: TARIFA | O48: Vr. UNITARIO
C51: SUBTOTAL $ | O51: =SUM(O49:O50) -> 0
C52: IV. MANO DE OBRA
C54: TRABAJADOR | J54: JORNAL | K54: PRESTACIONES | L54: JORNAL TOTAL | M54: RENDIMIENTO | O54: Vr. UNITARIO
C55: Cuadrilla CC (Pintura) (estucador y rematador) | J55: h | K55: 68224 | M55: 0.514 | O55: =ROUND(K55*M55,0) -> 35067
C59: SUBTOTAL $ | O59: =SUM(O55:O58) -> 35067
C61: TOTAL COSTO DIRECTO $ | O61: =ROUND(O29+O45+O59+O51,0) -> 53292
C62: V. COSTOS INDIRECTOS
C63: Descripción | L63: Porcentaje | M63: Valor Total
C64: ADMINISTRACION | L64: 0.27 | M64: =O61 -> 53292 | O64: =ROUND(M64*L64,0) -> 14389
C65: IMPREVISTOS | L65: 0.02 | M65: =O61 -> 53292 | O65: =ROUND(M65*L65,0) -> 1066
C66: UTILIDAD | L66: 0.05 | M66: =O61 -> 53292 | O66: =ROUND(M66*L66,0) -> 2665
C67: SUBTOTAL $ | O67: =ROUND(SUM(O64:O66),2) -> 18120
C69: Precio Unitario Total Aproximado al peso $ | O69: =ROUND(O61+O67,2) -> 71412
H72: Firma
H73: Nombre: YOHANA GONZALEZ CEPEDA
H74: Profesional Contratado OAP
H75: Matricula No. :15202-278440 BYC
C77: OBSERVACIONES INTERVENTORÍA O SUPERVISIÓN
C82: APROBACIÓN POR INTERVENTORÍA O SUPERVISIÓN
C83: Nota 1: Cuando se trate de Análisis de precios unitarios correspondientes a ítems de la propuesta económica aprobada, el interventor o supervisor aprueba el desglose de los componentes manteniendo el mismo precio unitario de cada ítem, cumpliendo con las especificaciones de construcción vigentes para el proyecto.
C85: Nota 2: Cuando se trate de Análisis de precios unitarios de ítems no previstos, el interventor o supervisor aprueba el desglose y precio unitario de cada ítem no previsto, exigiendo la aplicación de los costos correspondientes a insumos y tarifas de la propuesta económica inicial cuando estén contemplados, cumpliendo con las especificaciones de construcción vigente para el proyecto.
H87: Firma
H88: Nombre:
H89: Representante Legal del Interventor o su apoderado o firma del supervisor
H90: Matricula No. :

Sheet APU3.4
B1: Formulario 1 - Propuesta económica - Documento tipo de mínima cuantía de obra pública de infraestructura social
B2: Versión: 1 de 21 de agosto de 2025
E7: INDERCAS
E9: ADECUACION Y MANTENIMIENTO DE LA INFRAESTRUCTURA DEPORTIVA DEL ESTADIO SANTIAGO DE LAS ATALAYAS DEL MUNICIPIO DE YOPAL - DEPARTAMENTO DE CASANARE. | L9: VERSIÓN
L11: PÁGINA | M11: 1 | N11: DE | O11: 1
E13: ANALISIS DE PRECIOS UNITARIOS
L15: FECHA
M16: 18 | N16: 8 | O16: 2026
C19: DATOS ESPECÍFICOS
C20: ÍTEM | D20: DESCRIPCIÓN | M20: UNIDAD | O20: CANTIDAD
C21: =+'PRESUPUESTO PRIMER PROCESO'!C62 -> 3.4 | D21: =+'PRESUPUESTO PRIMER PROCESO'!G62 -> Demolicion pañete A= 0.10 | M21: =+'PRESUPUESTO PRIMER PROCESO'!H62 -> m | O21: =+'PRESUPUESTO PRIMER PROCESO'!I62 -> 106
C22: I. EQUIPO
C25: DESCRIPCIÓN | J25: TIPO | L25: TARIFA/HORA | M25: RENDIMIENTO | O25: Vr. UNITARIO
C26: Herramienta menor 10% M.O. AA | J26: Eqp | L26: 4108 | M26: 0.12 | O26: =ROUND(L26*M26,0) -> 493
C27: Volqueta (6 m³) | J27: Eqp | L27: 99170 | M27: 0.001 | O27: =ROUND(L27*M27,0) -> 99
C29: SUBTOTAL $ | O29: =SUM(O26:O28) -> 592
C30: II. MATERIALES
C33: DESCRIPCIÓN | K33: UNIDAD | L33: CANTIDAD | M33: PRECIO UNIT. | O33: Vr. UNITARIO
C45: SUBTOTAL $ | O45: =SUM(O34:O44) -> 0
C46: III. TRANSPORTES
C48: MATERIAL | J48: VOL. o PESO | K48: DISTANCIA | L48: M3 o Ton/Km | M48: TARIFA | O48: Vr. UNITARIO
J49: 0.0002
C51: SUBTOTAL $ | O51: =SUM(O49:O50) -> 0
C52: IV. MANO DE OBRA
C54: TRABAJADOR | J54: JORNAL | K54: PRESTACIONES | L54: JORNAL TOTAL | M54: RENDIMIENTO | O54: Vr. UNITARIO
C55: Cuadrilla AA (Albañileria) | J55: h | K55: 41075 | M55: 0.12 | O55: =ROUND(K55*M55,0) -> 4929
C59: SUBTOTAL $ | O59: =SUM(O55:O58) -> 4929
C61: TOTAL COSTO DIRECTO $ | O61: =ROUND(O29+O45+O59+O51,0) -> 5521
C62: V. COSTOS INDIRECTOS
C63: Descripción | L63: Porcentaje | M63: Valor Total
C64: ADMINISTRACION | L64: 0.27 | M64: =O61 -> 5521 | O64: =ROUND(M64*L64,0) -> 1491
C65: IMPREVISTOS | L65: 0.02 | M65: =O61 -> 5521 | O65: =ROUND(M65*L65,0) -> 110
C66: UTILIDAD | L66: 0.05 | M66: =O61 -> 5521 | O66: =ROUND(M66*L66,0) -> 276
C67: SUBTOTAL $ | O67: =ROUND(SUM(O64:O66),2) -> 1877
C69: Precio Unitario Total Aproximado al peso $ | O69: =ROUND(O61+O67,2) -> 7398
H72: Firma
H73: Nombre: YOHANA GONZALEZ CEPEDA
H74: Profesional Contratado OAP
H75: Matricula No. :15202-278440 BYC
C77: OBSERVACIONES INTERVENTORÍA O SUPERVISIÓN
C81: APROBACIÓN POR INTERVENTORÍA O SUPERVISIÓN
C82: Nota 1: Cuando se trate de Análisis de precios unitarios correspondientes a ítems de la propuesta económica aprobada, el interventor o supervisor aprueba el desglose de los componentes manteniendo el mismo precio unitario de cada ítem, cumpliendo con las especificaciones de construcción vigentes para el proyecto.
C84: Nota 2: Cuando se trate de Análisis de precios unitarios de ítems no previstos, el interventor o supervisor aprueba el desglose y precio unitario de cada ítem no previsto, exigiendo la aplicación de los costos correspondientes a insumos y tarifas de la propuesta económica inicial cuando estén contemplados, cumpliendo con las especificaciones de construcción vigente para el proyecto.
H87: Firma
H88: Nombre:
H89: Representante Legal del Interventor o su apoderado o firma del supervisor
H90: Matricula No. :

Sheet APU3.5
B1: Formulario 1 - Propuesta económica - Documento tipo de mínima cuantía de obra pública de infraestructura social
B2: Versión: 1 de 21 de agosto de 2025
E7: INDERCAS
E9: ADECUACION Y MANTENIMIENTO DE LA INFRAESTRUCTURA DEPORTIVA DEL ESTADIO SANTIAGO DE LAS ATALAYAS DEL MUNICIPIO DE YOPAL - DEPARTAMENTO DE CASANARE. | L9: VERSIÓN
L11: PÁGINA | M11: 1 | N11: DE | O11: 1
E13: ANALISIS DE PRECIOS UNITARIOS
L15: FECHA
M16: 18 | N16: 8 | O16: 2026
C19: DATOS ESPECÍFICOS
C20: ÍTEM | D20: DESCRIPCIÓN | M20: UNIDAD | O20: CANTIDAD
C21: =+'PRESUPUESTO PRIMER PROCESO'!C63 -> 3.5 | D21: =+'PRESUPUESTO PRIMER PROCESO'!G63 -> Graniplast esgrafiado bajo placa | M21: =+'PRESUPUESTO PRIMER PROCESO'!H63 -> m2 | O21: =+'PRESUPUESTO PRIMER PROCESO'!I63 -> 106
C22: I. EQUIPO
C25: DESCRIPCIÓN | J25: TIPO | L25: TARIFA/HORA | M25: RENDIMIENTO | O25: Vr. UNITARIO
C26: Herramienta menor 10% M.O. CC-1 | J26: Eqp | L26: 5689 | M26: 0.4 | O26: =ROUND(L26*M26,0) -> 2276
C29: SUBTOTAL $ | O29: =SUM(O26:O28) -> 2276
C30: II. MATERIALES
C33: DESCRIPCIÓN | K33: UNIDAD | L33: CANTIDAD | M33: PRECIO UNIT. | O33: Vr. UNITARIO
C34: Agua para obra | K34: l | L34: 0.8 | M34: 100 | O34: =ROUND(L34*M34,0) -> 80
C35: Graniplast esgrafiado | K35: kg | L35: 3.3 | M35: 5470 | O35: =ROUND(L35*M35,0) -> 18051
C36: Lija pliego No 180 de 9" x 11" (230 x 280 mm) | K36: und | L36: 0.2 | M36: 2597 | O36: =ROUND(L36*M36,0) -> 519
C37: Andamio tubular stand. (inc. tijeras) | K37: hr | L37: 1.2 | M37: 248 | O37: =ROUND(L37*M37,0) -> 298
C45: SUBTOTAL $ | O45: =SUM(O34:O44) -> 18948
C46: III. TRANSPORTES
C48: MATERIAL | J48: VOL. o PESO | K48: DISTANCIA | L48: M3 o Ton/Km | M48: TARIFA | O48: Vr. UNITARIO
C51: SUBTOTAL $ | O51: =SUM(O49:O50) -> 0
C52: IV. MANO DE OBRA
C54: TRABAJADOR | J54: JORNAL | K54: PRESTACIONES | L54: JORNAL TOTAL | M54: RENDIMIENTO | O54: Vr. UNITARIO
C55: Cuadrilla CC-1 (Pintura) | J55: h | K55: 56885 | M55: 0.4 | O55: =ROUND(K55*M55,0) -> 22754
C59: SUBTOTAL $ | O59: =SUM(O55:O58) -> 22754
C61: TOTAL COSTO DIRECTO $ | O61: =ROUND(O29+O45+O59+O51,0) -> 43978
C62: V. COSTOS INDIRECTOS
C63: Descripción | L63: Porcentaje | M63: Valor Total
C64: ADMINISTRACION | L64: 0.27 | M64: =O61 -> 43978 | O64: =ROUND(M64*L64,0) -> 11874
C65: IMPREVISTOS | L65: 0.02 | M65: =O61 -> 43978 | O65: =ROUND(M65*L65,0) -> 880
C66: UTILIDAD | L66: 0.05 | M66: =O61 -> 43978 | O66: =ROUND(M66*L66,0) -> 2199
C67: SUBTOTAL $ | O67: =ROUND(SUM(O64:O66),2) -> 14953
C69: Precio Unitario Total Aproximado al peso $ | O69: =ROUND(O61+O67,2) -> 58931
H72: Firma
H73: Nombre: YOHANA GONZALEZ CEPEDA
H74: Profesional Contratado OAP
H75: Matricula No. :15202-278440 BYC
C77: OBSERVACIONES INTERVENTORÍA O SUPERVISIÓN
C82: APROBACIÓN POR INTERVENTORÍA O SUPERVISIÓN
C83: Nota 1: Cuando se trate de Análisis de precios unitarios correspondientes a ítems de la propuesta económica aprobada, el interventor o supervisor aprueba el desglose de los componentes manteniendo el mismo precio unitario de cada ítem, cumpliendo con las especificaciones de construcción vigentes para el proyecto.
C85: Nota 2: Cuando se trate de Análisis de precios unitarios de ítems no previstos, el interventor o supervisor aprueba el desglose y precio unitario de cada ítem no previsto, exigiendo la aplicación de los costos correspondientes a insumos y tarifas de la propuesta económica inicial cuando estén contemplados, cumpliendo con las especificaciones de construcción vigente para el proyecto.
H87: Firma
H88: Nombre:
H89: Representante Legal del Interventor o su apoderado o firma del supervisor
H90: Matricula No. :

Sheet APU 3.6
B1: Formulario 1 - Propuesta económica - Documento tipo de mínima cuantía de obra pública de infraestructura social
B2: Versión: 1 de 21 de agosto de 2025
E7: INDERCAS
E9: ADECUACION Y MANTENIMIENTO DE LA INFRAESTRUCTURA DEPORTIVA DEL ESTADIO SANTIAGO DE LAS ATALAYAS DEL MUNICIPIO DE YOPAL - DEPARTAMENTO DE CASANARE. | L9: VERSIÓN
L11: PÁGINA | M11: 1 | N11: DE | O11: 1
E13: ANALISIS DE PRECIOS UNITARIOS
L15: FECHA
M16: 18 | N16: 8 | O16: 2026
C19: DATOS ESPECÍFICOS
C20: ÍTEM | D20: DESCRIPCIÓN | M20: UNIDAD | O20: CANTIDAD
C21: =+'PRESUPUESTO PRIMER PROCESO'!C64 -> 3.6 | D21: =+'PRESUPUESTO PRIMER PROCESO'!G64 -> Estuco y vinilo interior 3 manos, filos y dilataciones | M21: =+'PRESUPUESTO PRIMER PROCESO'!H64 -> m2 | O21: =+'PRESUPUESTO PRIMER PROCESO'!I64 -> 200
C22: I. EQUIPO
C25: DESCRIPCIÓN | J25: TIPO | L25: TARIFA/HORA | M25: RENDIMIENTO | O25: Vr. UNITARIO
C26: Herramienta menor 10% M.O. CC est.rem | J26: Eqp | L26: 6822 | M26: 0.514 | O26: =ROUND(L26*M26,0) -> 3507
C29: SUBTOTAL $ | O29: =SUM(O26:O28) -> 3507
C30: II. MATERIALES
C33: DESCRIPCIÓN | K33: UNIDAD | L33: CANTIDAD | M33: PRECIO UNIT. | O33: Vr. UNITARIO
C34: Estuco acrílico para interiores y exteriores | K34: gal | L34: 0.3 | M34: 29642 | O34: =ROUND(L34*M34,0) -> 8893
C35: Lija pliego No 120 de 9" x 11" (230 x 280 mm) | K35: und | L35: 0.25 | M35: 3130 | O35: =ROUND(L35*M35,0) -> 783
C36: Vinilo interiores calidad tipo 1 tipo viniltex de Pintuco o similar | K36: gal | L36: 0.06 | M36: 84036 | O36: =ROUND(L36*M36,0) -> 5042
C45: SUBTOTAL $ | O45: =SUM(O34:O44) -> 14718
C46: III. TRANSPORTES
C48: MATERIAL | J48: VOL. o PESO | K48: DISTANCIA | L48: M3 o Ton/Km | M48: TARIFA | O48: Vr. UNITARIO
C51: SUBTOTAL $ | O51: =SUM(O49:O50) -> 0
C52: IV. MANO DE OBRA
C54: TRABAJADOR | J54: JORNAL | K54: PRESTACIONES | L54: JORNAL TOTAL | M54: RENDIMIENTO | O54: Vr. UNITARIO
C55: Cuadrilla CC (Pintura) (estucador y rematador) | J55: h | K55: 68224 | M55: 0.514 | O55: =ROUND(K55*M55,0) -> 35067
C59: SUBTOTAL $ | O59: =SUM(O55:O58) -> 35067
C61: TOTAL COSTO DIRECTO $ | O61: =ROUND(O29+O45+O59+O51,0) -> 53292
C62: V. COSTOS INDIRECTOS
C63: Descripción | L63: Porcentaje | M63: Valor Total
C64: ADMINISTRACION | L64: 0.27 | M64: =O61 -> 53292 | O64: =ROUND(M64*L64,0) -> 14389
C65: IMPREVISTOS | L65: 0.02 | M65: =O61 -> 53292 | O65: =ROUND(M65*L65,0) -> 1066
C66: UTILIDAD | L66: 0.05 | M66: =O61 -> 53292 | O66: =ROUND(M66*L66,0) -> 2665
C67: SUBTOTAL $ | O67: =ROUND(SUM(O64:O66),2) -> 18120
C69: Precio Unitario Total Aproximado al peso $ | O69: =ROUND(O61+O67,2) -> 71412
H72: Firma
H73: Nombre: YOHANA GONZALEZ CEPEDA
H74: Profesional Contratado OAP
H75: Matricula No. :15202-278440 BYC
C77: OBSERVACIONES INTERVENTORÍA O SUPERVISIÓN
C82: APROBACIÓN POR INTERVENTORÍA O SUPERVISIÓN
C83: Nota 1: Cuando se trate de Análisis de precios unitarios correspondientes a ítems de la propuesta económica aprobada, el interventor o supervisor aprueba el desglose de los componentes manteniendo el mismo precio unitario de cada ítem, cumpliendo con las especificaciones de construcción vigentes para el proyecto.
C85: Nota 2: Cuando se trate de Análisis de precios unitarios de ítems no previstos, el interventor o supervisor aprueba el desglose y precio unitario de cada ítem no previsto, exigiendo la aplicación de los costos correspondientes a insumos y tarifas de la propuesta económica inicial cuando estén contemplados, cumpliendo con las especificaciones de construcción vigente para el proyecto.
H87: Firma
H88: Nombre:
H89: Representante Legal del Interventor o su apoderado o firma del supervisor
H90: Matricula No. :

Sheet APU 3.7
B1: Formulario 1 - Propuesta económica - Documento tipo de mínima cuantía de obra pública de infraestructura social
B2: Versión: 1 de 21 de agosto de 2025
E7: INDERCAS
E9: ADECUACION Y MANTENIMIENTO DE LA INFRAESTRUCTURA DEPORTIVA DEL ESTADIO SANTIAGO DE LAS ATALAYAS DEL MUNICIPIO DE YOPAL - DEPARTAMENTO DE CASANARE. | L9: VERSIÓN
L11: PÁGINA | M11: 1 | N11: DE | O11: 1
E13: ANALISIS DE PRECIOS UNITARIOS
L15: FECHA
M16: 18 | N16: 8 | O16: 2026
C19: DATOS ESPECÍFICOS
C20: ÍTEM | D20: DESCRIPCIÓN | M20: UNIDAD | O20: CANTIDAD
C21: =+'PRESUPUESTO PRIMER PROCESO'!C66 -> 3.7 | D21: =+'PRESUPUESTO PRIMER PROCESO'!G66 -> Fluxometro tipo palanca de flujo ajustable para sanitario u orinal. Instalado | M21: =+'PRESUPUESTO PRIMER PROCESO'!H66 -> UND | O21: =+'PRESUPUESTO PRIMER PROCESO'!I66 -> 4
C22: I. EQUIPO
C25: DESCRIPCIÓN | J25: TIPO | L25: TARIFA/HORA | M25: RENDIMIENTO | O25: Vr. UNITARIO
C26: Herramienta menor 5% M.O. BB | J26: Eqp | L26: 2421 | M26: 0.8 | O26: =ROUND(L26*M26,0) -> 1937
C29: SUBTOTAL $ | O29: =SUM(O26:O28) -> 1937
C30: II. MATERIALES
C33: DESCRIPCIÓN | K33: UNIDAD | L33: CANTIDAD | M33: PRECIO UNIT. | O33: Vr. UNITARIO
C34: Fluxometro sanit/orinal tipo palanca flujo ajustable | K34: und | L34: 1 | M34: 997461 | O34: =ROUND(L34*M34,0) -> 997461
C45: SUBTOTAL $ | O45: =SUM(O34:O44) -> 997461
C46: III. TRANSPORTES
C48: MATERIAL | J48: VOL. o PESO | K48: DISTANCIA | L48: M3 o Ton/Km | M48: TARIFA | O48: Vr. UNITARIO
C51: SUBTOTAL $ | O51: =SUM(O49:O50) -> 0
C52: IV. MANO DE OBRA
C54: TRABAJADOR | J54: JORNAL | K54: PRESTACIONES | L54: JORNAL TOTAL | M54: RENDIMIENTO | O54: Vr. UNITARIO
C55: Cuadrilla BB (Instalaciones) | J55: h | K55: 48421 | M55: 0.8 | O55: =ROUND(K55*M55,0) -> 38737
C59: SUBTOTAL $ | O59: =SUM(O55:O58) -> 38737
C61: TOTAL COSTO DIRECTO $ | O61: =ROUND(O29+O45+O59+O51,0) -> 1038135
C62: V. COSTOS INDIRECTOS
C63: Descripción | L63: Porcentaje | M63: Valor Total
C64: ADMINISTRACION | L64: 0.27 | M64: =O61 -> 1038135 | O64: =ROUND(M64*L64,0) -> 280296
C65: IMPREVISTOS | L65: 0.02 | M65: =O61 -> 1038135 | O65: =ROUND(M65*L65,0) -> 20763
C66: UTILIDAD | L66: 0.05 | M66: =O61 -> 1038135 | O66: =ROUND(M66*L66,0) -> 51907
C67: SUBTOTAL $ | O67: =ROUND(SUM(O64:O66),2) -> 352966
C69: Precio Unitario Total Aproximado al peso $ | O69: =ROUND(O61+O67,2) -> 1391101
H72: Firma
H73: Nombre: YOHANA GONZALEZ CEPEDA
H74: Profesional Contratado OAP
H75: Matricula No. :15202-278440 BYC
C77: OBSERVACIONES INTERVENTORÍA O SUPERVISIÓN
C82: APROBACIÓN POR INTERVENTORÍA O SUPERVISIÓN
C83: Nota 1: Cuando se trate de Análisis de precios unitarios correspondientes a ítems de la propuesta económica aprobada, el interventor o supervisor aprueba el desglose de los componentes manteniendo el mismo precio unitario de cada ítem, cumpliendo con las especificaciones de construcción vigentes para el proyecto.
C85: Nota 2: Cuando se trate de Análisis de precios unitarios de ítems no previstos, el interventor o supervisor aprueba el desglose y precio unitario de cada ítem no previsto, exigiendo la aplicación de los costos correspondientes a insumos y tarifas de la propuesta económica inicial cuando estén contemplados, cumpliendo con las especificaciones de construcción vigente para el proyecto.
H87: Firma
H88: Nombre:
H89: Representante Legal del Interventor o su apoderado o firma del supervisor
H90: Matricula No. :

Sheet APU 3.8
B1: Formulario 1 - Propuesta económica - Documento tipo de mínima cuantía de obra pública de infraestructura social
B2: Versión: 1 de 21 de agosto de 2025
E7: INDERCAS
E9: ADECUACION Y MANTENIMIENTO DE LA INFRAESTRUCTURA DEPORTIVA DEL ESTADIO SANTIAGO DE LAS ATALAYAS DEL MUNICIPIO DE YOPAL - DEPARTAMENTO DE CASANARE. | L9: VERSIÓN
L11: PÁGINA | M11: 1 | N11: DE | O11: 1
E13: ANALISIS DE PRECIOS UNITARIOS
L15: FECHA
M16: 18 | N16: 8 | O16: 2026
C19: DATOS ESPECÍFICOS
C20: ÍTEM | D20: DESCRIPCIÓN | M20: UNIDAD | O20: CANTIDAD
C21: =+'PRESUPUESTO PRIMER PROCESO'!C67 -> 3.8 | D21: =+'PRESUPUESTO PRIMER PROCESO'!G67 -> Red suministro CPVC 1/2" | M21: =+'PRESUPUESTO PRIMER PROCESO'!H67 -> M | O21: =+'PRESUPUESTO PRIMER PROCESO'!I67 -> 6
C22: I. EQUIPO
C25: DESCRIPCIÓN | J25: TIPO | L25: TARIFA/HORA | M25: RENDIMIENTO | O25: Vr. UNITARIO
J26: Eqp | O26: =ROUND(L26*M26,0) -> 0
C29: SUBTOTAL $ | O29: =SUM(O26:O28) -> 0
C30: II. MATERIALES
C33: DESCRIPCIÓN | K33: UNIDAD | L33: CANTIDAD | M33: PRECIO UNIT. | O33: Vr. UNITARIO
C34: Limpiador liquido PVC 1/4 gl o 760 gr | K34: und | L34: 0.0004 | M34: 72440 | O34: =ROUND(L34*M34,0) -> 29
C35: Soldadura liquida CPVC 1/4 gl | K35: und | L35: 0.0004 | M35: 161194 | O35: =ROUND(L35*M35,0) -> 64
C36: Tubo CPVC agua caliente RDE 11 125 Psi Ø 1/2" | K36: m | L36: 1 | M36: 10113 | O36: =ROUND(L36*M36,0) -> 10113
C37: Union presion CPVC 1/2" | K37: und | L37: 0.3333 | M37: 1647 | O37: =ROUND(L37*M37,0) -> 549
C45: SUBTOTAL $ | O45: =SUM(O34:O44) -> 10755
C46: III. TRANSPORTES
C48: MATERIAL | J48: VOL. o PESO | K48: DISTANCIA | L48: M3 o Ton/Km | M48: TARIFA | O48: Vr. UNITARIO
C51: SUBTOTAL $ | O51: =SUM(O49:O50) -> 0
C52: IV. MANO DE OBRA
C54: TRABAJADOR | J54: JORNAL | K54: PRESTACIONES | L54: JORNAL TOTAL | M54: RENDIMIENTO | O54: Vr. UNITARIO
C55: Cuadrilla BB (Instalaciones) | J55: h | K55: 48421 | M55: 0.08 | O55: =ROUND(K55*M55,0) -> 3874
C59: SUBTOTAL $ | O59: =SUM(O55:O58) -> 3874
C61: TOTAL COSTO DIRECTO $ | O61: =ROUND(O29+O45+O59+O51,0) -> 14629
C62: V. COSTOS INDIRECTOS
C63: Descripción | L63: Porcentaje | M63: Valor Total
C64: ADMINISTRACION | L64: 0.27 | M64: =O61 -> 14629 | O64: =ROUND(M64*L64,0) -> 3950
C65: IMPREVISTOS | L65: 0.02 | M65: =O61 -> 14629 | O65: =ROUND(M65*L65,0) -> 293
C66: UTILIDAD | L66: 0.05 | M66: =O61 -> 14629 | O66: =ROUND(M66*L66,0) -> 731
C67: SUBTOTAL $ | O67: =ROUND(SUM(O64:O66),2) -> 4974
C69: Precio Unitario Total Aproximado al peso $ | O69: =ROUND(O61+O67,2) -> 19603
H72: Firma
H73: Nombre: YOHANA GONZALEZ CEPEDA
H74: Profesional Contratado OAP
H75: Matricula No. :15202-278440 BYC
C77: OBSERVACIONES INTERVENTORÍA O SUPERVISIÓN
C82: APROBACIÓN POR INTERVENTORÍA O SUPERVISIÓN
C83: Nota 1: Cuando se trate de Análisis de precios unitarios correspondientes a ítems de la propuesta económica aprobada, el interventor o supervisor aprueba el desglose de los componentes manteniendo el mismo precio unitario de cada ítem, cumpliendo con las especificaciones de construcción vigentes para el proyecto.
C85: Nota 2: Cuando se trate de Análisis de precios unitarios de ítems no previstos, el interventor o supervisor aprueba el desglose y precio unitario de cada ítem no previsto, exigiendo la aplicación de los costos correspondientes a insumos y tarifas de la propuesta económica inicial cuando estén contemplados, cumpliendo con las especificaciones de construcción vigente para el proyecto.
H87: Firma
H88: Nombre:
H89: Representante Legal del Interventor o su apoderado o firma del supervisor
H90: Matricula No. :

Sheet APU3.9
B1: Formulario 1 - Propuesta económica - Documento tipo de mínima cuantía de obra pública de infraestructura social
B2: Versión: 1 de 21 de agosto de 2025
E7: INDERCAS
E9: ADECUACION Y MANTENIMIENTO DE LA INFRAESTRUCTURA DEPORTIVA DEL ESTADIO SANTIAGO DE LAS ATALAYAS DEL MUNICIPIO DE YOPAL - DEPARTAMENTO DE CASANARE. | L9: VERSIÓN
L11: PÁGINA | M11: 1 | N11: DE | O11: 1
E13: ANALISIS DE PRECIOS UNITARIOS
L15: FECHA
M16: 18 | N16: 8 | O16: 2026
C19: DATOS ESPECÍFICOS
C20: ÍTEM | D20: DESCRIPCIÓN | M20: UNIDAD | O20: CANTIDAD
C21: =+'PRESUPUESTO PRIMER PROCESO'!C68 -> 3.9 | D21: =+'PRESUPUESTO PRIMER PROCESO'!G68 -> Ducha o regadera con brazo cromada. Suministro e Instalacion. | M21: =+'PRESUPUESTO PRIMER PROCESO'!H68 -> UND | O21: =+'PRESUPUESTO PRIMER PROCESO'!I68 -> 3
C22: I. EQUIPO
C25: DESCRIPCIÓN | J25: TIPO | L25: TARIFA/HORA | M25: RENDIMIENTO | O25: Vr. UNITARIO
C26: Herramienta menor 10% M.O. BB | J26: Eqp | L26: 4842 | M26: 0.3333 | O26: =ROUND(L26*M26,0) -> 1614
C29: SUBTOTAL $ | O29: =SUM(O26:O28) -> 1614
C30: II. MATERIALES
C33: DESCRIPCIÓN | K33: UNIDAD | L33: CANTIDAD | M33: PRECIO UNIT. | O33: Vr. UNITARIO
C34: Regadera y/o ducha con brazo dalia o nogal | K34: und | L34: 1 | M34: 56414 | O34: =ROUND(L34*M34,0) -> 56414
C45: SUBTOTAL $ | O45: =SUM(O34:O44) -> 56414
C46: III. TRANSPORTES
C48: MATERIAL | J48: VOL. o PESO | K48: DISTANCIA | L48: M3 o Ton/Km | M48: TARIFA | O48: Vr. UNITARIO
C51: SUBTOTAL $ | O51: =SUM(O49:O50) -> 0
C52: IV. MANO DE OBRA
C54: TRABAJADOR | J54: JORNAL | K54: PRESTACIONES | L54: JORNAL TOTAL | M54: RENDIMIENTO | O54: Vr. UNITARIO
C55: Cuadrilla BB (Instalaciones) | J55: h | K55: 48421 | M55: 0.3333 | O55: =ROUND(K55*M55,0) -> 16139
C59: SUBTOTAL $ | O59: =SUM(O55:O58) -> 16139
C61: TOTAL COSTO DIRECTO $ | O61: =ROUND(O29+O45+O59+O51,0) -> 74167
C62: V. COSTOS INDIRECTOS
C63: Descripción | L63: Porcentaje | M63: Valor Total
C64: ADMINISTRACION | L64: 0.27 | M64: =O61 -> 74167 | O64: =ROUND(M64*L64,0) -> 20025
C65: IMPREVISTOS | L65: 0.02 | M65: =O61 -> 74167 | O65: =ROUND(M65*L65,0) -> 1483
C66: UTILIDAD | L66: 0.05 | M66: =O61 -> 74167 | O66: =ROUND(M66*L66,0) -> 3708
C67: SUBTOTAL $ | O67: =ROUND(SUM(O64:O66),2) -> 25216
C69: Precio Unitario Total Aproximado al peso $ | O69: =ROUND(O61+O67,2) -> 99383
H72: Firma
H73: Nombre: YOHANA GONZALEZ CEPEDA
H74: Profesional Contratado OAP
H75: Matricula No. :15202-278440 BYC
C77: OBSERVACIONES INTERVENTORÍA O SUPERVISIÓN
C82: APROBACIÓN POR INTERVENTORÍA O SUPERVISIÓN
C83: Nota 1: Cuando se trate de Análisis de precios unitarios correspondientes a ítems de la propuesta económica aprobada, el interventor o supervisor aprueba el desglose de los componentes manteniendo el mismo precio unitario de cada ítem, cumpliendo con las especificaciones de construcción vigentes para el proyecto.
C85: Nota 2: Cuando se trate de Análisis de precios unitarios de ítems no previstos, el interventor o supervisor aprueba el desglose y precio unitario de cada ítem no previsto, exigiendo la aplicación de los costos correspondientes a insumos y tarifas de la propuesta económica inicial cuando estén contemplados, cumpliendo con las especificaciones de construcción vigente para el proyecto.
H87: Firma
H88: Nombre:
H89: Representante Legal del Interventor o su apoderado o firma del supervisor
H90: Matricula No. :

Sheet APU 3.10
B1: Formulario 1 - Propuesta económica - Documento tipo de mínima cuantía de obra pública de infraestructura social
B2: Versión: 1 de 21 de agosto de 2025
E7: INDERCAS
E9: ADECUACION Y MANTENIMIENTO DE LA INFRAESTRUCTURA DEPORTIVA DEL ESTADIO SANTIAGO DE LAS ATALAYAS DEL MUNICIPIO DE YOPAL - DEPARTAMENTO DE CASANARE. | L9: VERSIÓN
L11: PÁGINA | M11: 1 | N11: DE | O11: 1
E13: ANALISIS DE PRECIOS UNITARIOS
L15: FECHA
M16: 18 | N16: 8 | O16: 2026
C19: DATOS ESPECÍFICOS
C20: ÍTEM | D20: DESCRIPCIÓN | M20: UNIDAD | O20: CANTIDAD
C21: =+'PRESUPUESTO PRIMER PROCESO'!C69 -> 3.10 | D21: =+'PRESUPUESTO PRIMER PROCESO'!G69 -> Division para ducha en acrílico y aluminio | M21: =+'PRESUPUESTO PRIMER PROCESO'!H69 -> M2 | O21: =+'PRESUPUESTO PRIMER PROCESO'!I69 -> 10.9994
C22: I. EQUIPO
C25: DESCRIPCIÓN | J25: TIPO | L25: TARIFA/HORA | M25: RENDIMIENTO | O25: Vr. UNITARIO
C26: Herramienta menor 10% M.O. BB | J26: Eqp | L26: 4842 | M26: 1 | O26: =ROUND(L26*M26,0) -> 4842
C29: SUBTOTAL $ | O29: =SUM(O26:O28) -> 4842
C30: II. MATERIALES
C33: DESCRIPCIÓN | K33: UNIDAD | L33: CANTIDAD | M33: PRECIO UNIT. | O33: Vr. UNITARIO
C34: División para ducha en acrílico y aluminio | K34: m2 | L34: 1 | M34: 135000 | O34: =ROUND(M34*L34,0) -> 135000
C45: SUBTOTAL $ | O45: =SUM(O34:O44) -> 135000
C46: III. TRANSPORTES
C48: MATERIAL | J48: VOL. o PESO | K48: DISTANCIA | L48: M3 o Ton/Km | M48: TARIFA | O48: Vr. UNITARIO
C51: SUBTOTAL $ | O51: =SUM(O49:O50) -> 0
C52: IV. MANO DE OBRA
C54: TRABAJADOR | J54: JORNAL | K54: PRESTACIONES | L54: JORNAL TOTAL | M54: RENDIMIENTO | O54: Vr. UNITARIO
C55: Cuadrilla BB (Instalaciones) | J55: h | K55: 48421 | M55: 0.6 | O55: =ROUND(K55*M55,0) -> 29053
C59: SUBTOTAL $ | O59: =SUM(O55:O58) -> 29053
C61: TOTAL COSTO DIRECTO $ | O61: =ROUND(O29+O45+O59+O51,0) -> 168895
C62: V. COSTOS INDIRECTOS
C63: Descripción | L63: Porcentaje | M63: Valor Total
C64: ADMINISTRACION | L64: 0.27 | M64: =O61 -> 168895 | O64: =ROUND(M64*L64,0) -> 45602
C65: IMPREVISTOS | L65: 0.02 | M65: =O61 -> 168895 | O65: =ROUND(M65*L65,0) -> 3378
C66: UTILIDAD | L66: 0.05 | M66: =O61 -> 168895 | O66: =ROUND(M66*L66,0) -> 8445
C67: SUBTOTAL $ | O67: =ROUND(SUM(O64:O66),2) -> 57425
C69: Precio Unitario Total Aproximado al peso $ | O69: =ROUND(O61+O67,2) -> 226320
H72: Firma
H73: Nombre: YOHANA GONZALEZ CEPEDA
H74: Profesional Contratado OAP
H75: Matricula No. :15202-278440 BYC
C77: OBSERVACIONES INTERVENTORÍA O SUPERVISIÓN
C82: APROBACIÓN POR INTERVENTORÍA O SUPERVISIÓN
C83: Nota 1: Cuando se trate de Análisis de precios unitarios correspondientes a ítems de la propuesta económica aprobada, el interventor o supervisor aprueba el desglose de los componentes manteniendo el mismo precio unitario de cada ítem, cumpliendo con las especificaciones de construcción vigentes para el proyecto.
C85: Nota 2: Cuando se trate de Análisis de precios unitarios de ítems no previstos, el interventor o supervisor aprueba el desglose y precio unitario de cada ítem no previsto, exigiendo la aplicación de los costos correspondientes a insumos y tarifas de la propuesta económica inicial cuando estén contemplados, cumpliendo con las especificaciones de construcción vigente para el proyecto.
H87: Firma
H88: Nombre:
H89: Representante Legal del Interventor o su apoderado o firma del supervisor
H90: Matricula No. :

Sheet APU 3.11
B1: Formulario 1 - Propuesta económica - Documento tipo de mínima cuantía de obra pública de infraestructura social
B2: Versión: 1 de 21 de agosto de 2025
E7: INDERCAS
E9: ADECUACION Y MANTENIMIENTO DE LA INFRAESTRUCTURA DEPORTIVA DEL ESTADIO SANTIAGO DE LAS ATALAYAS DEL MUNICIPIO DE YOPAL - DEPARTAMENTO DE CASANARE. | L9: VERSIÓN
L11: PÁGINA | M11: 1 | N11: DE | O11: 1
E13: ANALISIS DE PRECIOS UNITARIOS
L15: FECHA
M16: 18 | N16: 8 | O16: 2026
C19: DATOS ESPECÍFICOS
C20: ÍTEM | D20: DESCRIPCIÓN | M20: UNIDAD | O20: CANTIDAD
C21: =+'PRESUPUESTO PRIMER PROCESO'!C70 -> 3.11 | D21: =+'PRESUPUESTO PRIMER PROCESO'!G70 -> Registro ducha paso de bola en Punto hidraulico para ducha incluye griferia und 225,160.00 registro bola de 1/2 en bronce con accesorio sin ducha. Suministro e Instalacion | M21: =+'PRESUPUESTO PRIMER PROCESO'!H70 -> UND | O21: =+'PRESUPUESTO PRIMER PROCESO'!I70 -> 3
C22: I. EQUIPO
C25: DESCRIPCIÓN | J25: TIPO | L25: TARIFA/HORA | M25: RENDIMIENTO | O25: Vr. UNITARIO
C26: Herramienta menor 10% M.O. BB | J26: Eqp | L26: 4842 | M26: 2.5 | O26: =ROUND(L26*M26,0) -> 12105
C29: SUBTOTAL $ | O29: =SUM(O26:O28) -> 12105
C30: II. MATERIALES
C33: DESCRIPCIÓN | K33: UNIDAD | L33: CANTIDAD | M33: PRECIO UNIT. | O33: Vr. UNITARIO
C34: Adaptador macho presión PVC 1/2" | K34: und | L34: 3 | M34: 617 | O34: =ROUND(L34*M34,0) -> 1851
C35: Cinta teflon 3/4" x 10 m | K35: und | L35: 0.2 | M35: 4633 | O35: =ROUND(L35*M35,0) -> 927
C36: Codo 90° presion PVC 1/2" | K36: und | L36: 1 | M36: 894 | O36: =ROUND(L36*M36,0) -> 894
C37: Codo H.G. 90° Ø 1/2" | K37: und | L37: 1 | M37: 2294 | O37: =ROUND(L37*M37,0) -> 2294
C38: Limpiador liquido PVC 1/4 gl o 760 gr | K38: und | L38: 0.0019 | M38: 72440 | O38: =ROUND(L38*M38,0) -> 138
C39: Registro ducha paso de bola en bronce 1/2" (helvetia, bola cruceta, manija, paso palanca) | K39: und | L39: 1 | M39: 77486 | O39: =ROUND(L39*M39,0) -> 77486
C40: Soldadura liquida PVC 1/4 gl | K40: und | L40: 0.0016 | M40: 150290 | O40: =ROUND(L40*M40,0) -> 240
C41: Tubo presion RDE 13.5 PVC 1/2 " | K41: m | L41: 2 | M41: 4086 | O41: =ROUND(L41*M41,0) -> 8172
C45: SUBTOTAL $ | O45: =SUM(O34:O44) -> 92002
C46: III. TRANSPORTES
C48: MATERIAL | J48: VOL. o PESO | K48: DISTANCIA | L48: M3 o Ton/Km | M48: TARIFA | O48: Vr. UNITARIO
C51: SUBTOTAL $ | O51: =SUM(O49:O50) -> 0
C52: IV. MANO DE OBRA
C54: TRABAJADOR | J54: JORNAL | K54: PRESTACIONES | L54: JORNAL TOTAL | M54: RENDIMIENTO | O54: Vr. UNITARIO
C55: Cuadrilla BB (Instalaciones) | J55: h | K55: 48421 | M55: 2.5 | O55: =ROUND(K55*M55,0) -> 121053
C59: SUBTOTAL $ | O59: =SUM(O55:O58) -> 121053
C61: TOTAL COSTO DIRECTO $ | O61: =ROUND(O29+O45+O59+O51,0) -> 225160
C62: V. COSTOS INDIRECTOS
C63: Descripción | L63: Porcentaje | M63: Valor Total
C64: ADMINISTRACION | L64: 0.27 | M64: =O61 -> 225160 | O64: =ROUND(M64*L64,0) -> 60793
C65: IMPREVISTOS | L65: 0.02 | M65: =O61 -> 225160 | O65: =ROUND(M65*L65,0) -> 4503
C66: UTILIDAD | L66: 0.05 | M66: =O61 -> 225160 | O66: =ROUND(M66*L66,0) -> 11258
C67: SUBTOTAL $ | O67: =ROUND(SUM(O64:O66),2) -> 76554
C69: Precio Unitario Total Aproximado al peso $ | O69: =ROUND(O61+O67,2) -> 301714
H72: Firma
H73: Nombre: YOHANA GONZALEZ CEPEDA
H74: Profesional Contratado OAP
H75: Matricula No. :15202-278440 BYC
C77: OBSERVACIONES INTERVENTORÍA O SUPERVISIÓN
C82: APROBACIÓN POR INTERVENTORÍA O SUPERVISIÓN
C83: Nota 1: Cuando se trate de Análisis de precios unitarios correspondientes a ítems de la propuesta económica aprobada, el interventor o supervisor aprueba el desglose de los componentes manteniendo el mismo precio unitario de cada ítem, cumpliendo con las especificaciones de construcción vigentes para el proyecto.
C85: Nota 2: Cuando se trate de Análisis de precios unitarios de ítems no previstos, el interventor o supervisor aprueba el desglose y precio unitario de cada ítem no previsto, exigiendo la aplicación de los costos correspondientes a insumos y tarifas de la propuesta económica inicial cuando estén contemplados, cumpliendo con las especificaciones de construcción vigente para el proyecto.
H87: Firma
H88: Nombre:
H89: Representante Legal del Interventor o su apoderado o firma del supervisor
H90: Matricula No. :

Sheet APU3.12
B1: Formulario 1 - Propuesta económica - Documento tipo de mínima cuantía de obra pública de infraestructura social
B2: Versión: 1 de 21 de agosto de 2025
E7: INDERCAS
E9: ADECUACION Y MANTENIMIENTO DE LA INFRAESTRUCTURA DEPORTIVA DEL ESTADIO SANTIAGO DE LAS ATALAYAS DEL MUNICIPIO DE YOPAL - DEPARTAMENTO DE CASANARE. | L9: VERSIÓN
L11: PÁGINA | M11: 1 | N11: DE | O11: 1
E13: ANALISIS DE PRECIOS UNITARIOS
L15: FECHA
M16: 18 | N16: 8 | O16: 2026
C19: DATOS ESPECÍFICOS
C20: ÍTEM | D20: DESCRIPCIÓN | M20: UNIDAD | O20: CANTIDAD
C21: =+'PRESUPUESTO PRIMER PROCESO'!C71 -> 3.12 | D21: =+'PRESUPUESTO PRIMER PROCESO'!G71 -> Division baños en acero inoxidable Cal 18. Suministro e Instal. | M21: =+'PRESUPUESTO PRIMER PROCESO'!H71 -> M2 | O21: =+'PRESUPUESTO PRIMER PROCESO'!I71 -> 9.17
C22: I. EQUIPO
C25: DESCRIPCIÓN | J25: TIPO | L25: TARIFA/HORA | M25: RENDIMIENTO | O25: Vr. UNITARIO
C26: Herramienta menor 10% M.O. HH | J26: Eqp | L26: 7816 | M26: 1.8 | O26: =ROUND(L26*M26,0) -> 14069
C29: SUBTOTAL $ | O29: =SUM(O26:O28) -> 14069
C30: II. MATERIALES
C33: DESCRIPCIÓN | K33: UNIDAD | L33: CANTIDAD | M33: PRECIO UNIT. | O33: Vr. UNITARIO
C34: Divisiones sanitarias a piso 1600 - acero inoxidable Cal 18 | K34: m2 | L34: 1 | M34: 930000 | O34: =ROUND(M34*L34,0) -> 930000
C45: SUBTOTAL $ | O45: =SUM(O34:O44) -> 930000
C46: III. TRANSPORTES
C48: MATERIAL | J48: VOL. o PESO | K48: DISTANCIA | L48: M3 o Ton/Km | M48: TARIFA | O48: Vr. UNITARIO
C49: Transporte de materiales - t | J49: 0.66 | M49: 3858 | O49: =ROUND(M49*J49,0) -> 2546
C51: SUBTOTAL $ | O51: =SUM(O49:O50) -> 2546
C52: IV. MANO DE OBRA
C54: TRABAJADOR | J54: JORNAL | K54: PRESTACIONES | L54: JORNAL TOTAL | M54: RENDIMIENTO | O54: Vr. UNITARIO
C55: Cuadrilla HH (Metalicas) | J55: h | K55: 78157 | M55: 1.8 | O55: =ROUND(K55*M55,0) -> 140683
C59: SUBTOTAL $ | O59: =SUM(O55:O58) -> 140683
C61: TOTAL COSTO DIRECTO $ | O61: =ROUND(O29+O45+O59+O51,0) -> 1087298
C62: V. COSTOS INDIRECTOS
C63: Descripción | L63: Porcentaje | M63: Valor Total
C64: ADMINISTRACION | L64: 0.27 | M64: =O61 -> 1087298 | O64: =ROUND(M64*L64,0) -> 293570
C65: IMPREVISTOS | L65: 0.02 | M65: =O61 -> 1087298 | O65: =ROUND(M65*L65,0) -> 21746
C66: UTILIDAD | L66: 0.05 | M66: =O61 -> 1087298 | O66: =ROUND(M66*L66,0) -> 54365
C67: SUBTOTAL $ | O67: =ROUND(SUM(O64:O66),2) -> 369681
C69: Precio Unitario Total Aproximado al peso $ | O69: =ROUND(O61+O67,2) -> 1456979
H72: Firma
H73: Nombre: YOHANA GONZALEZ CEPEDA
H74: Profesional Contratado OAP
H75: Matricula No. :15202-278440 BYC
C77: OBSERVACIONES INTERVENTORÍA O SUPERVISIÓN
C81: APROBACIÓN POR INTERVENTORÍA O SUPERVISIÓN
C82: Nota 1: Cuando se trate de Análisis de precios unitarios correspondientes a ítems de la propuesta económica aprobada, el interventor o supervisor aprueba el desglose de los componentes manteniendo el mismo precio unitario de cada ítem, cumpliendo con las especificaciones de construcción vigentes para el proyecto.
C84: Nota 2: Cuando se trate de Análisis de precios unitarios de ítems no previstos, el interventor o supervisor aprueba el desglose y precio unitario de cada ítem no previsto, exigiendo la aplicación de los costos correspondientes a insumos y tarifas de la propuesta económica inicial cuando estén contemplados, cumpliendo con las especificaciones de construcción vigente para el proyecto.
H87: Firma
H88: Nombre:
H89: Representante Legal del Interventor o su apoderado o firma del supervisor
H90: Matricula No. :

Sheet APU3.13
B1: Formulario 1 - Propuesta económica - Documento tipo de mínima cuantía de obra pública de infraestructura social
B2: Versión: 1 de 21 de agosto de 2025
E7: INDERCAS
E9: ADECUACION Y MANTENIMIENTO DE LA INFRAESTRUCTURA DEPORTIVA DEL ESTADIO SANTIAGO DE LAS ATALAYAS DEL MUNICIPIO DE YOPAL - DEPARTAMENTO DE CASANARE. | L9: VERSIÓN
L11: PÁGINA | M11: 1 | N11: DE | O11: 1
E13: ANALISIS DE PRECIOS UNITARIOS
L15: FECHA
M16: 18 | N16: 8 | O16: 2026
C19: DATOS ESPECÍFICOS
C20: ÍTEM | D20: DESCRIPCIÓN | M20: UNIDAD | O20: CANTIDAD
C21: =+'PRESUPUESTO PRIMER PROCESO'!C73 -> 3.13 | D21: =+'PRESUPUESTO PRIMER PROCESO'!G73 -> Salida para iluminacion en techo, incluye tuberia PVC conduit 1/2", cable de cobre THWN N° 12, accesorios, cajas de paso | M21: =+'PRESUPUESTO PRIMER PROCESO'!H73 -> und | O21: =+'PRESUPUESTO PRIMER PROCESO'!I73 -> 34
C22: I. EQUIPO
C25: DESCRIPCIÓN | J25: TIPO | L25: TARIFA/HORA | M25: RENDIMIENTO | O25: Vr. UNITARIO
C26: Herramienta menor 10% M.O. FF Elec | J26: Eqp | L26: 6395 | M26: 1 | O26: =ROUND(L26*M26,0) -> 6395
C29: SUBTOTAL $ | O29: =SUM(O26:O28) -> 6395
C30: II. MATERIALES
C33: DESCRIPCIÓN | K33: UNIDAD | L33: CANTIDAD | M33: PRECIO UNIT. | O33: Vr. UNITARIO
C34: Adaptador terminal conduit 1/2" | K34: und | L34: 2 | M34: 554 | O34: =ROUND(L34*M34,0) -> 1108
C35: Cable de cobre 12 - AWG THHN/THWN-2 600 V 90°C | K35: m | L35: 14 | M35: 2881 | O35: =ROUND(L35*M35,0) -> 40334
C36: Caja PVC octagonal | K36: und | L36: 1 | M36: 3427 | O36: =ROUND(L36*M36,0) -> 3427
C37: Conector terminal tipo resorte No 12 | K37: und | L37: 3 | M37: 496 | O37: =ROUND(L37*M37,0) -> 1488
C38: Limpiador liquido PVC 1/4 gl o 760 gr | K38: und | L38: 0.01 | M38: 72440 | O38: =ROUND(L38*M38,0) -> 724
C39: Soldadura liquida PVC 1/4 gl | K39: und | L39: 0.01 | M39: 150290 | O39: =ROUND(L39*M39,0) -> 1503
C40: Tornillo galvanizado para lamina #12x1/2" | K40: und | L40: 1 | M40: 30 | O40: =ROUND(L40*M40,0) -> 30
C41: Tubo conduit PVC 1/2" | K41: m | L41: 4.5 | M41: 2986 | O41: =ROUND(L41*M41,0) -> 13437
C45: SUBTOTAL $ | O45: =SUM(O34:O44) -> 62051
C46: III. TRANSPORTES
C48: MATERIAL | J48: VOL. o PESO | K48: DISTANCIA | L48: M3 o Ton/Km | M48: TARIFA | O48: Vr. UNITARIO
C51: SUBTOTAL $ | O51: =SUM(O49:O50) -> 0
C52: IV. MANO DE OBRA
C54: TRABAJADOR | J54: JORNAL | K54: PRESTACIONES | L54: JORNAL TOTAL | M54: RENDIMIENTO | O54: Vr. UNITARIO
C55: Cuadrilla FF (Electrica) | J55: h | K55: 63953 | M55: 1 | O55: =ROUND(K55*M55,0) -> 63953
C59: SUBTOTAL $ | O59: =SUM(O55:O58) -> 63953
C61: TOTAL COSTO DIRECTO $ | O61: =ROUND(O29+O45+O59+O51,0) -> 132399
C62: V. COSTOS INDIRECTOS
C63: Descripción | L63: Porcentaje | M63: Valor Total
C64: ADMINISTRACION | L64: 0.27 | M64: =O61 -> 132399 | O64: =ROUND(M64*L64,0) -> 35748
C65: IMPREVISTOS | L65: 0.02 | M65: =O61 -> 132399 | O65: =ROUND(M65*L65,0) -> 2648
C66: UTILIDAD | L66: 0.05 | M66: =O61 -> 132399 | O66: =ROUND(M66*L66,0) -> 6620
C67: SUBTOTAL $ | O67: =ROUND(SUM(O64:O66),2) -> 45016
C69: Precio Unitario Total Aproximado al peso $ | O69: =ROUND(O61+O67,2) -> 177415
H72: Firma
H73: Nombre: YOHANA GONZALEZ CEPEDA
H74: Profesional Contratado OAP
H75: Matricula No. :15202-278440 BYC
C77: OBSERVACIONES INTERVENTORÍA O SUPERVISIÓN
C82: APROBACIÓN POR INTERVENTORÍA O SUPERVISIÓN
C83: Nota 1: Cuando se trate de Análisis de precios unitarios correspondientes a ítems de la propuesta económica aprobada, el interventor o supervisor aprueba el desglose de los componentes manteniendo el mismo precio unitario de cada ítem, cumpliendo con las especificaciones de construcción vigentes para el proyecto.
C85: Nota 2: Cuando se trate de Análisis de precios unitarios de ítems no previstos, el interventor o supervisor aprueba el desglose y precio unitario de cada ítem no previsto, exigiendo la aplicación de los costos correspondientes a insumos y tarifas de la propuesta económica inicial cuando estén contemplados, cumpliendo con las especificaciones de construcción vigente para el proyecto.
H87: Firma
H88: Nombre:
H89: Representante Legal del Interventor o su apoderado o firma del supervisor
H90: Matricula No. :

Sheet APU3.14
B1: Formulario 1 - Propuesta económica - Documento tipo de mínima cuantía de obra pública de infraestructura social
B2: Versión: 1 de 21 de agosto de 2025
E7: INDERCAS
E9: ADECUACION Y MANTENIMIENTO DE LA INFRAESTRUCTURA DEPORTIVA DEL ESTADIO SANTIAGO DE LAS ATALAYAS DEL MUNICIPIO DE YOPAL - DEPARTAMENTO DE CASANARE. | L9: VERSIÓN
L11: PÁGINA | M11: 1 | N11: DE | O11: 1
E13: ANALISIS DE PRECIOS UNITARIOS
L15: FECHA
M16: 18 | N16: 8 | O16: 2026
C19: DATOS ESPECÍFICOS
C20: ÍTEM | D20: DESCRIPCIÓN | M20: UNIDAD | O20: CANTIDAD
C21: =+'PRESUPUESTO PRIMER PROCESO'!C74 -> 3.14 | D21: =+'PRESUPUESTO PRIMER PROCESO'!G74 -> Luminaria tipo led hermética IP65, 2x18W, 3200 lm, Incluye: cable encauchetado 3x16 AWG, clavija de caucho y elementos de fijación. Suministro e instalacion | M21: =+'PRESUPUESTO PRIMER PROCESO'!H74 -> und | O21: =+'PRESUPUESTO PRIMER PROCESO'!I74 -> 32
C22: I. EQUIPO
C25: DESCRIPCIÓN | J25: TIPO | L25: TARIFA/HORA | M25: RENDIMIENTO | O25: Vr. UNITARIO
C26: Herramienta menor 10% M.O. FF Elec | J26: Eqp | L26: 6395 | M26: 0.5 | O26: =ROUND(L26*M26,0) -> 3198
C29: SUBTOTAL $ | O29: =SUM(O26:O28) -> 3198
C30: II. MATERIALES
C33: DESCRIPCIÓN | K33: UNIDAD | L33: CANTIDAD | M33: PRECIO UNIT. | O33: Vr. UNITARIO
C34: Cable de cobre encauchetado 3 x 16 AWG | K34: m | L34: 1.5 | M34: 5257 | O34: =ROUND(L34*M34,0) -> 7886
C35: Clavija de caucho | K35: und | L35: 1 | M35: 5853 | O35: =ROUND(L35*M35,0) -> 5853
C36: Conector terminal tipo resorte No 12 | K36: und | L36: 3 | M36: 496 | O36: =ROUND(L36*M36,0) -> 1488
C37: Luminaria led hermética 2x18W, 3200 lm | K37: und | L37: 1 | M37: 79748 | O37: =ROUND(L37*M37,0) -> 79748
C38: Kits guayas para colgar lampara Led | K38: und | L38: 1 | M38: 15500 | O38: =ROUND(L38*M38,0) -> 15500
C45: SUBTOTAL $ | O45: =SUM(O34:O44) -> 110475
C46: III. TRANSPORTES
C48: MATERIAL | J48: VOL. o PESO | K48: DISTANCIA | L48: M3 o Ton/Km | M48: TARIFA | O48: Vr. UNITARIO
C49: Transporte de materiales - t | J49: 0.005 | M49: 3858 | O49: =ROUND(M49*J49,0) -> 19
C51: SUBTOTAL $ | O51: =SUM(O49:O50) -> 19
C52: IV. MANO DE OBRA
C54: TRABAJADOR | J54: JORNAL | K54: PRESTACIONES | L54: JORNAL TOTAL | M54: RENDIMIENTO | O54: Vr. UNITARIO
C55: Cuadrilla FF (Electrica) | J55: h | K55: 63953 | M55: 0.5 | O55: =ROUND(K55*M55,0) -> 31977
C59: SUBTOTAL $ | O59: =SUM(O55:O58) -> 31977
C61: TOTAL COSTO DIRECTO $ | O61: =ROUND(O29+O45+O59+O51,0) -> 145669
C62: V. COSTOS INDIRECTOS
C63: Descripción | L63: Porcentaje | M63: Valor Total
C64: ADMINISTRACION | L64: 0.27 | M64: =O61 -> 145669 | O64: =ROUND(M64*L64,0) -> 39331
C65: IMPREVISTOS | L65: 0.02 | M65: =O61 -> 145669 | O65: =ROUND(M65*L65,0) -> 2913
C66: UTILIDAD | L66: 0.05 | M66: =O61 -> 145669 | O66: =ROUND(M66*L66,0) -> 7283
C67: SUBTOTAL $ | O67: =ROUND(SUM(O64:O66),2) -> 49527
C69: Precio Unitario Total Aproximado al peso $ | O69: =ROUND(O61+O67,2) -> 195196
H72: Firma
H73: Nombre: YOHANA GONZALEZ CEPEDA
H74: Profesional Contratado OAP
H75: Matricula No. :15202-278440 BYC
C77: OBSERVACIONES INTERVENTORÍA O SUPERVISIÓN
C82: APROBACIÓN POR INTERVENTORÍA O SUPERVISIÓN
C83: Nota 1: Cuando se trate de Análisis de precios unitarios correspondientes a ítems de la propuesta económica aprobada, el interventor o supervisor aprueba el desglose de los componentes manteniendo el mismo precio unitario de cada ítem, cumpliendo con las especificaciones de construcción vigentes para el proyecto.
C85: Nota 2: Cuando se trate de Análisis de precios unitarios de ítems no previstos, el interventor o supervisor aprueba el desglose y precio unitario de cada ítem no previsto, exigiendo la aplicación de los costos correspondientes a insumos y tarifas de la propuesta económica inicial cuando estén contemplados, cumpliendo con las especificaciones de construcción vigente para el proyecto.
H87: Firma
H88: Nombre:
H89: Representante Legal del Interventor o su apoderado o firma del supervisor
H90: Matricula No. :

Sheet APU 4.1
B1: Formulario 1 - Propuesta económica - Documento tipo de mínima cuantía de obra pública de infraestructura social
B2: Versión: 1 de 21 de agosto de 2025
E7: INDERCAS
E9: ADECUACION Y MANTENIMIENTO DE LA INFRAESTRUCTURA DEPORTIVA DEL ESTADIO SANTIAGO DE LAS ATALAYAS DEL MUNICIPIO DE YOPAL - DEPARTAMENTO DE CASANARE. | L9: VERSIÓN
L11: PÁGINA | M11: 1 | N11: DE | O11: 1
E13: ANALISIS DE PRECIOS UNITARIOS
L15: FECHA
M16: 18 | N16: 8 | O16: 2026
C19: DATOS ESPECÍFICOS
C20: ÍTEM | D20: DESCRIPCIÓN | M20: UNIDAD | O20: CANTIDAD
C21: =+'PRESUPUESTO PRIMER PROCESO'!C78 -> 4.1 | D21: =+'PRESUPUESTO PRIMER PROCESO'!G78 -> Mantenimiento equipo de presion con bomba de 10 hp y tanque hidroacumulador Hi-press de 500 lts, que incluye: Cambio valvula pie 2", cambio presostato, mantenimiento, mantenimiento electrobomba 10 hp (Cambio rodamientos, cambio sello mecanico, inspeccion bornera de conexion), cambio accesorios conexion entre bomba y tanque, revision tablero de control (Ajuste de conexiones para evitar puntos calientes), drenaje de tanque hidroacumulador, inspeccion de cargador | M21: =+'PRESUPUESTO PRIMER PROCESO'!H78 -> und | O21: =+'PRESUPUESTO PRIMER PROCESO'!I78 -> 1
C22: I. EQUIPO
C25: DESCRIPCIÓN | J25: TIPO | L25: TARIFA/HORA | M25: RENDIMIENTO | O25: Vr. UNITARIO
J26: Eqp | O26: =ROUND(L26*M26,0) -> 0
C29: SUBTOTAL $ | O29: =SUM(O26:O28) -> 0
C30: II. MATERIALES
C33: DESCRIPCIÓN | K33: UNIDAD | L33: CANTIDAD | M33: PRECIO UNIT. | O33: Vr. UNITARIO
C34: =+D21 -> Mantenimiento equipo de presion con bomba de 10 hp y tanque hidroacumulador Hi-press de 500 lts, que incluye: Cambio valvula pie 2", cambio presostato, mantenimiento, mantenimiento electrobomba 10 hp (Cambio rodamientos, cambio sello mecanico, inspeccion bornera de conexion), cambio accesorios conexion entre bomba y tanque, revision tablero de control (Ajuste de conexiones para evitar puntos calientes), drenaje de tanque hidroacumulador, inspeccion de cargador | K34: und | L34: 1 | M34: 3000000 | O34: =ROUND(L34*M34,0) -> 3000000
C45: SUBTOTAL $ | O45: =SUM(O34:O44) -> 3000000
C46: III. TRANSPORTES
C48: MATERIAL | J48: VOL. o PESO | K48: DISTANCIA | L48: M3 o Ton/Km | M48: TARIFA | O48: Vr. UNITARIO
C51: SUBTOTAL $ | O51: =SUM(O49:O50) -> 0
C52: IV. MANO DE OBRA
C54: TRABAJADOR | J54: JORNAL | K54: PRESTACIONES | L54: JORNAL TOTAL | M54: RENDIMIENTO | O54: Vr. UNITARIO
C55: Cuadrilla CC (Pintura) (estucador y rematador) | J55: h | O55: =ROUND(K55*M55,0) -> 0
C59: SUBTOTAL $ | O59: =SUM(O55:O58) -> 0
C61: TOTAL COSTO DIRECTO $ | O61: =ROUND(O29+O45+O59+O51,0) -> 3000000
C62: V. COSTOS INDIRECTOS
C63: Descripción | L63: Porcentaje | M63: Valor Total
C64: IVA | L64: 0.19 | M64: =+O61 -> 3000000 | O64: =ROUND(M64*L64,0) -> 570000
C65: ADMINISTRACION | L65: 0.27 | O65: =ROUND(M65*L65,0) -> 0
C66: IMPREVISTOS | L66: 0.02 | O66: =ROUND(M66*L66,0) -> 0
C67: UTILIDAD | L67: 0.05 | O67: =ROUND(M67*L67,0) -> 0
C68: SUBTOTAL $ | O68: =+O64 -> 570000
C70: Precio Unitario Total Aproximado al peso $ | O70: =ROUND(O61+O68,2) -> 3570000
H73: Firma
H74: Nombre: YOHANA GONZALEZ CEPEDA
H75: Profesional Contratado OAP
H76: Matricula No. :15202-278440 BYC
C78: OBSERVACIONES INTERVENTORÍA O SUPERVISIÓN
C81: APROBACIÓN POR INTERVENTORÍA O SUPERVISIÓN
C82: Nota 1: Cuando se trate de Análisis de precios unitarios correspondientes a ítems de la propuesta económica aprobada, el interventor o supervisor aprueba el desglose de los componentes manteniendo el mismo precio unitario de cada ítem, cumpliendo con las especificaciones de construcción vigentes para el proyecto.
C84: Nota 2: Cuando se trate de Análisis de precios unitarios de ítems no previstos, el interventor o supervisor aprueba el desglose y precio unitario de cada ítem no previsto, exigiendo la aplicación de los costos correspondientes a insumos y tarifas de la propuesta económica inicial cuando estén contemplados, cumpliendo con las especificaciones de construcción vigente para el proyecto.
H86: Firma
H87: Nombre:
H88: Representante Legal del Interventor o su apoderado o firma del supervisor
H89: Matricula No. :

Sheet APU 4.2
B1: Formulario 1 - Propuesta económica - Documento tipo de mínima cuantía de obra pública de infraestructura social
B2: Versión: 1 de 21 de agosto de 2025
E7: INDERCAS
E9: ADECUACION Y MANTENIMIENTO DE LA INFRAESTRUCTURA DEPORTIVA DEL ESTADIO SANTIAGO DE LAS ATALAYAS DEL MUNICIPIO DE YOPAL - DEPARTAMENTO DE CASANARE. | L9: VERSIÓN
L11: PÁGINA | M11: 1 | N11: DE | O11: 1
E13: ANALISIS DE PRECIOS UNITARIOS
L15: FECHA
M16: 18 | N16: 8 | O16: 2026
C19: DATOS ESPECÍFICOS
C20: ÍTEM | D20: DESCRIPCIÓN | M20: UNIDAD | O20: CANTIDAD
C21: =+'PRESUPUESTO PRIMER PROCESO'!C79 -> 4.2 | D21: =+'PRESUPUESTO PRIMER PROCESO'!G79 -> Mantenimiento de pozo profundo que incluye: Extraccion equipo de bombeo con camion grua, aplicación de quimico desincrustante, lavado con compresor, revision de elementos, instalacion equipo de bombeo y puesta en funcionamiento: No incluye elementos que requieran cambio | M21: =+'PRESUPUESTO PRIMER PROCESO'!H79 -> und | O21: =+'PRESUPUESTO PRIMER PROCESO'!I79 -> 1
C22: I. EQUIPO
C25: DESCRIPCIÓN | J25: TIPO | L25: TARIFA/HORA | M25: RENDIMIENTO | O25: Vr. UNITARIO
J26: Eqp
C29: SUBTOTAL $ | O29: =SUM(O26:O28) -> 0
C30: II. MATERIALES
C33: DESCRIPCIÓN | K33: UNIDAD | L33: CANTIDAD | M33: PRECIO UNIT. | O33: Vr. UNITARIO
C34: =+D21 -> Mantenimiento de pozo profundo que incluye: Extraccion equipo de bombeo con camion grua, aplicación de quimico desincrustante, lavado con compresor, revision de elementos, instalacion equipo de bombeo y puesta en funcionamiento: No incluye elementos que requieran cambio | K34: =+'PRESUPUESTO PRIMER PROCESO'!H79 -> und | L34: =+'PRESUPUESTO PRIMER PROCESO'!I79 -> 1 | M34: =+ROUND(6666667.23,0) -> 6666667 | O34: =ROUND(L34*M34,0) -> 6666667
C45: SUBTOTAL $ | O45: =SUM(O34:O44) -> 6666667
C46: III. TRANSPORTES
C48: MATERIAL | J48: VOL. o PESO | K48: DISTANCIA | L48: M3 o Ton/Km | M48: TARIFA | O48: Vr. UNITARIO
C51: SUBTOTAL $ | O51: =SUM(O49:O50) -> 0
C52: IV. MANO DE OBRA
C54: TRABAJADOR | J54: JORNAL | K54: PRESTACIONES | L54: JORNAL TOTAL | M54: RENDIMIENTO | O54: Vr. UNITARIO
C55: Cuadrilla BB (Instalaciones)
C59: SUBTOTAL $ | O59: =SUM(O55:O58) -> 0
C61: TOTAL COSTO DIRECTO $ | O61: =ROUND(O29+O45+O59+O51,0) -> 6666667
C62: V. COSTOS INDIRECTOS
C63: Descripción | L63: Porcentaje | M63: Valor Total
C64: IVA | L64: 0.19 | M64: =+O61 -> 6666667 | O64: =ROUND(M64*L64,0) -> 1266667
C65: ADMINISTRACION | L65: 0.27
C66: IMPREVISTOS | L66: 0.02
C67: UTILIDAD | L67: 0.05
C68: SUBTOTAL $ | O68: =+O64 -> 1266667
C70: Precio Unitario Total Aproximado al peso $ | O70: =ROUND(O61+O68,2) -> 7933334
H73: Firma
H74: Nombre: YOHANA GONZALEZ CEPEDA
H75: Profesional Contratado OAP
H76: Matricula No. :15202-278440 BYC
C78: OBSERVACIONES INTERVENTORÍA O SUPERVISIÓN
C83: APROBACIÓN POR INTERVENTORÍA O SUPERVISIÓN
C84: Nota 1: Cuando se trate de Análisis de precios unitarios correspondientes a ítems de la propuesta económica aprobada, el interventor o supervisor aprueba el desglose de los componentes manteniendo el mismo precio unitario de cada ítem, cumpliendo con las especificaciones de construcción vigentes para el proyecto.
C86: Nota 2: Cuando se trate de Análisis de precios unitarios de ítems no previstos, el interventor o supervisor aprueba el desglose y precio unitario de cada ítem no previsto, exigiendo la aplicación de los costos correspondientes a insumos y tarifas de la propuesta económica inicial cuando estén contemplados, cumpliendo con las especificaciones de construcción vigente para el proyecto.
H88: Firma
H89: Nombre:
H90: Representante Legal del Interventor o su apoderado o firma del supervisor
H91: Matricula No. :

Sheet APU 4.3
B1: Formulario 1 - Propuesta económica - Documento tipo de mínima cuantía de obra pública de infraestructura social
B2: Versión: 1 de 21 de agosto de 2025
E7: INDERCAS
E9: ADECUACION Y MANTENIMIENTO DE LA INFRAESTRUCTURA DEPORTIVA DEL ESTADIO SANTIAGO DE LAS ATALAYAS DEL MUNICIPIO DE YOPAL - DEPARTAMENTO DE CASANARE. | L9: VERSIÓN
L11: PÁGINA | M11: 1 | N11: DE | O11: 1
E13: ANALISIS DE PRECIOS UNITARIOS
L15: FECHA
M16: 18 | N16: 8 | O16: 2026
C19: DATOS ESPECÍFICOS
C20: ÍTEM | D20: DESCRIPCIÓN | M20: UNIDAD | O20: CANTIDAD
C21: =+'PRESUPUESTO PRIMER PROCESO'!C80 -> 4.3 | D21: =+'PRESUPUESTO PRIMER PROCESO'!G80 -> Adecuacion tablero de control | M21: =+'PRESUPUESTO PRIMER PROCESO'!H80 -> und | O21: =+'PRESUPUESTO PRIMER PROCESO'!I80 -> 1
C22: I. EQUIPO
C25: DESCRIPCIÓN | J25: TIPO | L25: TARIFA/HORA | M25: RENDIMIENTO | O25: Vr. UNITARIO
J26: Eqp | O26: =ROUND(L26*M26,0) -> 0
C29: SUBTOTAL $ | O29: =SUM(O26:O28) -> 0
C30: II. MATERIALES
C33: DESCRIPCIÓN | K33: UNIDAD | L33: CANTIDAD | M33: PRECIO UNIT. | O33: Vr. UNITARIO
C34: =+D21 -> Adecuacion tablero de control | K34: und | L34: 1 | M34: 66667 | O34: =ROUND(L34*M34,0) -> 66667
C45: SUBTOTAL $ | O45: =SUM(O34:O44) -> 66667
C46: III. TRANSPORTES
C48: MATERIAL | J48: VOL. o PESO | K48: DISTANCIA | L48: M3 o Ton/Km | M48: TARIFA | O48: Vr. UNITARIO
C51: SUBTOTAL $ | O51: =SUM(O49:O50) -> 0
C52: IV. MANO DE OBRA
C54: TRABAJADOR | J54: JORNAL | K54: PRESTACIONES | L54: JORNAL TOTAL | M54: RENDIMIENTO | O54: Vr. UNITARIO
J55: h
C59: SUBTOTAL $ | O59: =SUM(O55:O58) -> 0
C61: TOTAL COSTO DIRECTO $ | O61: =ROUND(O29+O45+O59+O51,0) -> 66667
C62: V. COSTOS INDIRECTOS
C63: Descripción | L63: Porcentaje | M63: Valor Total
C64: IVA | L64: 0.19 | M64: =+O61 -> 66667 | O64: =ROUND(M64*L64,0) -> 12667
C65: ADMINISTRACION | L65: 0.27 | O65: =ROUND(M65*L65,0) -> 0
